Workbook
Name _AA100000: #REF!
Name _AA100000: #REF!
Name _Fill: #REF!
Name _Fill: #REF!
Name _LOC10: #REF!
Name _LOC10: #REF!
Name _LOC11: #REF!
Name _LOC11: #REF!
Name _LOC12: #REF!
Name _LOC12: #REF!
Name _LOC13: #REF!
Name _LOC14: #REF!
Name _LOC15: #REF!
Name _LOC16: #REF!
Name _LOC17: #REF!
Name _LOC18: #REF!
Name _LOC19: #REF!
Name _LOC2: #REF!
Name _LOC20: #REF!
Name _LOC21: #REF!
Name _LOC22: #REF!
Name _LOC23: #REF!
Name _LOC24: #REF!
Name _LOC25: #REF!
Name _LOC26: #REF!
Name _LOC27: #REF!
Name _LOC28: #REF!
Name _LOC29: #REF!
Name _LOC3: #REF!
Name _LOC30: #REF!
Name _LOC31: #REF!
Name _LOC32: #REF!
Name _LOC33: #REF!
Name _LOC34: #REF!
Name _LOC35: #REF!
Name _LOC36: #REF!
Name _LOC37: #REF!
Name _LOC38: #REF!
Name _LOC39: #REF!
Name _LOC4: #REF!
Name _LOC40: #REF!
Name _LOC41: #REF!
Name _LOC42: #REF!
Name _LOC5: #REF!
Name _LOC6: #REF!
Name _LOC7: #REF!
Name _LOC8: #REF!
Name _LOC9: #REF!
Name _R: #REF!
Name AAA: #REF!
Name AC: #REF!
Name AL: #REF!
Name Área_impressão_IM: #REF!
Name Área_impressão_IM: #REF!
Name B.01.05.10.10: #REF!
Name B.01.05.10.10: #REF!
Name CD: #REF!
Name CD: #REF!
Name CP: #REF!
Name CS: #REF!

Sheet ORC. A LICITAR
B1: 9
A2: PLANILHA DE ORÇAMENTO SINTÉTICO
I3: BDI | J3: ='DADOS GERAIS'!$B$22 -> Data:
A4: OBRA: | B4: Unidade Básica de Saúde - Porte 1 - UBS Leandro Ferreira | I4: ='BDI DESONERADO'!E35 -> 0.24518701 | J4: 45709
A6: ENDEREÇO: Rua Valentin Alves de Gois, S/N, Altino Quirino, Leandro Ferreira
A8: BANCOS: | B8: SBC (05/24), SBC (02/25), SBC (12/24), ORSE (12/24), SINAPI (01/25), SETOP (10/24), SICRO (10/24), IOPES (11/24), CPOS (11/24)
A10: ITEM | B10: CÓDIGO | C10: BANCO | D10: DESCRIÇÃO | E10: UND | F10: QUANT. | G10: VALOR UNIT | H10: VALOR UNIT C/BDI | I10: VALOR TOTAL | J10: Peso (%) | L10: BDI | M10: BDI TOTAL | N10: TOTAL SEM BDI
A12: 1 | D12: SERVIÇOS PRELIMINARES E INDIRETOS | I12: =SUM(I14:I18) -> 32741.83 | J12: =I12/$I$447 -> 0.016266761 | K12: =SUM(I12:I442) -> 4025611.4
A13: 1.1 | D13: CANTEIRO DE OBRAS | K13: =K12-I12-I19-I36-I66-I81-I91-I94-I125-I132-I140-I143-I149-I161-I163-I189-I304-I397-I411-I420-I432-I441 -> 2012805.7 | O13: =SUM(O14:O18) -> 32741.83
A14: 1.1.1 | B14: 95648 | C14: SINAPI | D14: KIT CAVALETE PARA MEDIÇÃO DE ÁGUA - ENTRADA INDIVIDUALIZADA, EM CPVC DN 28 MM (1"), PARA 1 MEDIDOR - FORNECIMENTO E INSTALAÇÃO (EXCLUSIVE HIDRÔMETRO). AF_03/2024 | E14: UN | F14: 1 | G14: 613.37 | H14: =TRUNC(G14+(G14*$I$4),2) -> 763.76 | I14: =TRUNC(H14*F14,2) -> 763.76 | J14: =I14/$I$447 -> 0.00037945044 | L14: =TRUNC(G14*$I$4,2) -> 150.39 | M14: =F14*L14 -> 150.39 | N14: =F14*G14 -> 613.37 | O14: =TRUNC(N14+M14,2) -> 763.76 | P14: =I14-O14 -> 0 | S14: =F14*G14 -> 613.37
A15: 1.1.2 | B15: 101509 | C15: SINAPI | D15: ENTRADA DE ENERGIA ELÉTRICA, AÉREA, TRIFÁSICA, COM CAIXA DE EMBUTIR, CABO DE 10 MM2 E DISJUNTOR DIN 50A (NÃO INCLUSO O POSTE DE CONCRETO). AF_07/2020_PS | E15: UN | F15: 1 | G15: 1967.73 | H15: =TRUNC(G15+(G15*$I$4),2) -> 2450.19 | I15: =TRUNC(H15*F15,2) -> 2450.19 | J15: =I15/$I$447 -> 0.0012173008 | L15: =TRUNC(G15*$I$4,2) -> 482.46 | M15: =F15*L15 -> 482.46 | N15: =F15*G15 -> 1967.73 | O15: =TRUNC(N15+M15,2) -> 2450.19 | P15: =I15-O15 -> 0 | S15: =F15*G15 -> 1967.73
A16: 1.1.3 | B16: 103689 | C16: SINAPI | D16: FORNECIMENTO E INSTALAÇÃO DE PLACA DE OBRA COM CHAPA GALVANIZADA E ESTRUTURA DE MADEIRA. AF_03/2022_PS | E16: M² | F16: 6 | G16: 498.89 | H16: =TRUNC(G16+(G16*$I$4),2) -> 621.21 | I16: =TRUNC(H16*F16,2) -> 3727.26 | J16: =I16/$I$447 -> 0.0018517734 | L16: =TRUNC(G16*$I$4,2) -> 122.32 | M16: =F16*L16 -> 733.92 | N16: =F16*G16 -> 2993.34 | O16: =TRUNC(N16+M16,2) -> 3727.26 | P16: =I16-O16 -> 0 | S16: =F16*G16 -> 2993.34
A17: 1.2 | D17: ADMINISTRAÇÃO LOCAL DA OBRA | L17: =TRUNC(G17*$I$4,2) -> 0 | M17: =F17*L17 -> 0 | N17: =F17*G17 -> 0 | O17: =TRUNC(N17+M17,2) -> 0 | P17: =I17-O17 -> 0 | S17: =F17*G17 -> 0
A18: 1.2.1 | B18: 93565 | C18: SINAPI | D18: ENGENHEIRO CIVIL DE OBRA JUNIOR COM ENCARGOS COMPLEMENTARES | E18: UN | F18: 1 | G18: 20720.28 | H18: =TRUNC(G18+(G18*$I$4),2) -> 25800.62 | I18: =TRUNC(H18*F18,2) -> 25800.62 | J18: =I18/$I$447 -> 0.012818237 | L18: =TRUNC(G18*$I$4,2) -> 5080.34 | M18: =F18*L18 -> 5080.34 | N18: =F18*G18 -> 20720.28 | O18: =TRUNC(N18+M18,2) -> 25800.62 | P18: =I18-O18 -> 0 | S18: =F18*G18 -> 20720.28
A19: 2 | D19: FUNDAÇÃO | I19: =SUM(I20:I35) -> 218124.07 | J19: =I19/$I$447 -> 0.10836817 | L19: =TRUNC(G19*$I$4,2) -> 0 | M19: =F19*L19 -> 0 | N19: =F19*G19 -> 0 | O19: =SUM(O20:O35) -> 218124.07 | P19: =I19-O19 -> 0 | S19: =F19*G19 -> 0
A20: 2.1 | B20: 99059 | C20: SINAPI | D20: LOCAÇÃO CONVENCIONAL DE OBRA, UTILIZANDO GABARITO DE TÁBUAS CORRIDAS PONTALETADAS A CADA 2,00M - 2 UTILIZAÇÕES. AF_03/2024 | E20: M | F20: 125 | G20: 69.89 | H20: =TRUNC(G20+(G20*$I$4),2) -> 87.02 | I20: =TRUNC(H20*F20,2) -> 10877.5 | J20: =I20/$I$447 -> 0.0054041481 | L20: =TRUNC(G20*$I$4,2) -> 17.13 | M20: =F20*L20 -> 2141.25 | N20: =F20*G20 -> 8736.25 | O20: =TRUNC(N20+M20,2) -> 10877.5 | P20: =I20-O20 -> 0 | S20: =F20*G20 -> 8736.25
A21: 2.2 | B21: 90100 | C21: SINAPI | D21: ESCAVAÇÃO MECANIZADA DE VALA COM PROF. ATÉ 1,5 M (MÉDIA MONTANTE E JUSANTE/UMA COMPOSIÇÃO POR TRECHO), RETROESCAV. (0,26 M3), LARG. DE 0,8 M A 1,5 M, EM SOLO DE 1A CATEGORIA, EM LOCAIS COM ALTO NÍVEL DE INTERFERÊNCIA. AF_02/2021 | E21: M³ | F21: 203.88 | G21: 13.56 | H21: =TRUNC(G21+(G21*$I$4),2) -> 16.88 | I21: =TRUNC(H21*F21,2) -> 3441.49 | J21: =I21/$I$447 -> 0.0017097974 | L21: =TRUNC(G21*$I$4,2) -> 3.32 | M21: =F21*L21 -> 676.8816 | N21: =F21*G21 -> 2764.6128 | O21: =TRUNC(N21+M21,2) -> 3441.49 | P21: =I21-O21 -> 0 | S21: =F21*G21 -> 2764.6128
A22: 2.3 | B22: 93358 | C22: SINAPI | D22: ESCAVAÇÃO MANUAL DE VALA COM PROFUNDIDADE MENOR OU IGUAL A 1,30 M. AF_02/2021 | E22: M³ | F22: 23.342 | G22: 82.75 | H22: =TRUNC(G22+(G22*$I$4),2) -> 103.03 | I22: =TRUNC(H22*F22,2) -> 2404.92 | J22: =I22/$I$447 -> 0.0011948098 | L22: =TRUNC(G22*$I$4,2) -> 20.28 | M22: =F22*L22 -> 473.37576 | N22: =F22*G22 -> 1931.5505 | O22: =TRUNC(N22+M22,2) -> 2404.92 | P22: =I22-O22 -> 0 | S22: =F22*G22 -> 1931.5505
A23: 2.4 | B23: 100324 | C23: SINAPI | D23: LASTRO COM MATERIAL GRANULAR (PEDRA BRITADA N.1 E PEDRA BRITADA N.2), APLICADO EM PISOS OU LAJES SOBRE SOLO, ESPESSURA DE *10 CM*. AF_01/2024 | E23: M³ | F23: 36.186 | G23: 212.93 | H23: =TRUNC(G23+(G23*$I$4),2) -> 265.13 | I23: =TRUNC(H23*F23,2) -> 9593.99 | J23: =I23/$I$447 -> 0.004766476 | L23: =TRUNC(G23*$I$4,2) -> 52.2 | M23: =F23*L23 -> 1888.9092 | N23: =F23*G23 -> 7705.085 | O23: =TRUNC(N23+M23,2) -> 9593.99 | P23: =I23-O23 -> 0 | S23: =F23*G23 -> 7705.085
A24: 2.5 | B24: 96534 | C24: SINAPI | D24: FABRICAÇÃO, MONTAGEM E DESMONTAGEM DE FÔRMA PARA BLOCO DE COROAMENTO, EM MADEIRA SERRADA, E=25 MM, 4 UTILIZAÇÕES. AF_01/2024 | E24: M² | F24: 392.1 | G24: 78.18 | H24: =TRUNC(G24+(G24*$I$4),2) -> 97.34 | I24: =TRUNC(H24*F24,2) -> 38167.01 | J24: =I24/$I$447 -> 0.018962094 | L24: =TRUNC(G24*$I$4,2) -> 19.16 | M24: =F24*L24 -> 7512.636 | N24: =F24*G24 -> 30654.378 | O24: =TRUNC(N24+M24,2) -> 38167.01 | P24: =I24-O24 -> 0 | S24: =F24*G24 -> 30654.378
A25: 2.6 | B25: 96543 | C25: SINAPI | D25: ARMAÇÃO DE BLOCO UTILIZANDO AÇO CA-60 DE 5 MM - MONTAGEM. AF_01/2024 | E25: KG | F25: 440.3 | G25: 19.93 | H25: =TRUNC(G25+(G25*$I$4),2) -> 24.81 | I25: =TRUNC(H25*F25,2) -> 10923.84 | J25: =I25/$I$447 -> 0.0054271706 | L25: =TRUNC(G25*$I$4,2) -> 4.88 | M25: =F25*L25 -> 2148.664 | N25: =F25*G25 -> 8775.179 | O25: =TRUNC(N25+M25,2) -> 10923.84 | P25: =I25-O25 -> 0 | S25: =F25*G25 -> 8775.179
A26: 2.7 | B26: 96544 | C26: SINAPI | D26: ARMAÇÃO DE BLOCO UTILIZANDO AÇO CA-50 DE 6,3 MM - MONTAGEM. AF_01/2024 | E26: KG | F26: 139.1 | G26: 17.81 | H26: =TRUNC(G26+(G26*$I$4),2) -> 22.17 | I26: =TRUNC(H26*F26,2) -> 3083.84 | J26: =I26/$I$447 -> 0.0015321101 | L26: =TRUNC(G26*$I$4,2) -> 4.36 | M26: =F26*L26 -> 606.476 | N26: =F26*G26 -> 2477.371 | O26: =TRUNC(N26+M26,2) -> 3083.84 | P26: =I26-O26 -> 0 | S26: =F26*G26 -> 2477.371
A27: 2.8 | B27: 96545 | C27: SINAPI | D27: ARMAÇÃO DE BLOCO UTILIZANDO AÇO CA-50 DE 8 MM - MONTAGEM. AF_01/2024 | E27: KG | F27: 1010.5 | G27: 15.93 | H27: =TRUNC(G27+(G27*$I$4),2) -> 19.83 | I27: =TRUNC(H27*F27,2) -> 20038.21 | J27: =I27/$I$447 -> 0.0099553623 | L27: =TRUNC(G27*$I$4,2) -> 3.9 | M27: =F27*L27 -> 3940.95 | N27: =F27*G27 -> 16097.265 | O27: =TRUNC(N27+M27,2) -> 20038.21 | P27: =I27-O27 -> 0 | S27: =F27*G27 -> 16097.265
A28: 2.9 | B28: 96546 | C28: SINAPI | D28: ARMAÇÃO DE BLOCO UTILIZANDO AÇO CA-50 DE 10 MM - MONTAGEM. AF_01/2024 | E28: KG | F28: 650 | G28: 13.89 | H28: =TRUNC(G28+(G28*$I$4),2) -> 17.29 | I28: =TRUNC(H28*F28,2) -> 11238.5 | J28: =I28/$I$447 -> 0.0055834997 | L28: =TRUNC(G28*$I$4,2) -> 3.4 | M28: =F28*L28 -> 2210 | N28: =F28*G28 -> 9028.5 | O28: =TRUNC(N28+M28,2) -> 11238.5 | P28: =I28-O28 -> 0 | S28: =F28*G28 -> 9028.5
A29: 2.10 | B29: 104920 | C29: SINAPI | D29: ARMAÇÃO DE BLOCO, SAPATA ISOLADA, VIGA BALDRAME E SAPATA CORRIDA UTILIZANDO AÇO CA-50 DE 12,5 MM - MONTAGEM. AF_01/2024 | E29: KG | F29: 724.4 | G29: 10.63 | H29: =TRUNC(G29+(G29*$I$4),2) -> 13.23 | I29: =TRUNC(H29*F29,2) -> 9583.81 | J29: =I29/$I$447 -> 0.0047614184 | L29: =TRUNC(G29*$I$4,2) -> 2.6 | M29: =F29*L29 -> 1883.44 | N29: =F29*G29 -> 7700.372 | O29: =TRUNC(N29+M29,2) -> 9583.81 | P29: =I29-O29 -> 0 | S29: =F29*G29 -> 7700.372
A30: 2.11 | B30: 104921 | C30: SINAPI | D30: ARMAÇÃO DE BLOCO, SAPATA ISOLADA, VIGA BALDRAME E SAPATA CORRIDA UTILIZANDO AÇO CA-50 DE 16 MM - MONTAGEM. AF_01/2024 | E30: KG | F30: 655.8 | G30: 9.99 | H30: =TRUNC(G30+(G30*$I$4),2) -> 12.43 | I30: =TRUNC(H30*F30,2) -> 8151.59 | J30: =I30/$I$447 -> 0.0040498643 | L30: =TRUNC(G30*$I$4,2) -> 2.44 | M30: =F30*L30 -> 1600.152 | N30: =F30*G30 -> 6551.442 | O30: =TRUNC(N30+M30,2) -> 8151.59 | P30: =I30-O30 -> 0 | S30: =F30*G30 -> 6551.442
A31: 2.12 | B31: 96557 | C31: SINAPI | D31: CONCRETAGEM DE BLOCO DE COROAMENTO OU VIGA BALDRAME, FCK 30 MPA, COM USO DE BOMBA - LANÇAMENTO, ADENSAMENTO E ACABAMENTO. AF_01/2024 | E31: M³ | F31: 56.9 | G31: 796.88 | H31: =TRUNC(G31+(G31*$I$4),2) -> 992.26 | I31: =TRUNC(H31*F31,2) -> 56459.59 | J31: =I31/$I$447 -> 0.028050194 | L31: =TRUNC(G31*$I$4,2) -> 195.38 | M31: =F31*L31 -> 11117.122 | N31: =F31*G31 -> 45342.472 | O31: =TRUNC(N31+M31,2) -> 56459.59 | P31: =I31-O31 -> 0 | S31: =F31*G31 -> 45342.472
... A35: 2.16 | B35: 000128 | C35: SBC | D35: CONTROLE TECNOLOGICO DE CONCRETOS | E35: M³ | F35: 56.9 | G35: 92.3 | H35: =TRUNC(G35+(G35*$I$4),2) -> 114.93 | I35: =TRUNC(H35*F35,2) -> 6539.51 | J35: =I35/$I$447 -> 0.0032489524 | L35: =TRUNC(G35*$I$4,2) -> 22.63 | M35: =F35*L35 -> 1287.647 | N35: =F35*G35 -> 5251.87 | O35: =TRUNC(N35+M35,2) -> 6539.51 | P35: =I35-O35 -> 0 | S35: =F35*G35 -> 5251.87
A36: 3 | D36: ESTRUTURA | I36: =SUM(I38:I65) -> 289726.94 | J36: =I36/$I$447 -> 0.14394183 | L36: =TRUNC(G36*$I$4,2) -> 0 | M36: =F36*L36 -> 0 | N36: =F36*G36 -> 0 | O36: =TRUNC(N36+M36,2) -> 0 | P36: =I36-O36 -> 289726.94 | S36: =F36*G36 -> 0
A37: 3.1 | D37: PILARES | L37: =TRUNC(G37*$I$4,2) -> 0 | M37: =F37*L37 -> 0 | N37: =F37*G37 -> 0 | O37: =TRUNC(N37+M37,2) -> 0 | P37: =I37-O37 -> 0 | S37: =F37*G37 -> 0
A38: 3.1.1 | B38: 92423 | C38: SINAPI | D38: MONTAGEM E DESMONTAGEM DE FÔRMA DE PILARES RETANGULARES E ESTRUTURAS SIMILARES, PÉ-DIREITO SIMPLES, EM CHAPA DE MADEIRA COMPENSADA RESINADA, 6 UTILIZAÇÕES. AF_09/2020 | E38: M² | F38: 283 | G38: 71.95 | H38: =TRUNC(G38+(G38*$I$4),2) -> 89.59 | I38: =TRUNC(H38*F38,2) -> 25353.97 | J38: =I38/$I$447 -> 0.012596333 | L38: =TRUNC(G38*$I$4,2) -> 17.64 | M38: =F38*L38 -> 4992.12 | N38: =F38*G38 -> 20361.85 | O38: =TRUNC(N38+M38,2) -> 25353.97 | P38: =I38-O38 -> 0 | S38: =F38*G38 -> 20361.85
A39: 3.1.2 | B39: 92762 | C39: SINAPI | D39: ARMAÇÃO DE PILAR OU VIGA DE ESTRUTURA CONVENCIONAL DE CONCRETO ARMADO UTILIZANDO AÇO CA-50 DE 10,0 MM - MONTAGEM. AF_06/2022 | E39: KG | F39: 680.7 | G39: 10.85 | H39: =TRUNC(G39+(G39*$I$4),2) -> 13.51 | I39: =TRUNC(H39*F39,2) -> 9196.25 | J39: =I39/$I$447 -> 0.0045688712 | L39: =TRUNC(G39*$I$4,2) -> 2.66 | M39: =F39*L39 -> 1810.662 | N39: =F39*G39 -> 7385.595 | O39: =TRUNC(N39+M39,2) -> 9196.25 | P39: =I39-O39 -> 0 | S39: =F39*G39 -> 7385.595
A40: 3.1.3 | B40: 92763 | C40: SINAPI | D40: ARMAÇÃO DE PILAR OU VIGA DE ESTRUTURA CONVENCIONAL DE CONCRETO ARMADO UTILIZANDO AÇO CA-50 DE 12,5 MM - MONTAGEM. AF_06/2022 | E40: KG | F40: 214.4 | G40: 9.08 | H40: =TRUNC(G40+(G40*$I$4),2) -> 11.3 | I40: =TRUNC(H40*F40,2) -> 2422.72 | J40: =I40/$I$447 -> 0.0012036532 | L40: =TRUNC(G40*$I$4,2) -> 2.22 | M40: =F40*L40 -> 475.968 | N40: =F40*G40 -> 1946.752 | O40: =TRUNC(N40+M40,2) -> 2422.72 | P40: =I40-O40 -> 0 | S40: =F40*G40 -> 1946.752
A41: 3.1.4 | B41: 92764 | C41: SINAPI | D41: ARMAÇÃO DE PILAR OU VIGA DE ESTRUTURA CONVENCIONAL DE CONCRETO ARMADO UTILIZANDO AÇO CA-50 DE 16,0 MM - MONTAGEM. AF_06/2022 | E41: KG | F41: 145 | G41: 8.78 | H41: =TRUNC(G41+(G41*$I$4),2) -> 10.93 | I41: =TRUNC(H41*F41,2) -> 1584.85 | J41: =I41/$I$447 -> 0.0007873835 | L41: =TRUNC(G41*$I$4,2) -> 2.15 | M41: =F41*L41 -> 311.75 | N41: =F41*G41 -> 1273.1 | O41: =TRUNC(N41+M41,2) -> 1584.85 | P41: =I41-O41 -> 0 | S41: =F41*G41 -> 1273.1
A42: 3.1.5 | B42: 92759 | C42: SINAPI | D42: ARMAÇÃO DE PILAR OU VIGA DE ESTRUTURA CONVENCIONAL DE CONCRETO ARMADO UTILIZANDO AÇO CA-60 DE 5,0 MM - MONTAGEM. AF_06/2022 | E42: KG | F42: 403.7 | G42: 13.99 | H42: =TRUNC(G42+(G42*$I$4),2) -> 17.42 | I42: =TRUNC(H42*F42,2) -> 7032.45 | J42: =I42/$I$447 -> 0.0034938544 | L42: =TRUNC(G42*$I$4,2) -> 3.43 | M42: =F42*L42 -> 1384.691 | N42: =F42*G42 -> 5647.763 | O42: =TRUNC(N42+M42,2) -> 7032.45 | P42: =I42-O42 -> 0 | S42: =F42*G42 -> 5647.763
A43: 3.1.6 | B43: CPU2284 | C43: Próprio | D43: CONCRETAGEM DE PILARES, FCK = 30 MPA, COM USO DE BOMBA - LANÇAMENTO, ADENSAMENTO E ACABAMENTO. AF_02/2022_PS | E43: M³ | F43: 18.6 | G43: =COMPOSIÇÃO!L17 -> 737.56 | H43: =TRUNC(G43+(G43*$I$4),2) -> 918.4 | I43: =TRUNC(H43*F43,2) -> 17082.24 | J43: =I43/$I$447 -> 0.0084867804 | L43: =TRUNC(G43*$I$4,2) -> 180.84 | M43: =F43*L43 -> 3363.624 | N43: =F43*G43 -> 13718.616 | O43: =TRUNC(N43+M43,2) -> 17082.24 | P43: =I43-O43 -> 0 | S43: =F43*G43 -> 13718.616
A44: 3.1.7 | B44: 000128 | C44: SBC | D44: CONTROLE TECNOLOGICO DE CONCRETOS | E44: M³ | F44: 18.6 | G44: 92.3 | H44: =TRUNC(G44+(G44*$I$4),2) -> 114.93 | I44: =TRUNC(H44*F44,2) -> 2137.69 | J44: =I44/$I$447 -> 0.0010620449 | L44: =TRUNC(G44*$I$4,2) -> 22.63 | M44: =F44*L44 -> 420.918 | N44: =F44*G44 -> 1716.78 | O44: =TRUNC(N44+M44,2) -> 2137.69 | P44: =I44-O44 -> 0 | S44: =F44*G44 -> 1716.78
A45: 3.2 | D45: VIGAS | L45: =TRUNC(G45*$I$4,2) -> 0 | M45: =F45*L45 -> 0 | N45: =F45*G45 -> 0 | O45: =TRUNC(N45+M45,2) -> 0 | P45: =I45-O45 -> 0 | S45: =F45*G45 -> 0
A46: 3.2.1 | B46: 92460 | C46: SINAPI | D46: MONTAGEM E DESMONTAGEM DE FÔRMA DE VIGA, ESCORAMENTO METÁLICO, PÉ-DIREITO SIMPLES, EM CHAPA DE MADEIRA RESINADA, 6 UTILIZAÇÕES. AF_09/2020 | E46: M² | F46: 292 | G46: 124.5 | H46: =TRUNC(G46+(G46*$I$4),2) -> 155.02 | I46: =TRUNC(H46*F46,2) -> 45265.84 | J46: =I46/$I$447 -> 0.022488927 | L46: =TRUNC(G46*$I$4,2) -> 30.52 | M46: =F46*L46 -> 8911.84 | N46: =F46*G46 -> 36354 | O46: =TRUNC(N46+M46,2) -> 45265.84 | P46: =I46-O46 -> 0 | S46: =F46*G46 -> 36354
A47: 3.2.2 | B47: 92760 | C47: SINAPI | D47: ARMAÇÃO DE PILAR OU VIGA DE ESTRUTURA CONVENCIONAL DE CONCRETO ARMADO UTILIZANDO AÇO CA-50 DE 6,3 MM - MONTAGEM. AF_06/2022 | E47: KG | F47: 403.8 | G47: 13.09 | H47: =TRUNC(G47+(G47*$I$4),2) -> 16.29 | I47: =TRUNC(H47*F47,2) -> 6577.9 | J47: =I47/$I$447 -> 0.0032680253 | L47: =TRUNC(G47*$I$4,2) -> 3.2 | M47: =F47*L47 -> 1292.16 | N47: =F47*G47 -> 5285.742 | O47: =TRUNC(N47+M47,2) -> 6577.9 | P47: =I47-O47 -> 0 | S47: =F47*G47 -> 5285.742
A48: 3.2.3 | B48: 92761 | C48: SINAPI | D48: ARMAÇÃO DE PILAR OU VIGA DE ESTRUTURA CONVENCIONAL DE CONCRETO ARMADO UTILIZANDO AÇO CA-50 DE 8,0 MM - MONTAGEM. AF_06/2022 | E48: KG | F48: 143.5 | G48: 12.2 | H48: =TRUNC(G48+(G48*$I$4),2) -> 15.19 | I48: =TRUNC(H48*F48,2) -> 2179.76 | J48: =I48/$I$447 -> 0.0010829461 | L48: =TRUNC(G48*$I$4,2) -> 2.99 | M48: =F48*L48 -> 429.065 | N48: =F48*G48 -> 1750.7 | O48: =TRUNC(N48+M48,2) -> 2179.76 | P48: =I48-O48 -> 0 | S48: =F48*G48 -> 1750.7
A49: 3.2.4 | B49: 92762 | C49: SINAPI | D49: ARMAÇÃO DE PILAR OU VIGA DE ESTRUTURA CONVENCIONAL DE CONCRETO ARMADO UTILIZANDO AÇO CA-50 DE 10,0 MM - MONTAGEM. AF_06/2022 | E49: KG | F49: 541.9 | G49: 10.85 | H49: =TRUNC(G49+(G49*$I$4),2) -> 13.51 | I49: =TRUNC(H49*F49,2) -> 7321.06 | J49: =I49/$I$447 -> 0.0036372413 | L49: =TRUNC(G49*$I$4,2) -> 2.66 | M49: =F49*L49 -> 1441.454 | N49: =F49*G49 -> 5879.615 | O49: =TRUNC(N49+M49,2) -> 7321.06 | P49: =I49-O49 -> 0 | S49: =F49*G49 -> 5879.615
A50: 3.2.5 | B50: 92763 | C50: SINAPI | D50: ARMAÇÃO DE PILAR OU VIGA DE ESTRUTURA CONVENCIONAL DE CONCRETO ARMADO UTILIZANDO AÇO CA-50 DE 12,5 MM - MONTAGEM. AF_06/2022 | E50: KG | F50: 525.5 | G50: 9.08 | H50: =TRUNC(G50+(G50*$I$4),2) -> 11.3 | I50: =TRUNC(H50*F50,2) -> 5938.15 | J50: =I50/$I$447 -> 0.0029501854 | L50: =TRUNC(G50*$I$4,2) -> 2.22 | M50: =F50*L50 -> 1166.61 | N50: =F50*G50 -> 4771.54 | O50: =TRUNC(N50+M50,2) -> 5938.15 | P50: =I50-O50 -> 0 | S50: =F50*G50 -> 4771.54
A51: 3.2.6 | B51: 92764 | C51: SINAPI | D51: ARMAÇÃO DE PILAR OU VIGA DE ESTRUTURA CONVENCIONAL DE CONCRETO ARMADO UTILIZANDO AÇO CA-50 DE 16,0 MM - MONTAGEM. AF_06/2022 | E51: KG | F51: 360.3 | G51: 8.78 | H51: =TRUNC(G51+(G51*$I$4),2) -> 10.93 | I51: =TRUNC(H51*F51,2) -> 3938.07 | J51: =I51/$I$447 -> 0.0019565078 | L51: =TRUNC(G51*$I$4,2) -> 2.15 | M51: =F51*L51 -> 774.645 | N51: =F51*G51 -> 3163.434 | O51: =TRUNC(N51+M51,2) -> 3938.07 | P51: =I51-O51 -> 0 | S51: =F51*G51 -> 3163.434
A52: 3.2.7 | B52: 92759 | C52: SINAPI | D52: ARMAÇÃO DE PILAR OU VIGA DE ESTRUTURA CONVENCIONAL DE CONCRETO ARMADO UTILIZANDO AÇO CA-60 DE 5,0 MM - MONTAGEM. AF_06/2022 | E52: KG | F52: 432.2 | G52: 13.99 | H52: =TRUNC(G52+(G52*$I$4),2) -> 17.42 | I52: =TRUNC(H52*F52,2) -> 7528.92 | J52: =I52/$I$447 -> 0.0037405101 | L52: =TRUNC(G52*$I$4,2) -> 3.43 | M52: =F52*L52 -> 1482.446 | N52: =F52*G52 -> 6046.478 | O52: =TRUNC(N52+M52,2) -> 7528.92 | P52: =I52-O52 -> 0 | S52: =F52*G52 -> 6046.478
A53: 3.2.8 | B53: CPU2283 | C53: Próprio | D53: CONCRETAGEM DE VIGAS E LAJES, FCK=30 MPA, PARA LAJES MACIÇAS OU NERVURADAS COM USO DE BOMBA - LANÇAMENTO, ADENSAMENTO E ACABAMENTO. | E53: M³ | F53: 30.1 | G53: =COMPOSIÇÃO!L28 -> 738.96 | H53: =TRUNC(G53+(G53*$I$4),2) -> 920.14 | I53: =TRUNC(H53*F53,2) -> 27696.21 | J53: =I53/$I$447 -> 0.013760002 | L53: =TRUNC(G53*$I$4,2) -> 181.18 | M53: =F53*L53 -> 5453.518 | N53: =F53*G53 -> 22242.696 | O53: =TRUNC(N53+M53,2) -> 27696.21 | P53: =I53-O53 -> 0 | S53: =F53*G53 -> 22242.696
A54: 3.2.9 | B54: 000128 | C54: SBC | D54: CONTROLE TECNOLOGICO DE CONCRETOS | E54: M³ | F54: 30.1 | G54: 92.3 | H54: =TRUNC(G54+(G54*$I$4),2) -> 114.93 | I54: =TRUNC(H54*F54,2) -> 3459.39 | J54: =I54/$I$447 -> 0.0017186905 | L54: =TRUNC(G54*$I$4,2) -> 22.63 | M54: =F54*L54 -> 681.163 | N54: =F54*G54 -> 2778.23 | O54: =TRUNC(N54+M54,2) -> 3459.39 | P54: =I54-O54 -> 0 | S54: =F54*G54 -> 2778.23
A55: 3.3 | D55: LAJES | L55: =TRUNC(G55*$I$4,2) -> 0 | M55: =F55*L55 -> 0 | N55: =F55*G55 -> 0 | O55: =TRUNC(N55+M55,2) -> 0 | P55: =I55-O55 -> 0 | S55: =F55*G55 -> 0
A56: 3.3.1 | B56: 92515 | C56: SINAPI | D56: MONTAGEM E DESMONTAGEM DE FÔRMA DE LAJE MACIÇA, PÉ-DIREITO DUPLO, EM CHAPA DE MADEIRA COMPENSADA RESINADA, 6 UTILIZAÇÕES. AF_09/2020 | E56: M² | F56: 56.6 | G56: 78.64 | H56: =TRUNC(G56+(G56*$I$4),2) -> 97.92 | I56: =TRUNC(H56*F56,2) -> 5542.27 | J56: =I56/$I$447 -> 0.0027535047 | L56: =TRUNC(G56*$I$4,2) -> 19.28 | M56: =F56*L56 -> 1091.248 | N56: =F56*G56 -> 4451.024 | O56: =TRUNC(N56+M56,2) -> 5542.27 | P56: =I56-O56 -> 0 | S56: =F56*G56 -> 4451.024
A57: 3.3.2 | B57: 92768 | C57: SINAPI | D57: ARMAÇÃO DE LAJE DE ESTRUTURA CONVENCIONAL DE CONCRETO ARMADO UTILIZANDO AÇO CA-60 DE 5,0 MM - MONTAGEM. AF_06/2022 | E57: KG | F57: 395.6 | G57: 13.44 | H57: =TRUNC(G57+(G57*$I$4),2) -> 16.73 | I57: =TRUNC(H57*F57,2) -> 6618.38 | J57: =I57/$I$447 -> 0.0032881366 | L57: =TRUNC(G57*$I$4,2) -> 3.29 | M57: =F57*L57 -> 1301.524 | N57: =F57*G57 -> 5316.864 | O57: =TRUNC(N57+M57,2) -> 6618.38 | P57: =I57-O57 -> 0 | S57: =F57*G57 -> 5316.864
A58: 3.3.3 | B58: 92769 | C58: SINAPI | D58: ARMAÇÃO DE LAJE DE ESTRUTURA CONVENCIONAL DE CONCRETO ARMADO UTILIZANDO AÇO CA-50 DE 6,3 MM - MONTAGEM. AF_06/2022 | E58: KG | F58: 213.2 | G58: 12.55 | H58: =TRUNC(G58+(G58*$I$4),2) -> 15.62 | I58: =TRUNC(H58*F58,2) -> 3330.18 | J58: =I58/$I$447 -> 0.0016544965 | L58: =TRUNC(G58*$I$4,2) -> 3.07 | M58: =F58*L58 -> 654.524 | N58: =F58*G58 -> 2675.66 | O58: =TRUNC(N58+M58,2) -> 3330.18 | P58: =I58-O58 -> 0 | S58: =F58*G58 -> 2675.66
A59: 3.3.4 | B59: 92770 | C59: SINAPI | D59: ARMAÇÃO DE LAJE DE ESTRUTURA CONVENCIONAL DE CONCRETO ARMADO UTILIZANDO AÇO CA-50 DE 8,0 MM - MONTAGEM. AF_06/2022 | E59: KG | F59: 202.8 | G59: 11.69 | H59: =TRUNC(G59+(G59*$I$4),2) -> 14.55 | I59: =TRUNC(H59*F59,2) -> 2950.74 | J59: =I59/$I$447 -> 0.0014659835 | L59: =TRUNC(G59*$I$4,2) -> 2.86 | M59: =F59*L59 -> 580.008 | N59: =F59*G59 -> 2370.732 | O59: =TRUNC(N59+M59,2) -> 2950.74 | P59: =I59-O59 -> 0 | S59: =F59*G59 -> 2370.732
A60: 3.3.5 | B60: 92771 | C60: SINAPI | D60: ARMAÇÃO DE LAJE DE ESTRUTURA CONVENCIONAL DE CONCRETO ARMADO UTILIZANDO AÇO CA-50 DE 10,0 MM - MONTAGEM. AF_06/2022 | E60: KG | F60: 12.3 | G60: 10.38 | H60: =TRUNC(G60+(G60*$I$4),2) -> 12.92 | I60: =TRUNC(H60*F60,2) -> 158.91 | J60: =I60/$I$447 -> 7.8949498e-05 | L60: =TRUNC(G60*$I$4,2) -> 2.54 | M60: =F60*L60 -> 31.242 | N60: =F60*G60 -> 127.674 | O60: =TRUNC(N60+M60,2) -> 158.91 | P60: =I60-O60 -> 0 | S60: =F60*G60 -> 127.674
A61: 3.3.6 | B61: CPU2283 | C61: Próprio | D61: CONCRETAGEM DE VIGAS E LAJES, FCK=30 MPA, PARA LAJES MACIÇAS OU NERVURADAS COM USO DE BOMBA - LANÇAMENTO, ADENSAMENTO E ACABAMENTO. | E61: M³ | F61: 32.8 | G61: =COMPOSIÇÃO!L28 -> 738.96 | H61: =TRUNC(G61+(G61*$I$4),2) -> 920.14 | I61: =TRUNC(H61*F61,2) -> 30180.59 | J61: =I61/$I$447 -> 0.014994289 | L61: =TRUNC(G61*$I$4,2) -> 181.18 | M61: =F61*L61 -> 5942.704 | N61: =F61*G61 -> 24237.888 | O61: =TRUNC(N61+M61,2) -> 30180.59 | P61: =I61-O61 -> 0 | S61: =F61*G61 -> 24237.888
A62: 3.3.7 | B62: 000128 | C62: SBC | D62: CONTROLE TECNOLOGICO DE CONCRETOS | E62: M³ | F62: 32.8 | G62: 92.3 | H62: =TRUNC(G62+(G62*$I$4),2) -> 114.93 | I62: =TRUNC(H62*F62,2) -> 3769.7 | J62: =I62/$I$447 -> 0.0018728584 | L62: =TRUNC(G62*$I$4,2) -> 22.63 | M62: =F62*L62 -> 742.264 | N62: =F62*G62 -> 3027.44 | O62: =TRUNC(N62+M62,2) -> 3769.7 | P62: =I62-O62 -> 0 | S62: =F62*G62 -> 3027.44
A63: 3.3.8 | B63: CPU2101 | C63: Próprio | D63: LAJE PRÉ-FABRICADA UNIDIRECIONAL EM VIGA TRELIÇADA/LAJOTA EM EPS LT 12 (8 + 4), EXCETO CAPA DE CONCRETO | E63: M² | F63: 93.94 | G63: =COMPOSIÇÃO!L36 -> 94.88 | H63: =TRUNC(G63+(G63*$I$4),2) -> 118.14 | I63: =TRUNC(H63*F63,2) -> 11098.07 | J63: =I63/$I$447 -> 0.0055137314 | L63: =TRUNC(G63*$I$4,2) -> 23.26 | M63: =F63*L63 -> 2185.0444 | N63: =F63*G63 -> 8913.0272 | O63: =TRUNC(N63+M63,2) -> 11098.07 | P63: =I63-O63 -> 0 | S63: =F63*G63 -> 8913.0272
A64: 3.3.9 | B64: CPU2100 | C64: Próprio | D64: LAJE PRÉ-FABRICADA UNIDIRECIONAL EM VIGA TRELIÇADA/LAJOTA EM EPS LT 16 (12 + 4), EXCETO CAPA DE CONCRETO | E64: M² | F64: 358.88 | G64: =COMPOSIÇÃO!L44 -> 112.45 | H64: =TRUNC(G64+(G64*$I$4),2) -> 140.02 | I64: =TRUNC(H64*F64,2) -> 50250.37 | J64: =I64/$I$447 -> 0.024965336 | L64: =TRUNC(G64*$I$4,2) -> 27.57 | M64: =F64*L64 -> 9894.3216 | N64: =F64*G64 -> 40356.056 | O64: =TRUNC(N64+M64,2) -> 50250.37 | P64: =I64-O64 -> 0 | S64: =F64*G64 -> 40356.056
A65: 3.3.10 | B65: CPU2102 | C65: Próprio | D65: LAJE PRÉ-FABRICADA UNIDIRECIONAL EM VIGA TRELIÇADA/LAJOTA EM EPS LT 20 (16 + 4), EXCETO CAPA DE CONCRETO | E65: M² | F65: 28.18 | G65: =COMPOSIÇÃO!L52 -> 31.7 | H65: =TRUNC(G65+(G65*$I$4),2) -> 39.47 | I65: =TRUNC(H65*F65,2) -> 1112.26 | J65: =I65/$I$447 -> 0.00055259184 | L65: =TRUNC(G65*$I$4,2) -> 7.77 | M65: =F65*L65 -> 218.9586 | N65: =F65*G65 -> 893.306 | O65: =TRUNC(N65+M65,2) -> 1112.26 | P65: =I65-O65 -> 0 | S65: =F65*G65 -> 893.306
A66: 4 | D66: ALVENARIA, VEDAÇÕES E DIVISÓRIAS | I66: =SUM(I68:I80) -> 183822.02 | J66: =I66/$I$447 -> 0.091326262 | L66: =TRUNC(G66*$I$4,2) -> 0 | M66: =F66*L66 -> 0 | N66: =F66*G66 -> 0 | O66: =TRUNC(N66+M66,2) -> 0 | P66: =I66-O66 -> 183822.02 | S66: =F66*G66 -> 0
A67: 4.1 | D67: ALVENARIA DE VEDAÇÃO | L67: =TRUNC(G67*$I$4,2) -> 0 | M67: =F67*L67 -> 0 | N67: =F67*G67 -> 0 | O67: =TRUNC(N67+M67,2) -> 0 | P67: =I67-O67 -> 0 | S67: =F67*G67 -> 0
A68: 4.1.1 | B68: 103322 | C68: SINAPI | D68: ALVENARIA DE VEDAÇÃO DE BLOCOS CERÂMICOS FURADOS NA VERTICAL DE 9X19X39 CM (ESPESSURA 9 CM) E ARGAMASSA DE ASSENTAMENTO COM PREPARO EM BETONEIRA. AF_12/2021 | E68: M² | F68: 12.85 | G68: 57.52 | H68: =TRUNC(G68+(G68*$I$4),2) -> 71.62 | I68: =TRUNC(H68*F68,2) -> 920.31 | J68: =I68/$I$447 -> 0.00045722744 | L68: =TRUNC(G68*$I$4,2) -> 14.1 | M68: =F68*L68 -> 181.185 | N68: =F68*G68 -> 739.132 | O68: =TRUNC(N68+M68,2) -> 920.31 | P68: =I68-O68 -> 0 | S68: =F68*G68 -> 739.132
A69: 4.1.2 | B69: 103324 | C69: SINAPI | D69: ALVENARIA DE VEDAÇÃO DE BLOCOS CERÂMICOS FURADOS NA VERTICAL DE 14X19X39 CM (ESPESSURA 14 CM) E ARGAMASSA DE ASSENTAMENTO COM PREPARO EM BETONEIRA. AF_12/2021 | E69: M² | F69: 713.84 | G69: 76.96 | H69: =TRUNC(G69+(G69*$I$4),2) -> 95.82 | I69: =TRUNC(H69*F69,2) -> 68400.14 | J69: =I69/$I$447 -> 0.033982485 | L69: =TRUNC(G69*$I$4,2) -> 18.86 | M69: =F69*L69 -> 13463.022 | N69: =F69*G69 -> 54937.126 | O69: =TRUNC(N69+M69,2) -> 68400.14 | P69: =I69-O69 -> 0 | S69: =F69*G69 -> 54937.126
A70: 4.1.3 | B70: 10783 | C70: ORSE | D70: COBOGO DE CIMENTO (ELEMENTO VAZADO, CIRCULAR), 30 X 30 X 5CM, ASSENTADO COM ARGAMASSA DE CIMENTO E AREIA | E70: M² | F70: 120.962 | G70: 205.4 | H70: =TRUNC(G70+(G70*$I$4),2) -> 255.76 | I70: =TRUNC(H70*F70,2) -> 30937.24 | J70: =I70/$I$447 -> 0.015370207 | L70: =TRUNC(G70*$I$4,2) -> 50.36 | M70: =F70*L70 -> 6091.6463 | N70: =F70*G70 -> 24845.595 | O70: =TRUNC(N70+M70,2) -> 30937.24 | P70: =I70-O70 -> 0 | S70: =F70*G70 -> 24845.595
A71: 4.1.4 | B71: 93191 | C71: SINAPI | D71: VERGA MOLDADA IN LOCO COM UTILIZAÇÃO DE BLOCOS CANALETA, ESPESSURA DE *20* CM. AF_03/2024 | E71: M | F71: 103.5 | G71: 72.23 | H71: =TRUNC(G71+(G71*$I$4),2) -> 89.93 | I71: =TRUNC(H71*F71,2) -> 9307.75 | J71: =I71/$I$447 -> 0.0046242665 | L71: =TRUNC(G71*$I$4,2) -> 17.7 | M71: =F71*L71 -> 1831.95 | N71: =F71*G71 -> 7475.805 | O71: =TRUNC(N71+M71,2) -> 9307.75 | P71: =I71-O71 -> 0 | S71: =F71*G71 -> 7475.805
A72: 4.1.5 | B72: 93199 | C72: SINAPI | D72: CONTRAVERGA MOLDADA IN LOCO COM UTILIZAÇÃO DE BLOCOS CANALETA, ESPESSURA DE *20* CM. AF_03/2024 | E72: M | F72: 69.2 | G72: 50.69 | H72: =TRUNC(G72+(G72*$I$4),2) -> 63.11 | I72: =TRUNC(H72*F72,2) -> 4367.21 | J72: =I72/$I$447 -> 0.0021697127 | L72: =TRUNC(G72*$I$4,2) -> 12.42 | M72: =F72*L72 -> 859.464 | N72: =F72*G72 -> 3507.748 | O72: =TRUNC(N72+M72,2) -> 4367.21 | P72: =I72-O72 -> 0 | S72: =F72*G72 -> 3507.748
A73: 4.1.6 | B73: 93200 | C73: SINAPI | D73: FIXAÇÃO (ENCUNHAMENTO) DE ALVENARIA DE VEDAÇÃO COM ARGAMASSA APLICADA COM BISNAGA. AF_03/2024 | E73: M | F73: 389.71 | G73: 11.82 | H73: =TRUNC(G73+(G73*$I$4),2) -> 14.71 | I73: =TRUNC(H73*F73,2) -> 5732.63 | J73: =I73/$I$447 -> 0.0028480792 | L73: =TRUNC(G73*$I$4,2) -> 2.89 | M73: =F73*L73 -> 1126.2619 | N73: =F73*G73 -> 4606.3722 | O73: =TRUNC(N73+M73,2) -> 5732.63 | P73: =I73-O73 -> 0 | S73: =F73*G73 -> 4606.3722
A74: 4.2 | D74: DRYWALL | L74: =TRUNC(G74*$I$4,2) -> 0 | M74: =F74*L74 -> 0 | N74: =F74*G74 -> 0 | O74: =TRUNC(N74+M74,2) -> 0 | P74: =I74-O74 -> 0 | S74: =F74*G74 -> 0
A75: 4.2.1 | B75: 96359 | C75: SINAPI | D75: PAREDE COM SISTEMA EM CHAPAS DE GESSO PARA DRYWALL, USO INTERNO, COM DUAS FACES SIMPLES E ESTRUTURA METÁLICA COM GUIAS SIMPLES PARA PAREDES COM ÁREA LÍQUIDA MAIOR OU IGUAL A 6 M2, COM VÃOS. AF_07/2023_PS | E75: M² | F75: 36.94 | G75: 103.58 | H75: =TRUNC(G75+(G75*$I$4),2) -> 128.97 | I75: =TRUNC(H75*F75,2) -> 4764.15 | J75: =I75/$I$447 -> 0.00236692 | L75: =TRUNC(G75*$I$4,2) -> 25.39 | M75: =F75*L75 -> 937.9066 | N75: =F75*G75 -> 3826.2452 | O75: =TRUNC(N75+M75,2) -> 4764.15 | P75: =I75-O75 -> 0 | S75: =F75*G75 -> 3826.2452
A76: 4.2.2 | B76: CPU1942 | C76: Próprio | D76: PAREDE COM SISTEMA EM CHAPAS DE GESSO RU PARA DRYWALL, USO INTERNO, COM DUAS FACES SIMPLES E ESTRUTURA METÁLICA COM GUIAS SIMPLES PARA PAREDES COM ÁREA LÍQUIDA MAIOR OU IGUAL A 6 M2, COM VÃOS. AF_07/2023_PS | E76: M² | F76: 180.09 | G76: =COMPOSIÇÃO!L68 -> 117.78 | H76: =TRUNC(G76+(G76*$I$4),2) -> 146.65 | I76: =TRUNC(H76*F76,2) -> 26410.19 | J76: =I76/$I$447 -> 0.013121083 | L76: =TRUNC(G76*$I$4,2) -> 28.87 | M76: =F76*L76 -> 5199.1983 | N76: =F76*G76 -> 21211 | O76: =TRUNC(N76+M76,2) -> 26410.19 | P76: =I76-O76 -> 0 | S76: =F76*G76 -> 21211
A77: 4.2.3 | B77: CPU2285 | C77: Próprio | D77: PAREDE COM SISTEMA EM CHAPAS DE GESSO ST PARA DRYWALL COM ISOLAMENTO ACUSTICO, USO INTERNO, COM DUAS FACES SIMPLES E ESTRUTURA METÁLICA COM GUIAS SIMPLES PARA PAREDES COM ÁREA LÍQUIDA MAIOR OU IGUAL A 6 M2, COM VÃOS. | E77: M² | F77: 84.45 | G77: =COMPOSIÇÃO!L85 -> 169.5 | H77: =TRUNC(G77+(G77*$I$4),2) -> 211.05 | I77: =TRUNC(H77*F77,2) -> 17823.17 | J77: =I77/$I$447 -> 0.0088548885 | L77: =TRUNC(G77*$I$4,2) -> 41.55 | M77: =F77*L77 -> 3508.8975 | N77: =F77*G77 -> 14314.275 | O77: =TRUNC(N77+M77,2) -> 17823.17 | P77: =I77-O77 -> 0 | S77: =F77*G77 -> 14314.275
A78: 4.2.4 | B78: CPU2286 | C78: Próprio | D78: PAREDE COM SISTEMA EM CHAPAS DE GESSO RU PARA DRYWALL COM ISOLAMENTO ACUSTICO, USO INTERNO, COM DUAS FACES SIMPLES E ESTRUTURA METÁLICA COM GUIAS SIMPLES PARA PAREDES COM ÁREA LÍQUIDA MAIOR OU IGUAL A 6 M2, COM VÃOS. | E78: M² | F78: 66.04 | G78: =COMPOSIÇÃO!L102 -> 183.63 | H78: =TRUNC(G78+(G78*$I$4),2) -> 228.65 | I78: =TRUNC(H78*F78,2) -> 15100.04 | J78: =I78/$I$447 -> 0.0075019859 | L78: =TRUNC(G78*$I$4,2) -> 45.02 | M78: =F78*L78 -> 2973.1208 | N78: =F78*G78 -> 12126.925 | O78: =TRUNC(N78+M78,2) -> 15100.04 | P78: =I78-O78 -> 0 | S78: =F78*G78 -> 12126.925
A79: 4.3 | D79: DIVISÓRIAS | L79: =TRUNC(G79*$I$4,2) -> 0 | M79: =F79*L79 -> 0 | N79: =F79*G79 -> 0 | O79: =TRUNC(N79+M79,2) -> 0 | P79: =I79-O79 -> 0 | S79: =F79*G79 -> 0
A80: 4.3.1 | B80: 102257 | C80: SINAPI | D80: DIVISORIA SANITÁRIA, TIPO CABINE, EM PAINEL DE GRANILITE, ESP = 3CM, ASSENTADO COM ARGAMASSA COLANTE AC III-E, EXCLUSIVE FERRAGENS. AF_01/2021 | E80: M² | F80: 0.15 | G80: 316.95 | H80: =TRUNC(G80+(G80*$I$4),2) -> 394.66 | I80: =TRUNC(H80*F80,2) -> 59.19 | J80: =I80/$I$447 -> 2.9406713e-05 | L80: =TRUNC(G80*$I$4,2) -> 77.71 | M80: =F80*L80 -> 11.6565 | N80: =F80*G80 -> 47.5425 | O80: =TRUNC(N80+M80,2) -> 59.19 | P80: =I80-O80 -> 0 | S80: =F80*G80 -> 47.5425
A81: 5 | D81: COBERTURA | I81: =SUM(I82:I90) -> 109391.12 | J81: =I81/$I$447 -> 0.054347581 | L81: =TRUNC(G81*$I$4,2) -> 0 | M81: =F81*L81 -> 0 | N81: =F81*G81 -> 0 | O81: =TRUNC(N81+M81,2) -> 0 | P81: =I81-O81 -> 109391.12 | S81: =F81*G81 -> 0
A82: 5.1 | D82: ESTRUTURA | L82: =TRUNC(G82*$I$4,2) -> 0 | M82: =F82*L82 -> 0 | N82: =F82*G82 -> 0 | O82: =TRUNC(N82+M82,2) -> 0 | P82: =I82-O82 -> 0 | S82: =F82*G82 -> 0
A83: 5.1.1 | B83: ED-20603 | C83: SETOP | D83: FORNECIMENTO DE ESTRUTURA METÁLICA E ENGRADAMENTO METÁLICO, EM AÇO, PARA TELHADO, EXCLUSIVE TELHA, INCLUSIVE FABRICAÇÃO, TRANSPORTE, MONTAGEM E APLICAÇÃO DE FUNDO PREPARADOR ANTICORROSIVO EM SUPERFÍCIE METÁLICA, UMA (1) DEMÃO | E83: KG | F83: =F85*4.5 -> 1617.345 | G83: 20.09 | H83: =TRUNC(G83+(G83*$I$4),2) -> 25.01 | I83: =TRUNC(H83*F83,2) -> 40449.79 | J83: =I83/$I$447 -> 0.020096222 | L83: =TRUNC(G83*$I$4,2) -> 4.92 | M83: =F83*L83 -> 7957.3374 | N83: =F83*G83 -> 32492.461 | O83: =TRUNC(N83+M83,2) -> 40449.79 | P83: =I83-O83 -> 0 | S83: =F83*G83 -> 32492.461
A84: 5.2 | D84: TELHAMENTO | L84: =TRUNC(G84*$I$4,2) -> 0 | M84: =F84*L84 -> 0 | N84: =F84*G84 -> 0 | O84: =TRUNC(N84+M84,2) -> 0 | P84: =I84-O84 -> 0 | S84: =F84*G84 -> 0
A85: 5.2.1 | B85: ED-48428 | C85: SETOP | D85: COBERTURA EM TELHA METÁLICA GALVANIZADA TRAPEZOIDAL, TIPO SIMPLES, ESP. 0,50MM, ACABAMENTO NATURAL, INCLUSIVE ACESSÓRIOS PARA FIXAÇÃO, FORNECIMENTO E INSTALAÇÃO | E85: M² | F85: 359.41 | G85: 92.03 | H85: =TRUNC(G85+(G85*$I$4),2) -> 114.59 | I85: =TRUNC(H85*F85,2) -> 41184.79 | J85: =I85/$I$447 -> 0.020461384 | L85: =TRUNC(G85*$I$4,2) -> 22.56 | M85: =F85*L85 -> 8108.2896 | N85: =F85*G85 -> 33076.502 | O85: =TRUNC(N85+M85,2) -> 41184.79 | P85: =I85-O85 -> 0 | S85: =F85*G85 -> 33076.502
A86: 5.2.2 | B86: 100113 | C86: SBC | D86: COBERTURA EM CHAPA POLICARBONATO ALVEOLAR 10MM | E86: M² | F86: 31.6 | G86: 95.82 | H86: =TRUNC(G86+(G86*$I$4),2) -> 119.31 | I86: =TRUNC(H86*F86,2) -> 3770.19 | J86: =I86/$I$447 -> 0.0018731018 | L86: =TRUNC(G86*$I$4,2) -> 23.49 | M86: =F86*L86 -> 742.284 | N86: =F86*G86 -> 3027.912 | O86: =TRUNC(N86+M86,2) -> 3770.19 | P86: =I86-O86 -> 0 | S86: =F86*G86 -> 3027.912
A87: 5.3 | D87: COMPLEMENTOS | L87: =TRUNC(G87*$I$4,2) -> 0 | M87: =F87*L87 -> 0 | N87: =F87*G87 -> 0 | O87: =TRUNC(N87+M87,2) -> 0 | P87: =I87-O87 -> 0 | S87: =F87*G87 -> 0
A88: 5.3.1 | B88: 94229 | C88: SINAPI | D88: CALHA EM CHAPA DE AÇO GALVANIZADO NÚMERO 24, DESENVOLVIMENTO DE 100 CM, INCLUSO TRANSPORTE VERTICAL. AF_07/2019 | E88: M | F88: 76 | G88: 192.54 | H88: =TRUNC(G88+(G88*$I$4),2) -> 239.74 | I88: =TRUNC(H88*F88,2) -> 18220.24 | J88: =I88/$I$447 -> 0.0090521604 | L88: =TRUNC(G88*$I$4,2) -> 47.2 | M88: =F88*L88 -> 3587.2 | N88: =F88*G88 -> 14633.04 | O88: =TRUNC(N88+M88,2) -> 18220.24 | P88: =I88-O88 -> 0 | S88: =F88*G88 -> 14633.04
A89: 5.3.2 | B89: 94231 | C89: SINAPI | D89: RUFO EM CHAPA DE AÇO GALVANIZADO NÚMERO 24, CORTE DE 25 CM, INCLUSO TRANSPORTE VERTICAL. AF_07/2019 | E89: M | F89: 49.85 | G89: 57.38 | H89: =TRUNC(G89+(G89*$I$4),2) -> 71.44 | I89: =TRUNC(H89*F89,2) -> 3561.28 | J89: =I89/$I$447 -> 0.0017693114 | L89: =TRUNC(G89*$I$4,2) -> 14.06 | M89: =F89*L89 -> 700.891 | N89: =F89*G89 -> 2860.393 | O89: =TRUNC(N89+M89,2) -> 3561.28 | P89: =I89-O89 -> 0 | S89: =F89*G89 -> 2860.393
A90: 5.3.3 | B90: ED-48402 | C90: SETOP | D90: CUMEEIRA GALVANIZADA TRAPEZOIDAL, TIPO SIMPLES, ESP. 0, 50MM, ACABAMENTO NATURAL, INCLUSIVE ACESSÓRIOS PARA FIXAÇÃO, FORNECIMENTO E INSTALAÇÃO | E90: M | F90: 24.55 | G90: 72.13 | H90: =TRUNC(G90+(G90*$I$4),2) -> 89.81 | I90: =TRUNC(H90*F90,2) -> 2204.83 | J90: =I90/$I$447 -> 0.0010954013 | L90: =TRUNC(G90*$I$4,2) -> 17.68 | M90: =F90*L90 -> 434.044 | N90: =F90*G90 -> 1770.7915 | O90: =TRUNC(N90+M90,2) -> 2204.83 | P90: =I90-O90 -> 0 | S90: =F90*G90 -> 1770.7915
A91: 6 | D91: IMPERMEABILIZAÇÃO | I91: =SUM(I92:I93) -> 13686.68 | J91: =I91/$I$447 -> 0.0067998019 | L91: =TRUNC(G91*$I$4,2) -> 0 | M91: =F91*L91 -> 0 | N91: =F91*G91 -> 0 | O91: =TRUNC(N91+M91,2) -> 0 | P91: =I91-O91 -> 13686.68 | S91: =F91*G91 -> 0
A92: 6.1 | B92: 98556 | C92: SINAPI | D92: IMPERMEABILIZAÇÃO DE SUPERFÍCIE COM ARGAMASSA POLIMÉRICA / MEMBRANA ACRÍLICA, 4 DEMÃOS, REFORÇADA COM VÉU DE POLIÉSTER (MAV). AF_09/2023 | E92: M² | F92: 155.67 | G92: 56.17 | H92: =TRUNC(G92+(G92*$I$4),2) -> 69.94 | I92: =TRUNC(H92*F92,2) -> 10887.55 | J92: =I92/$I$447 -> 0.0054091411 | L92: =TRUNC(G92*$I$4,2) -> 13.77 | M92: =F92*L92 -> 2143.5759 | N92: =F92*G92 -> 8743.9839 | O92: =TRUNC(N92+M92,2) -> 10887.55 | P92: =I92-O92 -> 0 | S92: =F92*G92 -> 8743.9839
A93: 6.2 | B93: 98555 | C93: SINAPI | D93: IMPERMEABILIZAÇÃO DE SUPERFÍCIE COM ARGAMASSA POLIMÉRICA / MEMBRANA ACRÍLICA, 3 DEMÃOS. AF_09/2023 | E93: M² | F93: 73.18 | G93: 30.72 | H93: =TRUNC(G93+(G93*$I$4),2) -> 38.25 | I93: =TRUNC(H93*F93,2) -> 2799.13 | J93: =I93/$I$447 -> 0.0013906608 | L93: =TRUNC(G93*$I$4,2) -> 7.53 | M93: =F93*L93 -> 551.0454 | N93: =F93*G93 -> 2248.0896 | O93: =TRUNC(N93+M93,2) -> 2799.13 | P93: =I93-O93 -> 0 | S93: =F93*G93 -> 2248.0896
A94: 7 | D94: ESQUADRIAS | I94: =SUM(I95:I124) -> 217240.59 | J94: =I94/$I$447 -> 0.10792924 | L94: =TRUNC(G94*$I$4,2) -> 0 | M94: =F94*L94 -> 0 | N94: =F94*G94 -> 0 | O94: =TRUNC(N94+M94,2) -> 0 | P94: =I94-O94 -> 217240.59 | S94: =F94*G94 -> 0
A95: 7.1 | D95: ESQUADRIAS DE MADEIRA | L95: =TRUNC(G95*$I$4,2) -> 0 | M95: =F95*L95 -> 0 | N95: =F95*G95 -> 0 | O95: =TRUNC(N95+M95,2) -> 0 | P95: =I95-O95 -> 0 | S95: =F95*G95 -> 0
A96: 7.1.1 | D96: PORTAS DE MADEIRA | L96: =TRUNC(G96*$I$4,2) -> 0 | M96: =F96*L96 -> 0 | N96: =F96*G96 -> 0 | O96: =TRUNC(N96+M96,2) -> 0 | P96: =I96-O96 -> 0 | S96: =F96*G96 -> 0
A97: 7.1.1.1 | B97: 90844 | C97: SINAPI | D97: KIT DE PORTA DE MADEIRA PARA PINTURA, SEMI-OCA (LEVE OU MÉDIA), PADRÃO MÉDIO, 90X210CM, ESPESSURA DE 3,5CM, ITENS INCLUSOS: DOBRADIÇAS, MONTAGEM E INSTALAÇÃO DO BATENTE, FECHADURA COM EXECUÇÃO DO FURO - FORNECIMENTO E INSTALAÇÃO. AF_12/2019 | E97: UN | F97: 12 | G97: 1133.29 | H97: =TRUNC(G97+(G97*$I$4),2) -> 1411.15 | I97: =TRUNC(H97*F97,2) -> 16933.8 | J97: =I97/$I$447 -> 0.0084130326 | L97: =TRUNC(G97*$I$4,2) -> 277.86 | M97: =F97*L97 -> 3334.32 | N97: =F97*G97 -> 13599.48 | O97: =TRUNC(N97+M97,2) -> 16933.8 | P97: =I97-O97 -> 0 | S97: =F97*G97 -> 13599.48
A98: 7.1.1.2 | B98: 90843 | C98: SINAPI | D98: KIT DE PORTA DE MADEIRA PARA PINTURA, SEMI-OCA (LEVE OU MÉDIA), PADRÃO MÉDIO, 80X210CM, ESPESSURA DE 3,5CM, ITENS INCLUSOS: DOBRADIÇAS, MONTAGEM E INSTALAÇÃO DO BATENTE, FECHADURA COM EXECUÇÃO DO FURO - FORNECIMENTO E INSTALAÇÃO. AF_12/2019 | E98: UN | F98: 10 | G98: 1057.32 | H98: =TRUNC(G98+(G98*$I$4),2) -> 1316.56 | I98: =TRUNC(H98*F98,2) -> 13165.6 | J98: =I98/$I$447 -> 0.0065409195 | L98: =TRUNC(G98*$I$4,2) -> 259.24 | M98: =F98*L98 -> 2592.4 | N98: =F98*G98 -> 10573.2 | O98: =TRUNC(N98+M98,2) -> 13165.6 | P98: =I98-O98 -> 0 | S98: =F98*G98 -> 10573.2
A99: 7.1.1.3 | B99: 110015 | C99: SBC | D99: PORTA COMPLETA MADEIRA 1 FL.1,20X2,10M-INTERNA | E99: UN | F99: 1 | G99: 1231.51 | H99: =TRUNC(G99+(G99*$I$4),2) -> 1533.46 | I99: =TRUNC(H99*F99,2) -> 1533.46 | J99: =I99/$I$447 -> 0.00076185198 | L99: =TRUNC(G99*$I$4,2) -> 301.95 | M99: =F99*L99 -> 301.95 | N99: =F99*G99 -> 1231.51 | O99: =TRUNC(N99+M99,2) -> 1533.46 | P99: =I99-O99 -> 0 | S99: =F99*G99 -> 1231.51
A100: 7.1.1.4 | B100: 23.08.242 | C100: CPOS/CDHU | D100: PORTA LISA DE CORRER SUSPENSA EM MADEIRA COM BATENTE | E100: M² | F100: 14.39 | G100: 544.69 | H100: =TRUNC(G100+(G100*$I$4),2) -> 678.24 | I100: =TRUNC(H100*F100,2) -> 9759.87 | J100: =I100/$I$447 -> 0.0048488883 | L100: =TRUNC(G100*$I$4,2) -> 133.55 | M100: =F100*L100 -> 1921.7845 | N100: =F100*G100 -> 7838.0891 | O100: =TRUNC(N100+M100,2) -> 9759.87 | P100: =I100-O100 -> 0 | S100: =F100*G100 -> 7838.0891
A101: 7.1.1.5 | B101: CPU2425 | C101: Próprio | D101: PORTA DE MADEIRA COM VIDRO, 2 FOLHAS, ABERTURA DE GIRO COM ACABAMENTO EM PINTURA BRANCA | E101: UN | F101: 1 | G101: =COMPOSIÇÃO!L108 -> 2564.58 | H101: =TRUNC(G101+(G101*$I$4),2) -> 3193.38 | I101: =TRUNC(H101*F101,2) -> 3193.38 | J101: =I101/$I$447 -> 0.0015865317 | L101: =TRUNC(G101*$I$4,2) -> 628.8 | M101: =F101*L101 -> 628.8 | N101: =F101*G101 -> 2564.58 | O101: =TRUNC(N101+M101,2) -> 3193.38 | P101: =I101-O101 -> 0 | S101: =F101*G101 -> 2564.58
A102: 7.1.1.6 | B102: 110016 | C102: SBC | D102: PORTA COMPLETA MADEIRA 2 FL.1,60X2,10M LISA FER.VAI-E-VEM | E102: UN | F102: 2 | G102: 1616.74 | H102: =TRUNC(G102+(G102*$I$4),2) -> 2013.14 | I102: =TRUNC(H102*F102,2) -> 4026.28 | J102: =I102/$I$447 -> 0.0020003322 | L102: =TRUNC(G102*$I$4,2) -> 396.4 | M102: =F102*L102 -> 792.8 | N102: =F102*G102 -> 3233.48 | O102: =TRUNC(N102+M102,2) -> 4026.28 | P102: =I102-O102 -> 0 | S102: =F102*G102 -> 3233.48
A103: 7.2 | D103: ESQUADRIAS DE ALUMÍNIO | L103: =TRUNC(G103*$I$4,2) -> 0 | M103: =F103*L103 -> 0 | N103: =F103*G103 -> 0 | O103: =TRUNC(N103+M103,2) -> 0 | P103: =I103-O103 -> 0 | S103: =F103*G103 -> 0
A104: 7.2.1 | D104: PORTAS DE ALUMÍNIO | L104: =TRUNC(G104*$I$4,2) -> 0 | M104: =F104*L104 -> 0 | N104: =F104*G104 -> 0 | O104: =TRUNC(N104+M104,2) -> 0 | P104: =I104-O104 -> 0 | S104: =F104*G104 -> 0
A105: 7.2.1.1 | B105: 91338 | C105: SINAPI | D105: PORTA DE ALUMÍNIO DE ABRIR COM LAMBRI, COM GUARNIÇÃO, FIXAÇÃO COM PARAFUSOS - FORNECIMENTO E INSTALAÇÃO. AF_12/2019 | E105: M² | F105: 9.87 | G105: 806.47 | H105: =TRUNC(G105+(G105*$I$4),2) -> 1004.2 | I105: =TRUNC(H105*F105,2) -> 9911.45 | J105: =I105/$I$447 -> 0.0049241961 | L105: =TRUNC(G105*$I$4,2) -> 197.73 | M105: =F105*L105 -> 1951.5951 | N105: =F105*G105 -> 7959.8589 | O105: =TRUNC(N105+M105,2) -> 9911.45 | P105: =I105-O105 -> 0 | S105: =F105*G105 -> 7959.8589
A106: 7.2.1.2 | B106: 25.02.110 | C106: CPOS/CDHU | D106: PORTA VENEZIANA DE ABRIR EM ALUMÍNIO, SOB MEDIDA | E106: M² | F106: 6.93 | G106: 1106.43 | H106: =TRUNC(G106+(G106*$I$4),2) -> 1377.71 | I106: =TRUNC(H106*F106,2) -> 9547.53 | J106: =I106/$I$447 -> 0.0047433938 | L106: =TRUNC(G106*$I$4,2) -> 271.28 | M106: =F106*L106 -> 1879.9704 | N106: =F106*G106 -> 7667.5599 | O106: =TRUNC(N106+M106,2) -> 9547.53 | P106: =I106-O106 -> 0 | S106: =F106*G106 -> 7667.5599
A107: 7.2.1.3 | B107: 14.003.0205-0 | C107: EMOP | D107: PORTA DE ALUMINIO ANODIZADO AO NATURAL,EM 2 FOLHAS DE ABRIR, TENDO 1 CONTRAPINAZIO DIVIDINDO A ESQUADRIA EM 2 VAZIOS PARA VIDRO,EM PERFIS SERIE 25,EXCLUSIVE FECHADURA.FORNECIMENTO E COLOCACAO | E107: M² | F107: 20.28 | G107: 1205.83 | H107: =TRUNC(G107+(G107*$I$4),2) -> 1501.48 | I107: =TRUNC(H107*F107,2) -> 30450.01 | J107: =I107/$I$447 -> 0.015128142 | L107: =TRUNC(G107*$I$4,2) -> 295.65 | M107: =F107*L107 -> 5995.782 | N107: =F107*G107 -> 24454.232 | O107: =TRUNC(N107+M107,2) -> 30450.01 | P107: =I107-O107 -> 0 | S107: =F107*G107 -> 24454.232
...

Sheet DADOS GERAIS
B2: DADOS GERAIS
B8: Secretaria de Atenção Especializada à Saúde
B9: =C15 -> Unidade Básica de Saúde Porte 1 - Área Construída: 389,78m²
B11: Bancos:
B12: SINAPI (03/2024) - CPOS/CDHU (03/2024) - SBC (03/2024) - ORSE (03/2024) - IOPES (03/2024) - EMOP (03/2024)
B15: Obra: | C15: Unidade Básica de Saúde Porte 1 - Área Construída: 389,78m²
B16: Local: | C16: Ministério da Saúde - Departamento de Estratégias e Políticas de Saúde Comunitária
B17: Região: | C17: SP
B18: Data Base: | C18: 45352
B19: BDI Geral (%): | C19: ='BDI DESONERADO'!E35 -> 0.24518701
B20: BDI Equipamentos (%): | C20: ='BDI DESONERADO'!F35 -> 0.16857591
B21: Área construída (m²): | C21: 389.78
B22: Data: | C22: 30/08/2024
B23: Revisão: | C23: 03
B24: Responsável Técnico pelo Orçamento: | C24: Thaís Ferreira Pellaquim
B25: Cargo Responsável Técnico: | C25: Engenheira Civil - CREA MG 247749/D
B31: ________________________________________________________________________________
B32: =C24 -> Thaís Ferreira Pellaquim
B33: =C25 -> Engenheira Civil - CREA MG 247749/D

Sheet CRONOGRAMA
A2: CRONOGRAMA FÍSICO/FINANCEIRO
A3: OBRA: | B3: Unidade Básica de Saúde - Porte 1 - UBS Leandro Ferreira
A4: ENDEREÇO: Rua Valentin Alves de Gois, S/N, Altino Quirino, Leandro Ferreira
A5: ITEM | B5: DESCRIÇÃO | C5: % | D5: 1º MÊS | E5: 2º MÊS | F5: 3º MÊS | G5: 4º MÊS | H5: 5º MÊS | I5: 6º MÊS | J5: 7º MÊS | K5: 8º MÊS | L5: 9º MÊS | M5: 10º MÊS | N5: 11º MÊS | O5: 12º MÊS | P5: TOTAL
A6: 1 | B6: ='ORC. A LICITAR'!D12 -> SERVIÇOS PRELIMINARES E INDIRETOS | C6: ='ORC. A LICITAR'!J12 -> 0.016266761 | D6: =D7/C7 -> 0.27766504 | E6: =E7/C7 -> 0.065666814 | F6: =E6 -> 0.065666814 | G6: =F6 -> 0.065666814 | H6: =G6 -> 0.065666814 | I6: =H6 -> 0.065666814 | J6: =I6 -> 0.065666814 | K6: =J6 -> 0.065666814 | L6: =K6 -> 0.065666814 | M6: =L6 -> 0.065666814 | ... O6: =N6 -> 0.065666814 | P6: =SUM(D6:O6) -> 1
C7: ='ORC. A LICITAR'!I12 -> 32741.83 | D7: =('ORC. A LICITAR'!I16+'ORC. A LICITAR'!I15+'ORC. A LICITAR'!I14)+('ORC. A LICITAR'!I18/12) -> 9091.2617 | E7: ='ORC. A LICITAR'!I18/12 -> 2150.0517 | F7: =E7 -> 2150.0517 | G7: =F7 -> 2150.0517 | H7: =G7 -> 2150.0517 | I7: =H7 -> 2150.0517 | J7: =I7 -> 2150.0517 | K7: =J7 -> 2150.0517 | L7: =K7 -> 2150.0517 | M7: =L7 -> 2150.0517 | ... O7: =N7 -> 2150.0517 | P7: =SUM(D7:O7) -> 32741.83
A8: 2 | B8: ='ORC. A LICITAR'!D19 -> FUNDAÇÃO | C8: ='ORC. A LICITAR'!J19 -> 0.10836817 | D8: 0.9 | E8: 0.1 | P8: =SUM(D8:O8) -> 1
C9: ='ORC. A LICITAR'!I19 -> 218124.07 | D9: =D8*C9 -> 196311.66 | E9: =E8*C9 -> 21812.407 | P9: =SUM(D9:O9) -> 218124.07
A10: 3 | B10: ='ORC. A LICITAR'!D36 -> ESTRUTURA | C10: ='ORC. A LICITAR'!J36 -> 0.14394183 | D10: 0.05 | E10: 0.1 | F10: 0.25 | G10: 0.25 | H10: 0.35 | P10: =SUM(D10:O10) -> 1
C11: ='ORC. A LICITAR'!I36 -> 289726.94 | D11: =D10*C11 -> 14486.347 | E11: =E10*C11 -> 28972.694 | F11: =F10*C11 -> 72431.735 | G11: =G10*C11 -> 72431.735 | H11: =H10*C11 -> 101404.43 | P11: =SUM(D11:O11) -> 289726.94
A12: 4 | B12: ='ORC. A LICITAR'!D66 -> ALVENARIA, VEDAÇÕES E DIVISÓRIAS | C12: ='ORC. A LICITAR'!J66 -> 0.091326262 | E12: 0.05 | F12: 0.2 | G12: 0.3 | H12: 0.15 | I12: 0.1 | K12: 0.1 | L12: 0.1 | P12: =SUM(D12:O12) -> 1
C13: ='ORC. A LICITAR'!I66 -> 183822.02 | E13: =E12*C13 -> 9191.101 | F13: =F12*C13 -> 36764.404 | G13: =G12*C13 -> 55146.606 | H13: =H12*C13 -> 27573.303 | I13: =I12*C13 -> 18382.202 | K13: =K12*C13 -> 18382.202 | L13: =L12*C13 -> 18382.202 | P13: =SUM(D13:O13) -> 183822.02
A14: 5 | B14: ='ORC. A LICITAR'!D81 -> COBERTURA | C14: ='ORC. A LICITAR'!J81 -> 0.054347581 | I14: 0.5 | J14: 0.5 | P14: =SUM(D14:O14) -> 1
C15: ='ORC. A LICITAR'!I81 -> 109391.12 | I15: =I14*C15 -> 54695.56 | J15: =J14*C15 -> 54695.56 | P15: =SUM(D15:O15) -> 109391.12
A16: 6 | B16: ='ORC. A LICITAR'!D91 -> IMPERMEABILIZAÇÃO | C16: ='ORC. A LICITAR'!J91 -> 0.0067998019 | J16: 1 | P16: =SUM(D16:O16) -> 1
C17: ='ORC. A LICITAR'!I91 -> 13686.68 | J17: =J16*C17 -> 13686.68 | P17: =SUM(D17:O17) -> 13686.68
A18: 7 | B18: ='ORC. A LICITAR'!D94 -> ESQUADRIAS | C18: ='ORC. A LICITAR'!J94 -> 0.10792924 | K18: 0.2 | L18: 0.2 | M18: 0.2 | N18: 0.2 | O18: 0.2 | P18: =SUM(D18:O18) -> 1
C19: ='ORC. A LICITAR'!I94 -> 217240.59 | K19: =K18*C19 -> 43448.118 | L19: =L18*C19 -> 43448.118 | M19: =M18*C19 -> 43448.118 | N19: =N18*C19 -> 43448.118 | O19: =O18*C19 -> 43448.118 | P19: =SUM(D19:O19) -> 217240.59
A20: 8 | B20: ='ORC. A LICITAR'!D125 -> REVESTIMENTO DE PAREDE | C20: ='ORC. A LICITAR'!J125 -> 0.034378947 | I20: 0.3 | J20: 0.7 | P20: =SUM(D20:O20) -> 1
C21: ='ORC. A LICITAR'!I125 -> 69198.14 | I21: =I20*C21 -> 20759.442 | J21: =J20*C21 -> 48438.698 | P21: =SUM(D21:O21) -> 69198.14
A22: 9 | B22: ='ORC. A LICITAR'!D132 -> REVESTIMENTO DE PISO INTERNO | C22: ='ORC. A LICITAR'!J132 -> 0.052869023 | E22: 0.8 | F22: 0.2 | P22: =SUM(D22:O22) -> 1
C23: ='ORC. A LICITAR'!I132 -> 106415.07 | E23: =E22*C23 -> 85132.056 | F23: =F22*C23 -> 21283.014 | P23: =SUM(D23:O23) -> 106415.07
A24: 10 | B24: ='ORC. A LICITAR'!D140 -> REVESTIMENTO DE PISO EXTERNO | C24: ='ORC. A LICITAR'!J140 -> 0.010128345 | L24: 1 | P24: =SUM(D24:O24) -> 1
C25: ='ORC. A LICITAR'!I140 -> 20386.39 | L25: =L24*C25 -> 20386.39 | P25: =SUM(D25:O25) -> 20386.39
A26: 11 | B26: ='ORC. A LICITAR'!D143 -> REVESTIMENTO DE TETO | C26: ='ORC. A LICITAR'!J143 -> 0.01560079 | K26: 1 | P26: =SUM(D26:O26) -> 1
C27: ='ORC. A LICITAR'!I143 -> 31401.36 | K27: =K26*C27 -> 31401.36 | P27: =SUM(D27:O27) -> 31401.36
A28: 12 | B28: ='ORC. A LICITAR'!D149 -> PINTURA | C28: ='ORC. A LICITAR'!J149 -> 0.038490839 | L28: 0.1 | M28: 0.5 | N28: 0.4 | P28: =SUM(D28:O28) -> 1
C29: ='ORC. A LICITAR'!I149 -> 77474.58 | L29: =L28*C29 -> 7747.458 | M29: =M28*C29 -> 38737.29 | N29: =N28*C29 -> 30989.832 | P29: =SUM(D29:O29) -> 77474.58
A30: 13 | B30: ='ORC. A LICITAR'!D161 -> MARMORARIA | C30: ='ORC. A LICITAR'!J161 -> 0.0055160615 | N30: 1 | P30: =SUM(D30:O30) -> 1
C31: ='ORC. A LICITAR'!I161 -> 11102.76 | N31: =N30*C31 -> 11102.76 | P31: =SUM(D31:O31) -> 11102.76
A32: 14 | B32: ='ORC. A LICITAR'!D163 -> LOUÇAS, METAIS E ACESSÓRIOS | C32: ='ORC. A LICITAR'!J163 -> 0.030289163 | M32: 0.5 | N32: 0.5 | P32: =SUM(D32:O32) -> 1
C33: ='ORC. A LICITAR'!I163 -> 60966.2 | M33: =M32*C33 -> 30483.1 | N33: =N32*C33 -> 30483.1 | P33: =SUM(D33:O33) -> 60966.2
A34: 15 | B34: ='ORC. A LICITAR'!D189 -> INSTALAÇÕES HIDROSSANITÁRIAS | C34: ='ORC. A LICITAR'!J189 -> 0.067813004 | E34: 0.05 | F34: 0.05 | G34: 0.1 | H34: 0.1 | I34: 0.1 | J34: 0.1 | K34: 0.1 | L34: 0.2 | M34: 0.2 | P34: =SUM(D34:O34) -> 1
C35: ='ORC. A LICITAR'!I189 -> 136494.4 | E35: =E34*C35 -> 6824.72 | F35: =F34*C35 -> 6824.72 | G35: =G34*C35 -> 13649.44 | H35: =H34*C35 -> 13649.44 | I35: =I34*C35 -> 13649.44 | J35: =J34*C35 -> 13649.44 | K35: =K34*C35 -> 13649.44 | L35: =L34*C35 -> 27298.88 | M35: =M34*C35 -> 27298.88 | P35: =SUM(D35:O35) -> 136494.4
A36: 16 | B36: ='ORC. A LICITAR'!D304 -> INSTALAÇÕES ELÉTRICAS | C36: ='ORC. A LICITAR'!J304 -> 0.11159859 | G36: 0.1 | H36: 0.1 | I36: 0.1 | J36: 0.1 | M36: 0.3 | N36: 0.3 | P36: =SUM(D36:O36) -> 1
C37: ='ORC. A LICITAR'!I304 -> 224626.28 | G37: =G36*C37 -> 22462.628 | H37: =H36*C37 -> 22462.628 | I37: =I36*C37 -> 22462.628 | J37: =J36*C37 -> 22462.628 | M37: =M36*C37 -> 67387.884 | N37: =N36*C37 -> 67387.884 | P37: =SUM(D37:O37) -> 224626.28
A38: 17 | B38: ='ORC. A LICITAR'!D397 -> CLIMATIZAÇÃO | C38: ='ORC. A LICITAR'!J397 -> 0.042171428 | K38: 0.3 | L38: 0.3 | M38: 0.4 | P38: =SUM(D38:O38) -> 1
C39: ='ORC. A LICITAR'!I397 -> 84882.89 | K39: =K38*C39 -> 25464.867 | L39: =L38*C39 -> 25464.867 | M39: =M38*C39 -> 33953.156 | P39: =SUM(D39:O39) -> 84882.89
A40: 18 | B40: ='ORC. A LICITAR'!D411 -> DADOS E VOZ | C40: ='ORC. A LICITAR'!J411 -> 0.0042903545 | N40: 0.6 | O40: 0.4 | P40: =SUM(D40:O40) -> 1
C41: ='ORC. A LICITAR'!I411 -> 8635.65 | N41: =N40*C41 -> 5181.39 | O41: =O40*C41 -> 3454.26 | P41: =SUM(D41:O41) -> 8635.65
A42: 19 | B42: ='ORC. A LICITAR'!D420 -> GASES MEDICINAIS | C42: ='ORC. A LICITAR'!J420 -> 0.0074038195 | N42: 0.6 | O42: 0.4 | P42: =SUM(D42:O42) -> 1
C43: ='ORC. A LICITAR'!I420 -> 14902.45 | N43: =N42*C43 -> 8941.47 | O43: =O42*C43 -> 5960.98 | P43: =SUM(D43:O43) -> 14902.45
A44: 20 | B44: ='ORC. A LICITAR'!D432 -> URBANIZAÇÃO | C44: ='ORC. A LICITAR'!J432 -> 0.048785235 | E44: 0.15 | K44: 0.2 | L44: 0.2 | N44: 0.1 | O44: 0.35 | P44: =SUM(D44:O44) -> 1
C45: ='ORC. A LICITAR'!I432 -> 98195.2 | E45: =E44*C45 -> 14729.28 | K45: =K44*C45 -> 19639.04 | L45: =L44*C45 -> 19639.04 | N45: =N44*C45 -> 9819.52 | O45: =O44*C45 -> 34368.32 | P45: =SUM(D45:O45) -> 98195.2
A46: 21 | B46: ='ORC. A LICITAR'!D441 -> SERVIÇOS COMPLEMENTARES | C46: ='ORC. A LICITAR'!J441 -> 0.0016847528 | O46: 1 | P46: =SUM(D46:O46) -> 1
C47: ='ORC. A LICITAR'!I441 -> 3391.08 | O47: =O46*C47 -> 3391.08 | P47: =SUM(D47:O47) -> 3391.08
A48: TOTAIS | C48: =C6+C8+C10+C12+C14+C16+C18+C20+C22+C24+C26+C28+C30+C32+C34+C36+C38+C40+C42+C44+C46 -> 1 | D48: =D49/C49 -> 0.10924516 | E48: =E49/C49 -> 0.083869153 | F48: =F49/C49 -> 0.069283351 | G48: =G49/C49 -> 0.082392682 | H48: =H49/C49 -> 0.083087926 | I48: =I49/C49 -> 0.065629446 | J48: =J49/C49 -> 0.077048201 | K48: =K49/C49 -> 0.076577227 | L48: =L49/C49 -> 0.081735165 | M48: =M49/C49 -> 0.12095478 | N48: =N49/C49 -> 0.10408562 | O48: =O49/C49 -> 0.046091289 | P48: =SUM(D48:O48) -> 1
C49: =C7+C9+C11+C13+C15+C17+C19++C23+C21+C25+C27+C29+C31+C33+C35+C37+C39+C41+C43+C45+C47 -> 2012805.7 | D49: =D7+D9+D11+D13+D15+D17+D19++D23+D21+D25+D27+D29+D31+D33+D35+D37+D39+D41+D43+D45+D47 -> 219889.27 | E49: =E7+E9+E11+E13+E15+E17+E19++E23+E21+E25+E27+E29+E31+E33+E35+E37+E39+E41+E43+E45+E47 -> 168812.31 | F49: =F7+F9+F11+F13+F15+F17+F19++F23+F21+F25+F27+F29+F31+F33+F35+F37+F39+F41+F43+F45+F47 -> 139453.92 | G49: =G7+G9+G11+G13+G15+G17+G19++G23+G21+G25+G27+G29+G31+G33+G35+G37+G39+G41+G43+G45+G47 -> 165840.46 | H49: =H7+H9+H11+H13+H15+H17+H19++H23+H21+H25+H27+H29+H31+H33+H35+H37+H39+H41+H43+H45+H47 -> 167239.85 | I49: =I7+I9+I11+I13+I15+I17+I19++I23+I21+I25+I27+I29+I31+I33+I35+I37+I39+I41+I43+I45+I47 -> 132099.32 | J49: =J7+J9+J11+J13+J15+J17+J19++J23+J21+J25+J27+J29+J31+J33+J35+J37+J39+J41+J43+J45+J47 -> 155083.06 | ... O49: =O7+O9+O11+O13+O15+O17+O19++O23+O21+O25+O27+O29+O31+O33+O35+O37+O39+O41+O43+O45+O47 -> 92772.81 | P49: =SUM(D49:O49) -> 2012805.7

Sheet RESUMO
B2: PLANILHA RESUMO
B8: ='DADOS GERAIS'!B8 -> Secretaria de Atenção Especializada à Saúde | E8: ='DADOS GERAIS'!$B$22 -> Data:
B9: ='DADOS GERAIS'!B9 -> Unidade Básica de Saúde Porte 1 - Área Construída: 389,78m² | D9: ='ORC. SINTÉTICO'!I4 -> 0.24518701 | E9: 21/02/2025
B11: ='DADOS GERAIS'!B11 -> Bancos:
B12: ='ORC. SINTÉTICO'!B8:H8 -> SBC (05/24), SBC (02/25), SBC (12/24), ORSE (12/24), SINAPI (01/25), SETOP (10/24), SICRO (10/24), IOPES (11/24), CPOS (11/24)
B15: ITEM | C15: DESCRIÇÃO | D15: PREÇO | E15: %
B17: 1 | C17: =INDEX('ORC. SINTÉTICO'!$D:$D,MATCH($B17,'ORC. SINTÉTICO'!$A:$A,0)) -> SERVIÇOS PRELIMINARES E INDIRETOS | D17: ='ORC. A LICITAR'!I12 -> 32741.83 | E17: =IFERROR(D17/$D$39,"-") -> 0.016266761
B18: 2 | C18: =INDEX('ORC. SINTÉTICO'!$D:$D,MATCH($B18,'ORC. SINTÉTICO'!$A:$A,0)) -> FUNDAÇÃO | D18: ='ORC. A LICITAR'!I19 -> 218124.07 | E18: =IFERROR(D18/$D$39,"-") -> 0.10836817
B19: 3 | C19: =INDEX('ORC. SINTÉTICO'!$D:$D,MATCH($B19,'ORC. SINTÉTICO'!$A:$A,0)) -> ESTRUTURA | D19: ='ORC. A LICITAR'!I36 -> 289726.94 | E19: =IFERROR(D19/$D$39,"-") -> 0.14394183
B20: 4 | C20: =INDEX('ORC. SINTÉTICO'!$D:$D,MATCH($B20,'ORC. SINTÉTICO'!$A:$A,0)) -> ALVENARIA, VEDAÇÕES E DIVISÓRIAS | D20: ='ORC. A LICITAR'!I66 -> 183822.02 | E20: =IFERROR(D20/$D$39,"-") -> 0.091326262
B21: 5 | C21: =INDEX('ORC. SINTÉTICO'!$D:$D,MATCH($B21,'ORC. SINTÉTICO'!$A:$A,0)) -> COBERTURA | D21: ='ORC. A LICITAR'!I81 -> 109391.12 | E21: =IFERROR(D21/$D$39,"-") -> 0.054347581
B22: 6 | C22: =INDEX('ORC. SINTÉTICO'!$D:$D,MATCH($B22,'ORC. SINTÉTICO'!$A:$A,0)) -> IMPERMEABILIZAÇÃO | D22: ='ORC. A LICITAR'!I91 -> 13686.68 | E22: =IFERROR(D22/$D$39,"-") -> 0.0067998019
B23: 7 | C23: =INDEX('ORC. SINTÉTICO'!$D:$D,MATCH($B23,'ORC. SINTÉTICO'!$A:$A,0)) -> ESQUADRIAS | D23: ='ORC. A LICITAR'!I94 -> 217240.59 | E23: =IFERROR(D23/$D$39,"-") -> 0.10792924
B24: 8 | C24: =INDEX('ORC. SINTÉTICO'!$D:$D,MATCH($B24,'ORC. SINTÉTICO'!$A:$A,0)) -> REVESTIMENTO DE PAREDE | D24: ='ORC. A LICITAR'!I125 -> 69198.14 | E24: =IFERROR(D24/$D$39,"-") -> 0.034378947
B25: 9 | C25: =INDEX('ORC. SINTÉTICO'!$D:$D,MATCH($B25,'ORC. SINTÉTICO'!$A:$A,0)) -> REVESTIMENTO DE PISO INTERNO | D25: ='ORC. A LICITAR'!I132 -> 106415.07 | E25: =IFERROR(D25/$D$39,"-") -> 0.052869023
B26: 10 | C26: =INDEX('ORC. SINTÉTICO'!$D:$D,MATCH($B26,'ORC. SINTÉTICO'!$A:$A,0)) -> REVESTIMENTO DE PISO EXTERNO | D26: ='ORC. A LICITAR'!I140 -> 20386.39 | E26: =IFERROR(D26/$D$39,"-") -> 0.010128345
B27: 11 | C27: =INDEX('ORC. SINTÉTICO'!$D:$D,MATCH($B27,'ORC. SINTÉTICO'!$A:$A,0)) -> REVESTIMENTO DE TETO | D27: ='ORC. A LICITAR'!I143 -> 31401.36 | E27: =IFERROR(D27/$D$39,"-") -> 0.01560079
B28: 12 | C28: =INDEX('ORC. SINTÉTICO'!$D:$D,MATCH($B28,'ORC. SINTÉTICO'!$A:$A,0)) -> PINTURA | D28: ='ORC. A LICITAR'!I149 -> 77474.58 | E28: =IFERROR(D28/$D$39,"-") -> 0.038490839
B29: 13 | C29: =INDEX('ORC. SINTÉTICO'!$D:$D,MATCH($B29,'ORC. SINTÉTICO'!$A:$A,0)) -> MARMORARIA | D29: ='ORC. A LICITAR'!I161 -> 11102.76 | E29: =IFERROR(D29/$D$39,"-") -> 0.0055160615
B30: 14 | C30: =INDEX('ORC. SINTÉTICO'!$D:$D,MATCH($B30,'ORC. SINTÉTICO'!$A:$A,0)) -> LOUÇAS, METAIS E ACESSÓRIOS | D30: ='ORC. A LICITAR'!I163 -> 60966.2 | E30: =IFERROR(D30/$D$39,"-") -> 0.030289163
B31: 15 | C31: =INDEX('ORC. SINTÉTICO'!$D:$D,MATCH($B31,'ORC. SINTÉTICO'!$A:$A,0)) -> INSTALAÇÕES HIDROSSANITÁRIAS | D31: ='ORC. A LICITAR'!I189 -> 136494.4 | E31: =IFERROR(D31/$D$39,"-") -> 0.067813004
B32: 16 | C32: =INDEX('ORC. SINTÉTICO'!$D:$D,MATCH($B32,'ORC. SINTÉTICO'!$A:$A,0)) -> INSTALAÇÕES ELÉTRICAS | D32: ='ORC. A LICITAR'!I304 -> 224626.28 | E32: =IFERROR(D32/$D$39,"-") -> 0.11159859
B33: 17 | C33: =INDEX('ORC. SINTÉTICO'!$D:$D,MATCH($B33,'ORC. SINTÉTICO'!$A:$A,0)) -> CLIMATIZAÇÃO | D33: ='ORC. A LICITAR'!I397 -> 84882.89 | E33: =IFERROR(D33/$D$39,"-") -> 0.042171428
B34: 18 | C34: =INDEX('ORC. SINTÉTICO'!$D:$D,MATCH($B34,'ORC. SINTÉTICO'!$A:$A,0)) -> DADOS E VOZ | D34: ='ORC. A LICITAR'!I411 -> 8635.65 | E34: =IFERROR(D34/$D$39,"-") -> 0.0042903545
B35: 19 | C35: =INDEX('ORC. SINTÉTICO'!$D:$D,MATCH($B35,'ORC. SINTÉTICO'!$A:$A,0)) -> GASES MEDICINAIS | D35: ='ORC. A LICITAR'!I420 -> 14902.45 | E35: =IFERROR(D35/$D$39,"-") -> 0.0074038195
B36: 20 | C36: =INDEX('ORC. SINTÉTICO'!$D:$D,MATCH($B36,'ORC. SINTÉTICO'!$A:$A,0)) -> URBANIZAÇÃO | D36: ='ORC. A LICITAR'!I432 -> 98195.2 | E36: =IFERROR(D36/$D$39,"-") -> 0.048785235
B37: 21 | C37: =INDEX('ORC. SINTÉTICO'!$D:$D,MATCH($B37,'ORC. SINTÉTICO'!$A:$A,0)) -> SERVIÇOS COMPLEMENTARES | D37: ='ORC. A LICITAR'!I441 -> 3391.08 | E37: =IFERROR(D37/$D$39,"-") -> 0.0016847528
B39: TOTAL | D39: =SUBTOTAL(9,D17:D37) -> 2012805.7 | E39: =SUBTOTAL(9,E17:E37) -> 1
B41: Notas:
B42: Estão exclusos do escopo: movimentação de terra, mobiliário e equipamentos, bate-macas, chapas metálicas das portas, instalações de automação, CFTV, energia fotovoltaica, controle de acesso, CATV, sonorização, luminárias externas, compressor odontológico e bomba de vacuo odontológico portatéis e equipamentos de ar condicionado.
B49: ________________________________________________________________________________
B50: EDSON TADEU DE SOUZA
B51: CREA/MG: 82.447/D

Sheet CPUS
B2: COMPOSIÇÕES ANALÍTICAS DE PREÇOS UNITÁRIOS
B8: ='DADOS GERAIS'!$B$8 -> Secretaria de Atenção Especializada à Saúde | G8: =#REF! -> #REF! | I8: =RESUMO!D8 -> 0 | L8: ='DADOS GERAIS'!$B$22 -> Data:
B9: ='DADOS GERAIS'!$B$9 -> Unidade Básica de Saúde Porte 1 - Área Construída: 389,78m² | G9: =#REF! -> #REF! | I9: =RESUMO!D9 -> 0.24518701 | L9: ='DADOS GERAIS'!$C$22 -> 30/08/2024
B11: =RESUMO!B11 -> Bancos: | G11: =#REF! -> #REF! | I11: =RESUMO!D11 -> 0 | L11: ='DADOS GERAIS'!$B$23 -> Revisão:
B12: ='DADOS GERAIS'!$B$12 -> SINAPI (03/2024) - CPOS/CDHU (03/2024) - SBC (03/2024) - ORSE (03/2024) - IOPES (03/2024) - EMOP (03/2024) | G12: =#REF! -> #REF! | I12: =RESUMO!D12 -> 0 | L12: ='DADOS GERAIS'!$C$23 -> 03
B15: Item | C15: Código | D15: Banco | E15: Descrição | G15: Und | H15: Und | I15: Quant. | L15: Total
B17: Composições Principais
B18: 1.3.1 | C18: Código | D18: Banco | E18: Descrição | F18: Tipo | H18: Und | I18: Quant. | J18: Porcent. | K18: Valor Unit | L18: Total
B19: Composição | C19: CPU2287 | D19: Próprio | E19: MOBILIZAÇÃO E DESMOBILIZAÇÃO DE OBRA EM CENTRO URBANO OU REGIÃO LIMÍTROFE COM VALOR ENTRE 1.000.000,01 E 3.000.000,00 (0,30%) | F19: SERP - SERVIÇOS PRELIMINARES | H19: UN | I19: 1
B20: Insumo | C20: 6702001 | D20: Próprio | E20: MOBILIZAÇÃO E DESMOBILIZAÇÃO DE OBRA EM CENTRO URBANO OU REGIÃO LIMÍTROFE COM VALOR ENTRE 1.000.000,01 E 3.000.000,00 (0,30%) | F20: Serviços | H20: UN | I20: 1 | J20: 0
G21: MO sem LS => | I21: LS => | J21: 0 | K21: MO com LS =>
G22: Valor do BDI => | J22: Valor com BDI =>
B24: 1.4.1 | C24: Código | D24: Banco | E24: Descrição | F24: Tipo | H24: Und | I24: Quant. | J24: Porcent. | K24: Valor Unit | L24: Total
B25: Composição | C25: CPU1926 | D25: Próprio | E25: LOCACAO DE ANDAIME METALICO TIPO FACHADEIRO, PECAS COM APROXIMADAMENTE 1,20 M DE LARGURA E 2,0 M DE ALTURA, INCLUINDO DIAGONAIS EM X, BARRAS DE LIGACAO, SAPATAS E DEMAIS ITENS NECESSARIOS A MONTAGEM, INCLUSIVE MONTAGEM E DESMONTAGEM | F25: ASTU - ASSENTAMENTO DE TUBOS E PECAS | H25: M2XMÊS | I25: 1
B26: Composição Auxiliar | C26: 97063 | D26: SINAPI | E26: MONTAGEM E DESMONTAGEM DE ANDAIME MODULAR FACHADEIRO, COM PISO METÁLICO, PARA EDIFÍCIOS COM MULTIPLOS PAVIMENTOS (EXCLUSIVE ANDAIME E LIMPEZA). AF_03/2024 | F26: SEDI - SERVIÇOS DIVERSOS | H26: m² | I26: 0.416 | J26: 0
B27: Insumo | C27: 00020193 | D27: SINAPI | E27: LOCACAO DE ANDAIME METALICO TIPO FACHADEIRO, PECAS COM APROXIMADAMENTE 1,20 M DE LARGURA E 2,0 M DE ALTURA, INCLUINDO DIAGONAIS EM X, BARRAS DE LIGACAO, SAPATAS E DEMAIS ITENS NECESSARIOS A MONTAGEM (NAO INCLUI INSTALACAO) | F27: Equipamento | H27: M2/MES | I27: 1 | J27: 0
G28: MO sem LS => | I28: LS => | J28: 0 | K28: MO com LS =>
G29: Valor do BDI => | J29: Valor com BDI =>
B31: 3.1.6 | C31: Código | D31: Banco | E31: Descrição | F31: Tipo | H31: Und | I31: Quant. | J31: Porcent. | K31: Valor Unit | L31: Total
B32: Composição | C32: CPU2284 | D32: Próprio | E32: CONCRETAGEM DE PILARES, FCK = 30 MPA, COM USO DE BOMBA - LANÇAMENTO, ADENSAMENTO E ACABAMENTO. AF_02/2022_PS | F32: FUES - FUNDAÇÕES E ESTRUTURAS | H32: m³ | I32: 1
B33: Composição Auxiliar | C33: 88316 | D33: SINAPI | E33: SERVENTE COM ENCARGOS COMPLEMENTARES | F33: SEDI - SERVIÇOS DIVERSOS | H33: H | I33: 1.345 | J33: 0
B34: Composição Auxiliar | C34: 88309 | D34: SINAPI | E34: PEDREIRO COM ENCARGOS COMPLEMENTARES | F34: SEDI - SERVIÇOS DIVERSOS | H34: H | I34: 0.224 | J34: 0
B35: Composição Auxiliar | C35: 90587 | D35: SINAPI | E35: VIBRADOR DE IMERSÃO, DIÂMETRO DE PONTEIRA 45MM, MOTOR ELÉTRICO TRIFÁSICO POTÊNCIA DE 2 CV - CHI DIURNO. AF_06/2015 | F35: CHOR - CUSTOS HORÁRIOS DE MÁQUINAS E EQUIPAMENTOS | H35: CHI | I35: 0.13 | J35: 0
B36: Composição Auxiliar | C36: 88262 | D36: SINAPI | E36: CARPINTEIRO DE FORMAS COM ENCARGOS COMPLEMENTARES | F36: SEDI - SERVIÇOS DIVERSOS | H36: H | I36: 0.224 | J36: 0
B37: Composição Auxiliar | C37: 90586 | D37: SINAPI | E37: VIBRADOR DE IMERSÃO, DIÂMETRO DE PONTEIRA 45MM, MOTOR ELÉTRICO TRIFÁSICO POTÊNCIA DE 2 CV - CHP DIURNO. AF_06/2015 | F37: CHOR - CUSTOS HORÁRIOS DE MÁQUINAS E EQUIPAMENTOS | H37: CHP | I37: 0.094 | J37: 0
B38: Insumo | C38: 00001525 | D38: SINAPI | E38: CONCRETO USINADO BOMBEAVEL, CLASSE DE RESISTENCIA C30, BRITA 0 E 1, SLUMP = 100 +/- 20 MM, COM BOMBEAMENTO (DISPONIBILIZACAO DE BOMBA), SEM O LANCAMENTO (NBR 8953) | F38: Material | H38: M³ | I38: 1.103 | J38: 0
G39: MO sem LS => | I39: LS => | J39: 0 | K39: MO com LS =>
G40: Valor do BDI => | J40: Valor com BDI =>
B42: 3.2.8 | C42: Código | D42: Banco | E42: Descrição | F42: Tipo | H42: Und | I42: Quant. | J42: Porcent. | K42: Valor Unit | L42: Total
B43: Composição | C43: CPU2283 | D43: Próprio | E43: CONCRETAGEM DE VIGAS E LAJES, FCK=30 MPA, PARA LAJES MACIÇAS OU NERVURADAS COM USO DE BOMBA - LANÇAMENTO, ADENSAMENTO E ACABAMENTO. | F43: FUES - FUNDAÇÕES E ESTRUTURAS | H43: m³ | I43: 1
B44: Composição Auxiliar | C44: 90587 | D44: SINAPI | E44: VIBRADOR DE IMERSÃO, DIÂMETRO DE PONTEIRA 45MM, MOTOR ELÉTRICO TRIFÁSICO POTÊNCIA DE 2 CV - CHI DIURNO. AF_06/2015 | F44: CHOR - CUSTOS HORÁRIOS DE MÁQUINAS E EQUIPAMENTOS | H44: CHI | I44: 0.131 | J44: 0
B45: Composição Auxiliar | C45: 88316 | D45: SINAPI | E45: SERVENTE COM ENCARGOS COMPLEMENTARES | F45: SEDI - SERVIÇOS DIVERSOS | H45: H | I45: 0.826 | J45: 0
B46: Composição Auxiliar | C46: 88309 | D46: SINAPI | E46: PEDREIRO COM ENCARGOS COMPLEMENTARES | F46: SEDI - SERVIÇOS DIVERSOS | H46: H | I46: 0.753 | J46: 0
B47: Composição Auxiliar | C47: 90586 | D47: SINAPI | E47: VIBRADOR DE IMERSÃO, DIÂMETRO DE PONTEIRA 45MM, MOTOR ELÉTRICO TRIFÁSICO POTÊNCIA DE 2 CV - CHP DIURNO. AF_06/2015 | F47: CHOR - CUSTOS HORÁRIOS DE MÁQUINAS E EQUIPAMENTOS | H47: CHP | I47: 0.12 | J47: 0
B48: Composição Auxiliar | C48: 88262 | D48: SINAPI | E48: CARPINTEIRO DE FORMAS COM ENCARGOS COMPLEMENTARES | F48: SEDI - SERVIÇOS DIVERSOS | H48: H | I48: 0.125 | J48: 0
B49: Insumo | C49: 00001525 | D49: SINAPI | E49: CONCRETO USINADO BOMBEAVEL, CLASSE DE RESISTENCIA C30, BRITA 0 E 1, SLUMP = 100 +/- 20 MM, COM BOMBEAMENTO (DISPONIBILIZACAO DE BOMBA), SEM O LANCAMENTO (NBR 8953) | F49: Material | H49: M³ | I49: 1.103 | J49: 0
G50: MO sem LS => | I50: LS => | J50: 0 | K50: MO com LS =>
G51: Valor do BDI => | J51: Valor com BDI =>
B53: 3.3.8 | C53: Código | D53: Banco | E53: Descrição | F53: Tipo | H53: Und | I53: Quant. | J53: Porcent. | K53: Valor Unit | L53: Total
B54: Composição | C54: CPU2101 | D54: Próprio | E54: Laje pré-fabricada unidirecional em viga treliçada/lajota em EPS LT 12 (8 + 4), exceto capa de concreto | F54: 13.01 | H54: m² | I54: 1
B55: Insumo | C55: C.06.000.022011 | D55: CPOS/CDHU | E55: LAJE PRÉ-FABRICADA UNIDIRECIONAL EM VIGA TRELIÇADA/LAJOTA EM EPS LT 12 (8 + 4) - SC = 200KGF/M² | F55: Material | H55: m² | I55: 1 | J55: 0
B56: Insumo | C56: B.01.000.010139 | D56: CPOS/CDHU | E56: PEDREIRO | F56: Mão de Obra | H56: h | I56: 0.4 | J56: 0
B57: Insumo | C57: B.01.000.010146 | D57: CPOS/CDHU | E57: SERVENTE | F57: Mão de Obra | H57: h | I57: 0.8 | J57: 0
G58: MO sem LS => | I58: LS => | J58: 0 | K58: MO com LS =>
G59: Valor do BDI => | J59: Valor com BDI =>
B61: 3.3.9 | C61: Código | D61: Banco | E61: Descrição | F61: Tipo | H61: Und | I61: Quant. | J61: Porcent. | K61: Valor Unit | L61: Total
B62: Composição | C62: CPU2100 | D62: Próprio | E62: Laje pré-fabricada unidirecional em viga treliçada/lajota em EPS LT 16 (12 + 4), exceto capa de concreto | F62: 13.01 | H62: m² | I62: 1
B63: Insumo | C63: B.01.000.010146 | D63: CPOS/CDHU | E63: SERVENTE | F63: Mão de Obra | H63: h | I63: 0.8 | J63: 0
B64: Insumo | C64: B.01.000.010139 | D64: CPOS/CDHU | E64: PEDREIRO | F64: Mão de Obra | H64: h | I64: 0.4 | J64: 0
B65: Insumo | C65: C.06.000.022012 | D65: CPOS/CDHU | E65: LAJE PRÉ-FABRICADA UNIDIRECIONAL EM VIGA TRELIÇADA/LAJOTA EM EPS LT 16 (12 + 4) - SC = 300KGF/M² | F65: Material | H65: m² | I65: 1 | J65: 0
G66: MO sem LS => | I66: LS => | J66: 0 | K66: MO com LS =>
G67: Valor do BDI => | J67: Valor com BDI =>
B69: 3.3.10 | C69: Código | D69: Banco | E69: Descrição | F69: Tipo | H69: Und | I69: Quant. | J69: Porcent. | K69: Valor Unit | L69: Total
B70: Composição | C70: CPU2102 | D70: Próprio | E70: Laje pré-fabricada unidirecional em viga treliçada/lajota em EPS LT 20 (16 + 4), exceto capa de concreto | F70: 13.01 | H70: m² | I70: 1
B71: Insumo | C71: C.06.000.022013 | D71: CPOS/CDHU | E71: LAJE PRÉ-FABRICADA UNIDIRECIONAL EM VIGA TRELIÇADA/LAJOTA EM EPS LT 20 (16 + 4) - SC = 300KGF/M² | F71: Material | H71: m² | I71: 1 | J71: 0
B72: Insumo | C72: B.01.000.010146 | D72: CPOS/CDHU | E72: SERVENTE | F72: Mão de Obra | H72: h | I72: 0.9 | J72: 0
B73: Insumo | C73: B.01.000.010139 | D73: CPOS/CDHU | E73: PEDREIRO | F73: Mão de Obra | H73: h | I73: 0.45 | J73: 0
G74: MO sem LS => | I74: LS => | J74: 0 | K74: MO com LS =>
G75: Valor do BDI => | J75: Valor com BDI =>
B77: 4.2.2 | C77: Código | D77: Banco | E77: Descrição | F77: Tipo | H77: Und | I77: Quant. | J77: Porcent. | K77: Valor Unit | L77: Total
B78: Composição | C78: CPU1942 | D78: Próprio | E78: PAREDE COM SISTEMA EM CHAPAS DE GESSO RU PARA DRYWALL, USO INTERNO, COM DUAS FACES SIMPLES E ESTRUTURA METÁLICA COM GUIAS SIMPLES PARA PAREDES COM ÁREA LÍQUIDA MAIOR OU IGUAL A 6 M2, COM VÃOS. AF_07/2023_PS | F78: PARE - PAREDES/PAINEIS | H78: m² | I78: 1
B79: Composição Auxiliar | C79: 88278 | D79: SINAPI | E79: MONTADOR DE ESTRUTURA METÁLICA COM ENCARGOS COMPLEMENTARES | F79: SEDI - SERVIÇOS DIVERSOS | H79: H | I79: 0.595 | J79: 0
B80: Composição Auxiliar | C80: 88316 | D80: SINAPI | E80: SERVENTE COM ENCARGOS COMPLEMENTARES | F80: SEDI - SERVIÇOS DIVERSOS | H80: H | I80: 0.195 | J80: 0
B81: Insumo | C81: 00039443 | D81: SINAPI | E81: PARAFUSO DRY WALL, EM ACO ZINCADO, CABECA LENTILHA E PONTA BROCA (LB), LARGURA 4,2 MM, COMPRIMENTO 13 MM | F81: Material | H81: UN | I81: 0.5441 | J81: 0
B82: Insumo | C82: 00039417 | D82: SINAPI | E82: PLACA / CHAPA DE GESSO ACARTONADO, RESISTENTE A UMIDADE (RU), COR VERDE, E = 12,5 MM, 1200 X 2400 MM (L X C) | F82: Material | H82: m² | I82: 2.106 | J82: 0
B83: Insumo | C83: 00039431 | D83: SINAPI | E83: FITA DE PAPEL MICROPERFURADO, 50 X 150 MM, PARA TRATAMENTO DE JUNTAS DE CHAPA DE GESSO PARA DRYWALL | F83: Material | H83: M | I83: 2.5027 | J83: 0
B84: Insumo | C84: 00039422 | D84: SINAPI | E84: PERFIL MONTANTE, FORMATO C, EM ACO ZINCADO, PARA ESTRUTURA PAREDE DRYWALL, E = 0,5 MM, 70 X 3000 MM (L X C) | F84: Material | H84: M | I84: 2.9139 | J84: 0
B85: Insumo | C85: 00037586 | D85: SINAPI | E85: PINO DE ACO COM ARRUELA CONICA, DIAMETRO ARRUELA = *23* MM E COMP HASTE = *27* MM (ACAO INDIRETA) | F85: Material | H85: CENTO | I85: 0.0296 | J85: 0
B86: Insumo | C86: 00039435 | D86: SINAPI | E86: PARAFUSO DRY WALL, EM ACO FOSFATIZADO, CABECA TROMBETA E PONTA AGULHA (TA), COMPRIMENTO 25 MM | F86: Material | H86: UN | I86: 20.1868 | J86: 0
B87: Insumo | C87: 00039432 | D87: SINAPI | E87: FITA DE PAPEL REFORCADA COM LAMINA DE METAL PARA REFORCO DE CANTOS DE CHAPA DE GESSO PARA DRYWALL | F87: Material | H87: M | I87: 0.7925 | J87: 0
B88: Insumo | C88: 00039434 | D88: SINAPI | E88: MASSA DE REJUNTE EM PO PARA DRYWALL, A BASE DE GESSO, SECAGEM RAPIDA, PARA TRATAMENTO DE JUNTAS DE CHAPA DE GESSO (NECESSITA ADICAO DE AGUA) | F88: Equipamento | H88: KG | I88: 1.0978 | J88: 0
B89: Insumo | C89: 00039419 | D89: SINAPI | E89: PERFIL GUIA, FORMATO U, EM ACO ZINCADO, PARA ESTRUTURA PAREDE DRYWALL, E = 0,5 MM, 70 X 3000 MM (L X C) | F89: Material | H89: M | I89: 0.9117 | J89: 0
G90: MO sem LS => | I90: LS => | J90: 0 | K90: MO com LS =>
G91: Valor do BDI => | J91: Valor com BDI =>
B93: 4.2.3 | C93: Código | D93: Banco | E93: Descrição | F93: Tipo | H93: Und | I93: Quant. | J93: Porcent. | K93: Valor Unit | L93: Total
B94: Composição | C94: CPU2285 | D94: Próprio | E94: PAREDE COM SISTEMA EM CHAPAS DE GESSO ST PARA DRYWALL COM ISOLAMENTO ACUSTICO, USO INTERNO, COM DUAS FACES SIMPLES E ESTRUTURA METÁLICA COM GUIAS SIMPLES PARA PAREDES COM ÁREA LÍQUIDA MAIOR OU IGUAL A 6 M2, COM VÃOS. | F94: PARE - PAREDES/PAINEIS | H94: m² | I94: 1
B95: Composição Auxiliar | C95: 88278 | D95: SINAPI | E95: MONTADOR DE ESTRUTURA METÁLICA COM ENCARGOS COMPLEMENTARES | F95: SEDI - SERVIÇOS DIVERSOS | H95: H | I95: 0.595 | J95: 0
B96: Composição Auxiliar | C96: 1979 | D96: ORSE | E96: Isolamento acústico c/ painel em lã de vidro e = 50mm (isover-santa marina ref psi - 30/50mm ou similar) | F96: Isolamento Acústico | H96: m² | I96: 1.02 | J96: 0
B97: Composição Auxiliar | C97: 88316 | D97: SINAPI | E97: SERVENTE COM ENCARGOS COMPLEMENTARES | F97: SEDI - SERVIÇOS DIVERSOS | H97: H | I97: 0.195 | J97: 0
B98: Insumo | C98: 00039431 | D98: SINAPI | E98: FITA DE PAPEL MICROPERFURADO, 50 X 150 MM, PARA TRATAMENTO DE JUNTAS DE CHAPA DE GESSO PARA DRYWALL | F98: Material | H98: M | I98: 2.5027 | J98: 0
B99: Insumo | C99: 00039434 | D99: SINAPI | E99: MASSA DE REJUNTE EM PO PARA DRYWALL, A BASE DE GESSO, SECAGEM RAPIDA, PARA TRATAMENTO DE JUNTAS DE CHAPA DE GESSO (NECESSITA ADICAO DE AGUA) | F99: Equipamento | H99: KG | I99: 1.0978 | J99: 0
B100: Insumo | C100: 00039413 | D100: SINAPI | E100: PLACA / CHAPA DE GESSO ACARTONADO, STANDARD (ST), COR BRANCA, E = 12,5 MM, 1200 X 2400 MM (L X C) | F100: Material | H100: m² | I100: 2.106 | J100: 0
B101: Insumo | C101: 00039435 | D101: SINAPI | E101: PARAFUSO DRY WALL, EM ACO FOSFATIZADO, CABECA TROMBETA E PONTA AGULHA (TA), COMPRIMENTO 25 MM | F101: Material | H101: UN | I101: 20.1868 | J101: 0
B102: Insumo | C102: 00039432 | D102: SINAPI | E102: FITA DE PAPEL REFORCADA COM LAMINA DE METAL PARA REFORCO DE CANTOS DE CHAPA DE GESSO PARA DRYWALL | F102: Material | H102: M | I102: 0.7925 | J102: 0
B103: Insumo | C103: 00037586 | D103: SINAPI | E103: PINO DE ACO COM ARRUELA CONICA, DIAMETRO ARRUELA = *23* MM E COMP HASTE = *27* MM (ACAO INDIRETA) | F103: Material | H103: CENTO | I103: 0.0296 | J103: 0
B104: Insumo | C104: 00039443 | D104: SINAPI | E104: PARAFUSO DRY WALL, EM ACO ZINCADO, CABECA LENTILHA E PONTA BROCA (LB), LARGURA 4,2 MM, COMPRIMENTO 13 MM | F104: Material | H104: UN | I104: 0.5441 | J104: 0
B105: Insumo | C105: 00039419 | D105: SINAPI | E105: PERFIL GUIA, FORMATO U, EM ACO ZINCADO, PARA ESTRUTURA PAREDE DRYWALL, E = 0,5 MM, 70 X 3000 MM (L X C) | F105: Material | H105: M | I105: 0.9117 | J105: 0
B106: Insumo | C106: 00039422 | D106: SINAPI | E106: PERFIL MONTANTE, FORMATO C, EM ACO ZINCADO, PARA ESTRUTURA PAREDE DRYWALL, E = 0,5 MM, 70 X 3000 MM (L X C) | F106: Material | H106: M | I106: 2.9139 | J106: 0
G107: MO sem LS => | I107: LS => | J107: 0 | K107: MO com LS =>
G108: Valor do BDI => | J108: Valor com BDI =>
B110: 4.2.4 | C110: Código | D110: Banco | E110: Descrição | F110: Tipo | H110: Und | I110: Quant. | J110: Porcent. | K110: Valor Unit | L110: Total
B111: Composição | C111: CPU2286 | D111: Próprio | E111: PAREDE COM SISTEMA EM CHAPAS DE GESSO RU PARA DRYWALL COM ISOLAMENTO ACUSTICO, USO INTERNO, COM DUAS FACES SIMPLES E ESTRUTURA METÁLICA COM GUIAS SIMPLES PARA PAREDES COM ÁREA LÍQUIDA MAIOR OU IGUAL A 6 M2, COM VÃOS. | F111: PARE - PAREDES/PAINEIS | H111: m² | I111: 1
B112: Composição Auxiliar | C112: 88316 | D112: SINAPI | E112: SERVENTE COM ENCARGOS COMPLEMENTARES | F112: SEDI - SERVIÇOS DIVERSOS | H112: H | I112: 0.195 | J112: 0
B113: Composição Auxiliar | C113: 1979 | D113: ORSE | E113: Isolamento acústico c/ painel em lã de vidro e = 50mm (isover-santa marina ref psi - 30/50mm ou similar) | F113: Isolamento Acústico | H113: m² | I113: 1.02 | J113: 0
B114: Composição Auxiliar | C114: 88278 | D114: SINAPI | E114: MONTADOR DE ESTRUTURA METÁLICA COM ENCARGOS COMPLEMENTARES | F114: SEDI - SERVIÇOS DIVERSOS | H114: H | I114: 0.595 | J114: 0
B115: Insumo | C115: 00039431 | D115: SINAPI | E115: FITA DE PAPEL MICROPERFURADO, 50 X 150 MM, PARA TRATAMENTO DE JUNTAS DE CHAPA DE GESSO PARA DRYWALL | F115: Material | H115: M | I115: 2.5027 | J115: 0
B116: Insumo | C116: 00039443 | D116: SINAPI | E116: PARAFUSO DRY WALL, EM ACO ZINCADO, CABECA LENTILHA E PONTA BROCA (LB), LARGURA 4,2 MM, COMPRIMENTO 13 MM | F116: Material | H116: UN | I116: 0.5441 | J116: 0
B117: Insumo | C117: 00037586 | D117: SINAPI | E117: PINO DE ACO COM ARRUELA CONICA, DIAMETRO ARRUELA = *23* MM E COMP HASTE = *27* MM (ACAO INDIRETA) | F117: Material | H117: CENTO | I117: 0.0296 | J117: 0
B118: Insumo | C118: 00039419 | D118: SINAPI | E118: PERFIL GUIA, FORMATO U, EM ACO ZINCADO, PARA ESTRUTURA PAREDE DRYWALL, E = 0,5 MM, 70 X 3000 MM (L X C) | F118: Material | H118: M | I118: 0.9117 | J118: 0
B119: Insumo | C119: 00039422 | D119: SINAPI | E119: PERFIL MONTANTE, FORMATO C, EM ACO ZINCADO, PARA ESTRUTURA PAREDE DRYWALL, E = 0,5 MM, 70 X 3000 MM (L X C) | F119: Material | H119: M | I119: 2.9139 | J119: 0
...

Sheet BDI DESONERADO
B2: BONIFICAÇÕES E DESPESAS INDIRETAS
B8: ='DADOS GERAIS'!B8 -> Secretaria de Atenção Especializada à Saúde | D8: BDI Geral: | F8: ='DADOS GERAIS'!$B$22 -> Data:
B9: ='DADOS GERAIS'!B9 -> Unidade Básica de Saúde Porte 1 - Área Construída: 389,78m² | D9: ='DADOS GERAIS'!C19 -> 0.24518701 | F9: ='DADOS GERAIS'!$C$22 -> 30/08/2024
B11: ='DADOS GERAIS'!B11 -> Bancos:
B12: ='DADOS GERAIS'!B12 -> SINAPI (03/2024) - CPOS/CDHU (03/2024) - SBC (03/2024) - ORSE (03/2024) - IOPES (03/2024) - EMOP (03/2024)
B15: Fórmula (Bonificações e Despesas Indiretas):
B22: ITEM | C22: DESCRIÇÃO | D22: CÓD | E22: GERAL VALORES PROPOSTOS (%) | F22: EQUIPAMENTOS VALORES PROPOSTOS (%)
B24: 1 | C24: Administração Central | D24: AC | E24: 0.03 | F24: 0.015
B25: 2 | C25: Riscos | D25: R | E25: 0.0097 | F25: 0.0085
B26: 3 | C26: Seguros e Garantias | D26: SG | E26: 0.008 | F26: 0.0048
B27: 4 | C27: Despesas Financeiras | D27: DF | E27: 0.0059 | F27: 0.0085
B28: 5 | C28: Lucro | D28: L | E28: 0.0616 | F28: 0.035
B29: 6 | C29: Impostos | D29: I | E29: =SUM(E30:E33) -> 0.1015 | F29: =SUM(F30:F33) -> 0.0815
B30: 6.1 | C30: PIS | E30: 0.0065 | F30: 0.0065
B31: 6.2 | C31: COFINS | E31: 0.03 | F31: 0.03
B32: 6.3 | C32: ISSQN | E32: 0.02 | F32: 0
B33: 6.4 | C33: CPRB | E33: 0.045 | F33: 0.045
B35: BDI | E35: =((1+E24+E25+E26)*(1+E27)*(1+E28)/(1-E29))-1 -> 0.24518701 | F35: =((1+F24+F25+F26)*(1+F27)*(1+F28)/(1-F29))-1 -> 0.16857591
B38: FONTE:
B39: 1. | C39: Tribunal de Contas da União - TC 036.076/2011-2 - Acórdão Nº 2622/2013
B40: 2. | C40: ISS conforme a Lei Complementar 116/2003 e a Lei 11.438/1997 da Prefeitura Municipal de São Paulo.
B41: 3. | C41: O valor do CPRB foi considerado baseado na Instrução Normativa nº 2053, de 6 de Dezembro de 2021, onde desde Dezembro de 2015 o percentual passa a ser 4,5% e não mais 2,0%. Essa recomendação aplica-se para orçamentos de Construção Civil para os enquadrados nos grupos 412, 432, 433 e 439 da CNAE 2.0. A edificação objeto desta composição se enquadra no grupo 412:4120-4/00 - CLINICAS, HOSPITAIS, CONSTRUÇÃO OU REFORMA.
B43: NOTAS:
B44: 1. | C44: Deverão ser obedecidas as legislações trabalhistas e tributária vigentes, inclusive acordos de classes, sob pena de desclassificação da Proposta de Preços;
B45: 2. | C45: É de responsabilidade da proponente a adequação de todas as fórmulas utilizadas na planilha orçamentária.
B47: ________________________________________________________________________________
B51: EDSON TADEU DE SOUZA
B52: CREA/MG: 82.447/D

Sheet ENCARGOS SOCIAIS
B2: COMPOSIÇÃO ANALÍTICA DAS TAXAS DE ENCARGOS SOCIAIS
B8: ='DADOS GERAIS'!B8 -> Secretaria de Atenção Especializada à Saúde | D8: BDI Geral: | E8: Encargo Social Mensalista: | F8: ='DADOS GERAIS'!$B$22 -> Data:
B9: ='DADOS GERAIS'!B9 -> Unidade Básica de Saúde Porte 1 - Área Construída: 389,78m² | D9: ='DADOS GERAIS'!C19 -> 0.24518701 | E9: ='ENCARGOS SOCIAIS'!F56 -> 0.4774 | F9: ='DADOS GERAIS'!$C$22 -> 30/08/2024
B11: ='DADOS GERAIS'!B11 -> Bancos: | D11: BDI Equipamentos: | E11: Encargo Social Horista: | F11: ='DADOS GERAIS'!$B$23 -> Revisão:
B12: ='DADOS GERAIS'!B12 -> SINAPI (03/2024) - CPOS/CDHU (03/2024) - SBC (03/2024) - ORSE (03/2024) - IOPES (03/2024) - EMOP (03/2024) | D12: ='DADOS GERAIS'!C20 -> 0.16857591 | E12: ='ENCARGOS SOCIAIS'!E56 -> 0.8579598 | F12: ='DADOS GERAIS'!$C$23 -> 03
B15: ENCARGOS SOCIAIS SOBRE A MÃO DE OBRA
B16: CÓDIGO | C16: DESCRIÇÃO | E16: COM DESONERAÇÃO
E17: HORISTA (%) | F17: MENSALISTA (%)
B19: GRUPO A
B20: A1 | C20: INSS | E20: 0 | F20: 0
B21: A2 | C21: SESI | E21: 0.015 | F21: 0.015
B22: A3 | C22: SENAI | E22: 0.01 | F22: 0.01
B23: A4 | C23: INCRA | E23: 0.002 | F23: 0.002
B24: A5 | C24: SEBRAE | E24: 0.006 | F24: 0.006
B25: A6 | C25: Salário Educação | E25: 0.025 | F25: 0.025
B26: A7 | C26: Seguro Contra Acidentes de Trabalho | E26: 0.03 | F26: 0.03
B27: A8 | C27: FGTS | E27: 0.08 | F27: 0.08
B28: A9 | C28: SECONCI | E28: 0.01 | F28: 0.01
B29: A | C29: Total | E29: =SUBTOTAL(9,E20:E28) -> 0.178 | F29: =SUBTOTAL(9,F20:F28) -> 0.178
B31: GRUPO B
B32: B1 | C32: Repouso Semanal Remunerado | E32: 0.1797 | F32: Não incide
B33: B2 | C33: Feriados | E33: 0.0469 | F33: Não incide
B34: B3 | C34: Auxílio-Enfermidade | E34: 0.0085 | F34: 0.0064
B35: B4 | C35: 13º Salário | E35: 0.1106 | F35: 0.0833
B36: B5 | C36: Licença Paternidade | E36: 0.0006 | F36: 0.0004
B37: B6 | C37: Faltas Justificadas | E37: 0.0074 | F37: 0.0056
B38: B7 | C38: Dias de Chuva | E38: 0.0135 | F38: Não incide
B39: B8 | C39: Auxílo Acidente de Trabalho | E39: 0.001 | F39: 0.0008
B40: B9 | C40: Férias Gozadas | E40: 0.1174 | F40: 0.0885
B41: B10 | C41: Salário Maternidade | E41: 0.0004 | F41: 0.0003
B42: B | C42: Total | E42: =SUBTOTAL(9,E32:E41) -> 0.486 | F42: =SUBTOTAL(9,F32:F41) -> 0.1853
B44: GRUPO C
B45: C1 | C45: Aviso Prévio Indenizado | E45: 0.0483 | F45: 0.0364
B46: C2 | C46: Aviso Prévio Trabalhado | E46: 0.0011 | F46: 0.0009
B47: C3 | C47: Férias Indenizadas | E47: 0.0234 | F47: 0.0176
B48: C4 | C48: Depósito Recisão sem justa causa | E48: 0.0265 | F48: 0.02
B49: C5 | C49: Indenização Adicional | E49: 0.0041 | F49: 0.0031
B50: C | C50: Total | E50: =SUBTOTAL(9,E45:E49) -> 0.1034 | F50: =SUBTOTAL(9,F45:F49) -> 0.078
B52: GRUPO D
B53: D1 | C53: Reincidência de Grupo A sobre Grupo B | E53: =ROUND(E42*E29,4) -> 0.0865 | F53: =ROUND(F42*F29,4) -> 0.033
B54: D2 | C54: Reincidência de Grupo A sobre Aviso Prévio Trabalhado e Reincidência do FGTS sobre Aviso Prévio Indenizado | E54: =E29*E46+E27*E45 -> 0.0040598 | F54: =F29*F46+F27*F45 -> 0.0030722
B55: D | C55: Total | E55: =SUBTOTAL(9,E53:E54) -> 0.0905598 | F55: =ROUND(SUBTOTAL(9,F53:F54),4) -> 0.0361
B56: TOTAL (A+B+C+D) | E56: =SUM(E29,E42,E50,E55) -> 0.8579598 | F56: =SUM(F29,F42,F50,F55) -> 0.4774
B58: FONTE:
B59: 1. | C59: SINAPI - Encargos Sociais a partir de dezembro de 2023.
B61: NOTAS:
B62: 1. | C62: Deverão ser obedecidas as legislações trabalhistas e tributária vigentes, inclusive acordos de classes, sob pena de desclassificação da Proposta de Preços;
B63: 2. | C63: É de responsabilidade da proponente a adequação de todas as fórmulas utilizadas na planilha orçamentária.
B66: ________________________________________________________________________________
B71: ='DADOS GERAIS'!C24 -> Thaís Ferreira Pellaquim
B72: ='DADOS GERAIS'!C25 -> Engenheira Civil - CREA MG 247749/D

Sheet JUSTIFICATIVAS CPUS
B2: JUSTIFICATIVAS DE COMPOSIÇÕES DE PREÇO UNITÁRIO
B8: ='DADOS GERAIS'!B8 -> Secretaria de Atenção Especializada à Saúde | G8: =#REF! -> #REF! | H8: Encargo Social Mensalista: | I8: Data:
B9: ='DADOS GERAIS'!B9 -> Unidade Básica de Saúde Porte 1 - Área Construída: 389,78m² | G9: =#REF! -> #REF! | H9: ='ENCARGOS SOCIAIS'!F56 -> 0.4774 | I9: ='DADOS GERAIS'!C22 -> 30/08/2024
B11: ='DADOS GERAIS'!B11 -> Bancos: | G11: =#REF! -> #REF! | H11: Encargo Social Horista: | I11: Revisão:
B12: ='DADOS GERAIS'!B12 -> SINAPI (03/2024) - CPOS/CDHU (03/2024) - SBC (03/2024) - ORSE (03/2024) - IOPES (03/2024) - EMOP (03/2024) | G12: =#REF! -> #REF! | H12: ='ENCARGOS SOCIAIS'!E56 -> 0.8579598 | I12: ='DADOS GERAIS'!C23 -> 03
B15: ITEM | C15: COMPOSIÇÃO | D15: COMPOSIÇÃO DE REFERÊNCIA | E15: JUSTIFICATIVA
B16: 1 | C16: 02.02.150 | D16: CPOS/CDHU 02.02.150 | E16: Utilizada composição do CPOS para São Paulo visto que o SINAPI não possui composição adequada para contemplar tal serviço.
B17: 2 | C17: 11703 | D17: ORSE 11703 | E17: Utilizada composição do ORSE visto que o SINAPI não possui composição adequada referente a esse serviço. Os preços praticados para esse serviço no estado de Sergipe são referenciais e exequíveis para o orçamento em São Paulo. Os insumos da composição ORSE que são SINAPI estão atualizados para o estado de São Paulo, portanto, somente insumos do ORSE que mantem preço na região de Sergipe.
B18: 3 | C18: 4656 | D18: ORSE 4656 | E18: Utilizada composição do ORSE visto que o SINAPI não possui composição adequada referente a esse serviço. Os preços praticados para esse serviço no estado de Sergipe são referenciais e exequíveis para o orçamento em São Paulo. Os insumos da composição ORSE que são SINAPI estão atualizados para o estado de São Paulo, portanto, somente insumos do ORSE que mantem preço na região de Sergipe.
B19: 4 | C19: 012208 | D19: SBC 012208 | E19: Utilizada composição do SBC para São Paulo visto que o SINAPI não possui composição adequada para contemplar tal serviço.
B20: 5 | C20: 052032 | D20: SBC 052032 | E20: Utilizada composição do SBC para São Paulo visto que o SINAPI não possui composição adequada para contemplar tal serviço.
B21: 6 | C21: 05.07.040 | D21: CPOS/CDHU 05.07.040 | E21: Utilizada composição do CPOS para São Paulo visto que o SINAPI não possui composição adequada para contemplar tal serviço.
B22: 7 | C22: CPU2287 | D22: SETOP ED-50393 | E22: Utilizada composição SETOP para referência de mobilização e desmobilização.
B23: 8 | C23: CPU1926 | D23: SINAPI 97063 + INSUMO SINAPI 20193 | E23: Junção do insumo de locação de andaime m2xmês com a montagem e desmontagem do andaime em m2, sendo coeficiente de 0,416 que corresponde à 1m2 em proporção à área do andaime informado no insumo.
B24: 9 | C24: CPU2288 | D24: SINAPI 96557 | E24: Utilizada composição de referência SINAPI e subsituído o insumo 1525 por 34493 para adequação da resistencia necessaria.
B25: 10 | C25: 000128 | D25: SBC 000128 | E25: Utilizada composição do SBC para São Paulo visto que o SINAPI não possui composição adequada para contemplar tal serviço.
B26: 11 | C26: CPU2284 | D26: SINAPI 103672 | E26: Utilizada composição de referência SINAPI e alterado o insumo 1527 para 1525 conforme especificação do projeto.
B27: 12 | C27: CPU2283 | D27: SINAPI 103675 | E27: Utilizada composição de referência SINAPI e alterado o insumo 1527 para 1525 conforme especificação do projeto.
... B151: 136 | C151: CPU2425 | D151: SBC 110271 | E151: Utilziada composição de referência SBC para São Paulo com o coeficiente proporcional ao tamanho da porta.

Sheet COMPOSIÇÃO
B1: COMPOSIÇÕES ANALÍTICAS DE PREÇOS UNITÁRIOS
B2: Secretaria de Atenção Especializada à Saúde | G2: BDI Geral: | L2: Data:
B3: Unidade Básica de Saúde Porte 1 - Área Construída: 389,78m² | G3: ='BDI DESONERADO'!E35 -> 0.24518701 | L3: 21/02/2025
B4: Bancos:
B5: SBC (05/24), SBC (02/25), SBC (12/24), ORSE (12/24), SINAPI (01/25), SETOP (10/24), SICRO (10/24), IOPES (11/24), CPOS (11/24)
B6: Item | C6: Código | D6: Banco | E6: Descrição | G6: Und | H6: Und | I6: Quant. | L6: Total
B7: Composições Principais
B9: 3.1.6 | C9: Código | D9: Banco | E9: Descrição | F9: Tipo | H9: Und | I9: Quant. | J9: Porcent. | K9: Valor Unit | L9: Total
B10: Composição | C10: CPU2284 | D10: Próprio | E10: CONCRETAGEM DE PILARES, FCK = 30 MPA, COM USO DE BOMBA - LANÇAMENTO, ADENSAMENTO E ACABAMENTO. AF_02/2022_PS | F10: FUES - FUNDAÇÕES E ESTRUTURAS | H10: m³ | I10: 1
B11: Composição Auxiliar | C11: 88316 | D11: SINAPI | E11: SERVENTE COM ENCARGOS COMPLEMENTARES | F11: SEDI - SERVIÇOS DIVERSOS | H11: H | I11: 1.345 | J11: 0 | K11: 20.92 | L11: =K11*I11 -> 28.1374
B12: Composição Auxiliar | C12: 88309 | D12: SINAPI | E12: PEDREIRO COM ENCARGOS COMPLEMENTARES | F12: SEDI - SERVIÇOS DIVERSOS | H12: H | I12: 0.224 | J12: 0 | K12: 28.6 | L12: =K12*I12 -> 6.4064
B13: Composição Auxiliar | C13: 90587 | D13: SINAPI | E13: VIBRADOR DE IMERSÃO, DIÂMETRO DE PONTEIRA 45MM, MOTOR ELÉTRICO TRIFÁSICO POTÊNCIA DE 2 CV - CHI DIURNO. AF_06/2015 | F13: CHOR - CUSTOS HORÁRIOS DE MÁQUINAS E EQUIPAMENTOS | H13: CHI | I13: 0.13 | J13: 0 | K13: 0.53 | L13: =K13*I13 -> 0.0689
B14: Composição Auxiliar | C14: 88262 | D14: SINAPI | E14: CARPINTEIRO DE FORMAS COM ENCARGOS COMPLEMENTARES | F14: SEDI - SERVIÇOS DIVERSOS | H14: H | I14: 0.224 | J14: 0 | K14: 28.17 | L14: =K14*I14 -> 6.31008
B15: Composição Auxiliar | C15: 90586 | D15: SINAPI | E15: VIBRADOR DE IMERSÃO, DIÂMETRO DE PONTEIRA 45MM, MOTOR ELÉTRICO TRIFÁSICO POTÊNCIA DE 2 CV - CHP DIURNO. AF_06/2015 | F15: CHOR - CUSTOS HORÁRIOS DE MÁQUINAS E EQUIPAMENTOS | H15: CHP | I15: 0.094 | J15: 0 | K15: 1.37 | L15: =K15*I15 -> 0.12878
B16: Insumo | C16: 00001525 | D16: SINAPI | E16: CONCRETO USINADO BOMBEAVEL, CLASSE DE RESISTENCIA C30, BRITA 0 E 1, SLUMP = 100 +/- 20 MM, COM BOMBEAMENTO (DISPONIBILIZACAO DE BOMBA), SEM O LANCAMENTO (NBR 8953) | F16: Material | H16: M³ | I16: 1.103 | J16: 0 | K16: 631.47 | L16: =K16*I16 -> 696.51141
F17: MO sem LS => | H17: =L17 -> 737.56 | I17: LS => | J17: 0 | K17: MO com LS => | L17: 737.56
F18: Valor do BDI => | H18: =L17*'BDI DESONERADO'!E35 -> 180.84013 | J18: Valor com BDI =>
B20: 3.2.8 | C20: Código | D20: Banco | E20: Descrição | F20: Tipo | H20: Und | I20: Quant. | J20: Porcent. | K20: Valor Unit | L20: Total
B21: Composição | C21: CPU2283 | D21: Próprio | E21: CONCRETAGEM DE VIGAS E LAJES, FCK=30 MPA, PARA LAJES MACIÇAS OU NERVURADAS COM USO DE BOMBA - LANÇAMENTO, ADENSAMENTO E ACABAMENTO. | F21: FUES - FUNDAÇÕES E ESTRUTURAS | H21: m³ | I21: 1
B22: Composição Auxiliar | C22: 90587 | D22: SINAPI | E22: VIBRADOR DE IMERSÃO, DIÂMETRO DE PONTEIRA 45MM, MOTOR ELÉTRICO TRIFÁSICO POTÊNCIA DE 2 CV - CHI DIURNO. AF_06/2015 | F22: CHOR - CUSTOS HORÁRIOS DE MÁQUINAS E EQUIPAMENTOS | H22: CHI | I22: 0.131 | J22: 0 | K22: 0.53 | L22: =K22*I22 -> 0.06943
B23: Composição Auxiliar | C23: 88316 | D23: SINAPI | E23: SERVENTE COM ENCARGOS COMPLEMENTARES | F23: SEDI - SERVIÇOS DIVERSOS | H23: H | I23: 0.826 | J23: 0 | K23: 20.92 | L23: =K23*I23 -> 17.27992
B24: Composição Auxiliar | C24: 88309 | D24: SINAPI | E24: PEDREIRO COM ENCARGOS COMPLEMENTARES | F24: SEDI - SERVIÇOS DIVERSOS | H24: H | I24: 0.753 | J24: 0 | K24: 28.6 | L24: =K24*I24 -> 21.5358
B25: Composição Auxiliar | C25: 90586 | D25: SINAPI | E25: VIBRADOR DE IMERSÃO, DIÂMETRO DE PONTEIRA 45MM, MOTOR ELÉTRICO TRIFÁSICO POTÊNCIA DE 2 CV - CHP DIURNO. AF_06/2015 | F25: CHOR - CUSTOS HORÁRIOS DE MÁQUINAS E EQUIPAMENTOS | H25: CHP | I25: 0.12 | J25: 0 | K25: 1.37 | L25: =K25*I25 -> 0.1644
B26: Composição Auxiliar | C26: 88262 | D26: SINAPI | E26: CARPINTEIRO DE FORMAS COM ENCARGOS COMPLEMENTARES | F26: SEDI - SERVIÇOS DIVERSOS | H26: H | I26: 0.125 | J26: 0 | K26: 27.17 | L26: =K26*I26 -> 3.39625
B27: Insumo | C27: 00001525 | D27: SINAPI | E27: CONCRETO USINADO BOMBEAVEL, CLASSE DE RESISTENCIA C30, BRITA 0 E 1, SLUMP = 100 +/- 20 MM, COM BOMBEAMENTO (DISPONIBILIZACAO DE BOMBA), SEM O LANCAMENTO (NBR 8953) | F27: Material | H27: M³ | I27: 1.103 | J27: 0 | K27: 631.47 | L27: =K27*I27 -> 696.51141
F28: MO sem LS => | H28: =L28 -> 738.96 | I28: LS => | J28: 0 | K28: MO com LS => | L28: 738.96
F29: Valor do BDI => | H29: =H28*'BDI DESONERADO'!E35 -> 181.18339 | J29: Valor com BDI =>
B31: 3.3.8 | C31: Código | D31: Banco | E31: Descrição | F31: Tipo | H31: Und | I31: Quant. | J31: Porcent. | K31: Valor Unit | L31: Total
B32: Composição | C32: CPU2101 | D32: Próprio | E32: Laje pré-fabricada unidirecional em viga treliçada/lajota em EPS LT 12 (8 + 4), exceto capa de concreto | F32: 13.01 | H32: m² | I32: 1
B33: Insumo | C33: C.06.000.022011 | D33: CPOS/CDHU | E33: LAJE PRÉ-FABRICADA UNIDIRECIONAL EM VIGA TRELIÇADA/LAJOTA EM EPS LT 12 (8 + 4) - SC = 200KGF/M² | F33: Material | H33: m² | I33: 1 | J33: 0 | K33: 66.7 | L33: =K33*I33 -> 66.7
B34: Composição Auxiliar | C34: 88309 | D34: SINAPI | E34: PEDREIRO COM ENCARGOS COMPLEMENTARES | F34: SEDI - SERVIÇOS DIVERSOS | H34: h | I34: 0.4 | J34: 0 | K34: 28.6 | L34: =K34*I34 -> 11.44
B35: Composição Auxiliar | C35: 88316 | D35: SINAPI | E35: SERVENTE COM ENCARGOS COMPLEMENTARES | F35: SEDI - SERVIÇOS DIVERSOS | H35: h | I35: 0.8 | J35: 0 | K35: 20.92 | L35: =K35*I35 -> 16.736
F36: MO sem LS => | H36: =L36 -> 94.88 | I36: LS => | J36: 0 | K36: MO com LS => | L36: 94.88
F37: Valor do BDI => | H37: =H36*'BDI DESONERADO'!E35 -> 23.263343 | J37: Valor com BDI =>
B39: 3.3.9 | C39: Código | D39: Banco | E39: Descrição | F39: Tipo | H39: Und | I39: Quant. | J39: Porcent. | K39: Valor Unit | L39: Total
B40: Composição | C40: CPU2100 | D40: Próprio | E40: Laje pré-fabricada unidirecional em viga treliçada/lajota em EPS LT 16 (12 + 4), exceto capa de concreto | F40: 13.01 | H40: m² | I40: 1
B41: Composição Auxiliar | C41: 88316 | D41: SINAPI | E41: SERVENTE COM ENCARGOS COMPLEMENTARES | F41: SEDI - SERVIÇOS DIVERSOS | H41: h | I41: 0.8 | J41: 0 | K41: 20.92 | L41: =K41*I41 -> 16.736
B42: Composição Auxiliar | C42: 88309 | D42: SINAPI | E42: PEDREIRO COM ENCARGOS COMPLEMENTARES | F42: SEDI - SERVIÇOS DIVERSOS | H42: h | I42: 0.4 | J42: 0 | K42: 28.6 | L42: =K42*I42 -> 11.44
B43: Insumo | C43: C.06.000.022012 | D43: CPOS/CDHU | E43: LAJE PRÉ-FABRICADA UNIDIRECIONAL EM VIGA TRELIÇADA/LAJOTA EM EPS LT 16 (12 + 4) - SC = 300KGF/M² | F43: Material | H43: m² | I43: 1 | J43: 0 | K43: 84.27 | L43: =K43*I43 -> 84.27
G44: MO sem LS => | H44: =L44 -> 112.45 | I44: LS => | J44: 0 | K44: MO com LS => | L44: 112.45
G45: Valor do BDI => | H45: =H44*'BDI DESONERADO'!E35 -> 27.571279 | J45: Valor com BDI =>
B47: 3.3.10 | C47: Código | D47: Banco | E47: Descrição | F47: Tipo | H47: Und | I47: Quant. | J47: Porcent. | K47: Valor Unit | L47: Total
B48: Composição | C48: CPU2102 | D48: Próprio | E48: Laje pré-fabricada unidirecional em viga treliçada/lajota em EPS LT 20 (16 + 4), exceto capa de concreto | F48: 13.01 | H48: m² | I48: 1
B49: Insumo | C49: C.06.000.022013 | D49: CPOS/CDHU | E49: LAJE PRÉ-FABRICADA UNIDIRECIONAL EM VIGA TRELIÇADA/LAJOTA EM EPS LT 20 (16 + 4) - SC = 300KGF/M² | F49: Material | H49: m² | I49: 1 | J49: 0 | K49: 119.89 | L49: =K49*J49 -> 0
B50: Composição Auxiliar | C50: 88316 | D50: SINAPI | E50: SERVENTE COM ENCARGOS COMPLEMENTARES | F50: SEDI - SERVIÇOS DIVERSOS | H50: h | I50: 0.9 | J50: 0 | K50: 20.92 | L50: =K50*I50 -> 18.828
B51: Composição Auxiliar | C51: 88309 | D51: SINAPI | E51: PEDREIRO COM ENCARGOS COMPLEMENTARES | F51: SEDI - SERVIÇOS DIVERSOS | H51: h | I51: 0.45 | J51: 0 | K51: 28.6 | L51: =K51*I51 -> 12.87
F52: MO sem LS => | H52: =L52 -> 31.7 | I52: LS => | J52: 0 | K52: MO com LS => | L52: 31.7
F53: Valor do BDI => | H53: =H52*'BDI DESONERADO'!E35 -> 7.7724281 | J53: Valor com BDI =>
B55: 4.2.2 | C55: Código | D55: Banco | E55: Descrição | F55: Tipo | H55: Und | I55: Quant. | J55: Porcent. | K55: Valor Unit | L55: Total
B56: Composição | C56: CPU1942 | D56: Próprio | E56: PAREDE COM SISTEMA EM CHAPAS DE GESSO RU PARA DRYWALL, USO INTERNO, COM DUAS FACES SIMPLES E ESTRUTURA METÁLICA COM GUIAS SIMPLES PARA PAREDES COM ÁREA LÍQUIDA MAIOR OU IGUAL A 6 M2, COM VÃOS. AF_07/2023_PS | F56: PARE - PAREDES/PAINEIS | H56: m² | I56: 1
B57: Composição Auxiliar | C57: 88278 | D57: SINAPI | E57: MONTADOR DE ESTRUTURA METÁLICA COM ENCARGOS COMPLEMENTARES | F57: SEDI - SERVIÇOS DIVERSOS | H57: H | I57: 0.595 | J57: 0 | K57: 24.14 | L57: =K57*I57 -> 14.3633
B58: Composição Auxiliar | C58: 88316 | D58: SINAPI | E58: SERVENTE COM ENCARGOS COMPLEMENTARES | F58: SEDI - SERVIÇOS DIVERSOS | H58: H | I58: 0.195 | J58: 0 | K58: 20.92 | L58: =K58*I58 -> 4.0794
B59: Insumo | C59: 00039443 | D59: SINAPI | E59: PARAFUSO DRY WALL, EM ACO ZINCADO, CABECA LENTILHA E PONTA BROCA (LB), LARGURA 4,2 MM, COMPRIMENTO 13 MM | F59: Material | H59: UN | I59: 0.5441 | J59: 0 | K59: 0.29 | L59: =K59*I59 -> 0.157789
B60: Insumo | C60: 00039417 | D60: SINAPI | E60: PLACA / CHAPA DE GESSO ACARTONADO, RESISTENTE A UMIDADE (RU), COR VERDE, E = 12,5 MM, 1200 X 2400 MM (L X C) | F60: Material | H60: m² | I60: 2.106 | J60: 0 | K60: 27.73 | L60: =K60*I60 -> 58.39938
B61: Insumo | C61: 00039431 | D61: SINAPI | E61: FITA DE PAPEL MICROPERFURADO, 50 X 150 MM, PARA TRATAMENTO DE JUNTAS DE CHAPA DE GESSO PARA DRYWALL | F61: Material | H61: M | I61: 2.5027 | J61: 0 | K61: 0.33 | L61: =K61*I61 -> 0.825891
B62: Insumo | C62: 00039422 | D62: SINAPI | E62: PERFIL MONTANTE, FORMATO C, EM ACO ZINCADO, PARA ESTRUTURA PAREDE DRYWALL, E = 0,5 MM, 70 X 3000 MM (L X C) | F62: Material | H62: M | I62: 2.9139 | J62: 0 | K62: 7.58 | L62: =K62*I62 -> 22.087362
B63: Insumo | C63: 00037586 | D63: SINAPI | E63: PINO DE ACO COM ARRUELA CONICA, DIAMETRO ARRUELA = *23* MM E COMP HASTE = *27* MM (ACAO INDIRETA) | F63: Material | H63: CENTO | I63: 0.0296 | J63: 0 | K63: 103.03 | L63: =K63*I63 -> 3.049688
B64: Insumo | C64: 00039435 | D64: SINAPI | E64: PARAFUSO DRY WALL, EM ACO FOSFATIZADO, CABECA TROMBETA E PONTA AGULHA (TA), COMPRIMENTO 25 MM | F64: Material | H64: UN | I64: 20.1868 | J64: 0 | K64: 0.12 | L64: =K64*I64 -> 2.422416
B65: Insumo | C65: 00039432 | D65: SINAPI | E65: FITA DE PAPEL REFORCADA COM LAMINA DE METAL PARA REFORCO DE CANTOS DE CHAPA DE GESSO PARA DRYWALL | F65: Material | H65: M | I65: 0.7925 | J65: 0 | K65: 2.91 | L65: =K65*I65 -> 2.306175
B66: Insumo | C66: 00039434 | D66: SINAPI | E66: MASSA DE REJUNTE EM PO PARA DRYWALL, A BASE DE GESSO, SECAGEM RAPIDA, PARA TRATAMENTO DE JUNTAS DE CHAPA DE GESSO (NECESSITA ADICAO DE AGUA) | F66: Equipamento | H66: KG | I66: 1.0978 | J66: 0 | K66: 3.64 | L66: =K66*I66 -> 3.995992
B67: Insumo | C67: 00039419 | D67: SINAPI | E67: PERFIL GUIA, FORMATO U, EM ACO ZINCADO, PARA ESTRUTURA PAREDE DRYWALL, E = 0,5 MM, 70 X 3000 MM (L X C) | F67: Material | H67: M | I67: 0.9117 | J67: 0 | K67: 6.68 | L67: =K67*I67 -> 6.090156
F68: MO sem LS => | H68: =L68 -> 117.78 | I68: LS => | J68: 0 | K68: MO com LS => | L68: 117.78
F69: Valor do BDI => | H69: =H68*'BDI DESONERADO'!E35 -> 28.878126 | J69: Valor com BDI =>
B71: 4.2.3 | C71: Código | D71: Banco | E71: Descrição | F71: Tipo | H71: Und | I71: Quant. | J71: Porcent. | K71: Valor Unit | L71: Total
B72: Composição | C72: CPU2285 | D72: Próprio | E72: PAREDE COM SISTEMA EM CHAPAS DE GESSO ST PARA DRYWALL COM ISOLAMENTO ACUSTICO, USO INTERNO, COM DUAS FACES SIMPLES E ESTRUTURA METÁLICA COM GUIAS SIMPLES PARA PAREDES COM ÁREA LÍQUIDA MAIOR OU IGUAL A 6 M2, COM VÃOS. | F72: PARE - PAREDES/PAINEIS | H72: m² | I72: 1
B73: Composição Auxiliar | C73: 88278 | D73: SINAPI | E73: MONTADOR DE ESTRUTURA METÁLICA COM ENCARGOS COMPLEMENTARES | F73: SEDI - SERVIÇOS DIVERSOS | H73: H | I73: 0.595 | J73: 0 | K73: 24.14 | L73: =K73*I73 -> 14.3633
B74: Composição Auxiliar | C74: 1979 | D74: ORSE | E74: Isolamento acústico c/ painel em lã de vidro e = 50mm (isover-santa marina ref psi - 30/50mm ou similar) | F74: Isolamento Acústico | H74: m² | I74: 1.02 | J74: 0 | K74: 64.56 | L74: =K74*I74 -> 65.8512
B75: Composição Auxiliar | C75: 88316 | D75: SINAPI | E75: SERVENTE COM ENCARGOS COMPLEMENTARES | F75: SEDI - SERVIÇOS DIVERSOS | H75: H | I75: 0.195 | J75: 0 | K75: 20.92 | L75: =K75*I75 -> 4.0794
B76: Insumo | C76: 00039431 | D76: SINAPI | E76: FITA DE PAPEL MICROPERFURADO, 50 X 150 MM, PARA TRATAMENTO DE JUNTAS DE CHAPA DE GESSO PARA DRYWALL | F76: Material | H76: M | I76: 2.5027 | J76: 0 | K76: 0.33 | L76: =K76*I76 -> 0.825891
B77: Insumo | C77: 00039434 | D77: SINAPI | E77: MASSA DE REJUNTE EM PO PARA DRYWALL, A BASE DE GESSO, SECAGEM RAPIDA, PARA TRATAMENTO DE JUNTAS DE CHAPA DE GESSO (NECESSITA ADICAO DE AGUA) | F77: Equipamento | H77: KG | I77: 1.0978 | J77: 0 | K77: 3.64 | L77: =K77*I77 -> 3.995992
B78: Insumo | C78: 00039413 | D78: SINAPI | E78: PLACA / CHAPA DE GESSO ACARTONADO, STANDARD (ST), COR BRANCA, E = 12,5 MM, 1200 X 2400 MM (L X C) | F78: Material | H78: m² | I78: 2.106 | J78: 0 | K78: 21.02 | L78: =K78*I78 -> 44.26812
B79: Insumo | C79: 00039435 | D79: SINAPI | E79: PARAFUSO DRY WALL, EM ACO FOSFATIZADO, CABECA TROMBETA E PONTA AGULHA (TA), COMPRIMENTO 25 MM | F79: Material | H79: UN | I79: 20.1868 | J79: 0 | K79: 0.12 | L79: =K79*I79 -> 2.422416
B80: Insumo | C80: 00039432 | D80: SINAPI | E80: FITA DE PAPEL REFORCADA COM LAMINA DE METAL PARA REFORCO DE CANTOS DE CHAPA DE GESSO PARA DRYWALL | F80: Material | H80: M | I80: 0.7925 | J80: 0 | K80: 2.91 | L80: =K80*I80 -> 2.306175
B81: Insumo | C81: 00037586 | D81: SINAPI | E81: PINO DE ACO COM ARRUELA CONICA, DIAMETRO ARRUELA = *23* MM E COMP HASTE = *27* MM (ACAO INDIRETA) | F81: Material | H81: CENTO | I81: 0.0296 | J81: 0 | K81: 103.03 | L81: =K81*I81 -> 3.049688
B82: Insumo | C82: 00039443 | D82: SINAPI | E82: PARAFUSO DRY WALL, EM ACO ZINCADO, CABECA LENTILHA E PONTA BROCA (LB), LARGURA 4,2 MM, COMPRIMENTO 13 MM | F82: Material | H82: UN | I82: 0.5441 | J82: 0 | K82: 0.29 | L82: =K82*I82 -> 0.157789
B83: Insumo | C83: 00039419 | D83: SINAPI | E83: PERFIL GUIA, FORMATO U, EM ACO ZINCADO, PARA ESTRUTURA PAREDE DRYWALL, E = 0,5 MM, 70 X 3000 MM (L X C) | F83: Material | H83: M | I83: 0.9117 | J83: 0 | K83: 6.68 | L83: =K83*I83 -> 6.090156
B84: Insumo | C84: 00039422 | D84: SINAPI | E84: PERFIL MONTANTE, FORMATO C, EM ACO ZINCADO, PARA ESTRUTURA PAREDE DRYWALL, E = 0,5 MM, 70 X 3000 MM (L X C) | F84: Material | H84: M | I84: 2.9139 | J84: 0 | K84: 7.58 | L84: =K84*I84 -> 22.087362
F85: MO sem LS => | H85: =L85 -> 169.5 | I85: LS => | J85: 0 | K85: MO com LS => | L85: 169.5
F86: Valor do BDI => | H86: =H85*'BDI DESONERADO'!E35 -> 41.559198 | J86: Valor com BDI =>
B88: 4.2.4 | C88: Código | D88: Banco | E88: Descrição | F88: Tipo | H88: Und | I88: Quant. | J88: Porcent. | K88: Valor Unit | L88: Total
B89: Composição | C89: CPU2286 | D89: Próprio | E89: PAREDE COM SISTEMA EM CHAPAS DE GESSO RU PARA DRYWALL COM ISOLAMENTO ACUSTICO, USO INTERNO, COM DUAS FACES SIMPLES E ESTRUTURA METÁLICA COM GUIAS SIMPLES PARA PAREDES COM ÁREA LÍQUIDA MAIOR OU IGUAL A 6 M2, COM VÃOS. | F89: PARE - PAREDES/PAINEIS | H89: m² | I89: 1
B90: Composição Auxiliar | C90: 88316 | D90: SINAPI | E90: SERVENTE COM ENCARGOS COMPLEMENTARES | F90: SEDI - SERVIÇOS DIVERSOS | H90: H | I90: 0.195 | J90: 0 | K90: 20.92 | L90: =K90*I90 -> 4.0794
B91: Composição Auxiliar | C91: 1979 | D91: ORSE | E91: Isolamento acústico c/ painel em lã de vidro e = 50mm (isover-santa marina ref psi - 30/50mm ou similar) | F91: Isolamento Acústico | H91: m² | I91: 1.02 | J91: 0 | K91: 64.56 | L91: =K91*I91 -> 65.8512
B92: Composição Auxiliar | C92: 88278 | D92: SINAPI | E92: MONTADOR DE ESTRUTURA METÁLICA COM ENCARGOS COMPLEMENTARES | F92: SEDI - SERVIÇOS DIVERSOS | H92: H | I92: 0.595 | J92: 0 | K92: 24.14 | L92: =K92*I92 -> 14.3633
B93: Insumo | C93: 00039431 | D93: SINAPI | E93: FITA DE PAPEL MICROPERFURADO, 50 X 150 MM, PARA TRATAMENTO DE JUNTAS DE CHAPA DE GESSO PARA DRYWALL | F93: Material | H93: M | I93: 2.5027 | J93: 0 | K93: 0.33 | L93: =K93*I93 -> 0.825891
B94: Insumo | C94: 00039443 | D94: SINAPI | E94: PARAFUSO DRY WALL, EM ACO ZINCADO, CABECA LENTILHA E PONTA BROCA (LB), LARGURA 4,2 MM, COMPRIMENTO 13 MM | F94: Material | H94: UN | I94: 0.5441 | J94: 0 | K94: 0.29 | L94: =K94*I94 -> 0.157789
B95: Insumo | C95: 00037586 | D95: SINAPI | E95: PINO DE ACO COM ARRUELA CONICA, DIAMETRO ARRUELA = *23* MM E COMP HASTE = *27* MM (ACAO INDIRETA) | F95: Material | H95: CENTO | I95: 0.0296 | J95: 0 | K95: 103.03 | L95: =K95*I95 -> 3.049688
B96: Insumo | C96: 00039419 | D96: SINAPI | E96: PERFIL GUIA, FORMATO U, EM ACO ZINCADO, PARA ESTRUTURA PAREDE DRYWALL, E = 0,5 MM, 70 X 3000 MM (L X C) | F96: Material | H96: M | I96: 0.9117 | J96: 0 | K96: 6.68 | L96: =K96*I96 -> 6.090156
B97: Insumo | C97: 00039422 | D97: SINAPI | E97: PERFIL MONTANTE, FORMATO C, EM ACO ZINCADO, PARA ESTRUTURA PAREDE DRYWALL, E = 0,5 MM, 70 X 3000 MM (L X C) | F97: Material | H97: M | I97: 2.9139 | J97: 0 | K97: 7.58 | L97: =K97*I97 -> 22.087362
B98: Insumo | C98: 00039435 | D98: SINAPI | E98: PARAFUSO DRY WALL, EM ACO FOSFATIZADO, CABECA TROMBETA E PONTA AGULHA (TA), COMPRIMENTO 25 MM | F98: Material | H98: UN | I98: 20.1868 | J98: 0 | K98: 0.12 | L98: =K98*I98 -> 2.422416
B99: Insumo | C99: 00039432 | D99: SINAPI | E99: FITA DE PAPEL REFORCADA COM LAMINA DE METAL PARA REFORCO DE CANTOS DE CHAPA DE GESSO PARA DRYWALL | F99: Material | H99: M | I99: 0.7925 | J99: 0 | K99: 2.91 | L99: =K99*I99 -> 2.306175
B100: Insumo | C100: 00039417 | D100: SINAPI | E100: PLACA / CHAPA DE GESSO ACARTONADO, RESISTENTE A UMIDADE (RU), COR VERDE, E = 12,5 MM, 1200 X 2400 MM (L X C) | F100: Material | H100: m² | I100: 2.106 | J100: 0 | K100: 27.73 | L100: =K100*I100 -> 58.39938
B101: Insumo | C101: 00039434 | D101: SINAPI | E101: MASSA DE REJUNTE EM PO PARA DRYWALL, A BASE DE GESSO, SECAGEM RAPIDA, PARA TRATAMENTO DE JUNTAS DE CHAPA DE GESSO (NECESSITA ADICAO DE AGUA) | F101: Equipamento | H101: KG | I101: 1.0978 | J101: 0 | K101: 3.64 | L101: =K101*I101 -> 3.995992
F102: MO sem LS => | H102: =L102 -> 183.63 | I102: LS => | J102: 0 | K102: MO com LS => | L102: 183.63
F103: Valor do BDI => | H103: =H102*'BDI DESONERADO'!E35 -> 45.02369 | J103: Valor com BDI =>
B105: 7.1.1.5 | C105: Código | D105: Banco | E105: Descrição | F105: Tipo | H105: Und | I105: Quant. | J105: Porcent. | K105: Valor Unit | L105: Total
B106: Composição | C106: CPU2425 | D106: Próprio | E106: PORTA DE MADEIRA COM VIDRO, 2 FOLHAS, ABERTURA DE GIRO COM ACABAMENTO EM PINTURA BRANCA | F106: ESQV - ESQUADRIAS/FERRAGENS/VIDROS | H106: UN | I106: 1
B107: Composição Auxiliar | C107: 110271 | D107: SBC | E107: PORTA COMPLETA MADEIRA 2 FL.1,40x2,10m PARA VIDRO | F107: ESQUADRIAS DE MADEIRA | H107: UN | I107: 0.857 | J107: 0 | K107: 2992.51 | L107: =K107*I107 -> 2564.5811
F108: MO sem LS => | H108: =L108 -> 2564.58 | I108: LS => | J108: 0 | K108: MO com LS => | L108: 2564.58
F109: Valor do BDI => | H109: =H108*'BDI DESONERADO'!E35 -> 628.8017 | J109: Valor com BDI =>
...

Sheet ORC. SINTÉTICO
B1: 9
A2: PLANILHA DE ORÇAMENTO SINTÉTICO
I3: BDI | J3: ='DADOS GERAIS'!$B$22 -> Data: | Q3: 2012825 | R3: REPASSE
A4: OBRA: | B4: Unidade Básica de Saúde - Porte 1 - UBS Leandro Ferreira | I4: ='BDI DESONERADO'!E35 -> 0.24518701 | J4: 45709 | Q4: =I449 -> 2077388.1 | R4: LF
Q5: =Q4-Q3 -> 64563.08 | R5: CONTRAPARTIDA
A6: ENDEREÇO: Rua Valentin Alves de Gois, S/N, Altino Quirino, Leandro Ferreira
A8: BANCOS: | B8: SBC (05/24), SBC (02/25), SBC (12/24), ORSE (12/24), SINAPI (01/25), SETOP (10/24), SICRO (10/24), IOPES (11/24), CPOS (11/24)
A10: ITEM | B10: CÓDIGO | C10: BANCO | D10: DESCRIÇÃO | E10: UND | F10: QUANT. | G10: VALOR UNIT | H10: VALOR UNIT C/BDI | I10: VALOR TOTAL | J10: Peso (%) | L10: BDI | M10: BDI TOTAL | N10: TOTAL SEM BDI
A12: 1 | D12: SERVIÇOS PRELIMINARES E INDIRETOS | I12: =SUM(I14:I20) -> 84953.85 | J12: =I12/$I$449 -> 0.04089455 | K12: =SUM(I12:I444) -> 4154776.2
A13: 1.1 | D13: CANTEIRO DE OBRAS | K13: =K12-I12-I21-I38-I68-I83-I93-I96-I127-I134-I142-I145-I151-I163-I165-I191-I306-I399-I413-I422-I434-I443 -> 2077388.1 | O13: =SUM(O14:O20) -> 84953.85
A14: 1.1.1 | B14: 12225 | C14: SBC | D14: ALUGUEL MENSAL DE CONTAINER | E14: UNXMÊS | F14: 10 | G14: 1171.09 | H14: =TRUNC(G14+(G14*$I$4),2) -> 1458.22 | I14: =TRUNC(H14*F14,2) -> 14582.2 | J14: =I14/$I$449 -> 0.0070194877 | L14: =TRUNC(G14*$I$4,2) -> 287.13 | M14: =TRUNC(F14*L14,2) -> 2871.3 | N14: =TRUNC(F14*G14,2) -> 11710.9 | O14: =TRUNC(N14+M14,2) -> 14582.2 | P14: =I14-O14 -> 0
A15: 1.1.2 | B15: C5208 | C15: SEINFRA | D15: LOCAÇÃO DE BANHEIRO QUÍMICO - INCLUSO TRANSPORTE, INSTALAÇÃO E MANUTENÇÃO | E15: MÊS | F15: 10 | G15: 950 | H15: =TRUNC(G15+(G15*$I$4),2) -> 1182.92 | I15: =TRUNC(H15*F15,2) -> 11829.2 | J15: =I15/$I$449 -> 0.0056942658 | L15: =TRUNC(G15*$I$4,2) -> 232.92 | M15: =F15*L15 -> 2329.2 | N15: =F15*G15 -> 9500 | O15: =TRUNC(N15+M15,2) -> 11829.2 | P15: =I15-O15 -> 0
A16: 1.1.3 | B16: 95648 | C16: SINAPI | D16: KIT CAVALETE PARA MEDIÇÃO DE ÁGUA - ENTRADA INDIVIDUALIZADA, EM CPVC DN 28 MM (1"), PARA 1 MEDIDOR - FORNECIMENTO E INSTALAÇÃO (EXCLUSIVE HIDRÔMETRO). AF_03/2024 | E16: UN | F16: 1 | G16: 613.37 | H16: =TRUNC(G16+(G16*$I$4),2) -> 763.76 | I16: =TRUNC(H16*F16,2) -> 763.76 | J16: =I16/$I$449 -> 0.00036765398 | L16: =TRUNC(G16*$I$4,2) -> 150.39 | M16: =F16*L16 -> 150.39 | N16: =F16*G16 -> 613.37 | O16: =TRUNC(N16+M16,2) -> 763.76 | P16: =I16-O16 -> 0
A17: 1.1.4 | B17: 101509 | C17: SINAPI | D17: ENTRADA DE ENERGIA ELÉTRICA, AÉREA, TRIFÁSICA, COM CAIXA DE EMBUTIR, CABO DE 10 MM2 E DISJUNTOR DIN 50A (NÃO INCLUSO O POSTE DE CONCRETO). AF_07/2020_PS | E17: UN | F17: 1 | G17: 1967.73 | H17: =TRUNC(G17+(G17*$I$4),2) -> 2450.19 | I17: =TRUNC(H17*F17,2) -> 2450.19 | J17: =I17/$I$449 -> 0.001179457 | L17: =TRUNC(G17*$I$4,2) -> 482.46 | M17: =F17*L17 -> 482.46 | N17: =F17*G17 -> 1967.73 | O17: =TRUNC(N17+M17,2) -> 2450.19 | P17: =I17-O17 -> 0
A18: 1.1.5 | B18: 103689 | C18: SINAPI | D18: FORNECIMENTO E INSTALAÇÃO DE PLACA DE OBRA COM CHAPA GALVANIZADA E ESTRUTURA DE MADEIRA. AF_03/2022_PS | E18: M² | F18: 6 | G18: 498.89 | H18: =TRUNC(G18+(G18*$I$4),2) -> 621.21 | I18: =TRUNC(H18*F18,2) -> 3727.26 | J18: =I18/$I$449 -> 0.001794205 | L18: =TRUNC(G18*$I$4,2) -> 122.32 | M18: =F18*L18 -> 733.92 | N18: =F18*G18 -> 2993.34 | O18: =TRUNC(N18+M18,2) -> 3727.26 | P18: =I18-O18 -> 0
A19: 1.2 | D19: ADMINISTRAÇÃO LOCAL DA OBRA | L19: =TRUNC(G19*$I$4,2) -> 0 | M19: =F19*L19 -> 0 | N19: =F19*G19 -> 0 | O19: =TRUNC(N19+M19,2) -> 0 | P19: =I19-O19 -> 0
A20: 1.2.1 | B20: 93565 | C20: SINAPI | D20: ENGENHEIRO CIVIL DE OBRA JUNIOR COM ENCARGOS COMPLEMENTARES | E20: MES | F20: 2 | G20: 20720.28 | H20: =TRUNC(G20+(G20*$I$4),2) -> 25800.62 | I20: =TRUNC(H20*F20,2) -> 51601.24 | J20: =I20/$I$449 -> 0.02483948 | L20: =TRUNC(G20*$I$4,2) -> 5080.34 | M20: =F20*L20 -> 10160.68 | N20: =F20*G20 -> 41440.56 | O20: =TRUNC(N20+M20,2) -> 51601.24 | P20: =I20-O20 -> 0
A21: 2 | D21: FUNDAÇÃO | I21: =SUM(I22:I37) -> 218124.07 | J21: =I21/$I$449 -> 0.10499919 | L21: =TRUNC(G21*$I$4,2) -> 0 | M21: =F21*L21 -> 0 | N21: =F21*G21 -> 0 | O21: =SUM(O22:O37) -> 218124.07 | P21: =I21-O21 -> 0
A22: 2.1 | B22: 99059 | C22: SINAPI | D22: LOCAÇÃO CONVENCIONAL DE OBRA, UTILIZANDO GABARITO DE TÁBUAS CORRIDAS PONTALETADAS A CADA 2,00M - 2 UTILIZAÇÕES. AF_03/2024 | E22: M | F22: 125 | G22: 69.89 | H22: =TRUNC(G22+(G22*$I$4),2) -> 87.02 | I22: =TRUNC(H22*F22,2) -> 10877.5 | J22: =I22/$I$449 -> 0.0052361425 | L22: =TRUNC(G22*$I$4,2) -> 17.13 | M22: =F22*L22 -> 2141.25 | N22: =F22*G22 -> 8736.25 | O22: =TRUNC(N22+M22,2) -> 10877.5 | P22: =I22-O22 -> 0
A23: 2.2 | B23: 90100 | C23: SINAPI | D23: ESCAVAÇÃO MECANIZADA DE VALA COM PROF. ATÉ 1,5 M (MÉDIA MONTANTE E JUSANTE/UMA COMPOSIÇÃO POR TRECHO), RETROESCAV. (0,26 M3), LARG. DE 0,8 M A 1,5 M, EM SOLO DE 1A CATEGORIA, EM LOCAIS COM ALTO NÍVEL DE INTERFERÊNCIA. AF_02/2021 | E23: M³ | F23: 203.88 | G23: 13.56 | H23: =TRUNC(G23+(G23*$I$4),2) -> 16.88 | I23: =TRUNC(H23*F23,2) -> 3441.49 | J23: =I23/$I$449 -> 0.0016566428 | L23: =TRUNC(G23*$I$4,2) -> 3.32 | M23: =F23*L23 -> 676.8816 | N23: =F23*G23 -> 2764.6128 | O23: =TRUNC(N23+M23,2) -> 3441.49 | P23: =I23-O23 -> 0
A24: 2.3 | B24: 93358 | C24: SINAPI | D24: ESCAVAÇÃO MANUAL DE VALA COM PROFUNDIDADE MENOR OU IGUAL A 1,30 M. AF_02/2021 | E24: M³ | F24: 23.342 | G24: 82.75 | H24: =TRUNC(G24+(G24*$I$4),2) -> 103.03 | I24: =TRUNC(H24*F24,2) -> 2404.92 | J24: =I24/$I$449 -> 0.0011576653 | L24: =TRUNC(G24*$I$4,2) -> 20.28 | M24: =F24*L24 -> 473.37576 | N24: =F24*G24 -> 1931.5505 | O24: =TRUNC(N24+M24,2) -> 2404.92 | P24: =I24-O24 -> 0
A25: 2.4 | B25: 100324 | C25: SINAPI | D25: LASTRO COM MATERIAL GRANULAR (PEDRA BRITADA N.1 E PEDRA BRITADA N.2), APLICADO EM PISOS OU LAJES SOBRE SOLO, ESPESSURA DE *10 CM*. AF_01/2024 | E25: M³ | F25: 36.186 | G25: 212.93 | H25: =TRUNC(G25+(G25*$I$4),2) -> 265.13 | I25: =TRUNC(H25*F25,2) -> 9593.99 | J25: =I25/$I$449 -> 0.0046182945 | L25: =TRUNC(G25*$I$4,2) -> 52.2 | M25: =F25*L25 -> 1888.9092 | N25: =F25*G25 -> 7705.085 | O25: =TRUNC(N25+M25,2) -> 9593.99 | P25: =I25-O25 -> 0
A26: 2.5 | B26: 96534 | C26: SINAPI | D26: FABRICAÇÃO, MONTAGEM E DESMONTAGEM DE FÔRMA PARA BLOCO DE COROAMENTO, EM MADEIRA SERRADA, E=25 MM, 4 UTILIZAÇÕES. AF_01/2024 | E26: M² | F26: 392.1 | G26: 78.18 | H26: =TRUNC(G26+(G26*$I$4),2) -> 97.34 | I26: =TRUNC(H26*F26,2) -> 38167.01 | J26: =I26/$I$449 -> 0.018372595 | L26: =TRUNC(G26*$I$4,2) -> 19.16 | M26: =F26*L26 -> 7512.636 | N26: =F26*G26 -> 30654.378 | O26: =TRUNC(N26+M26,2) -> 38167.01 | P26: =I26-O26 -> 0
A27: 2.6 | B27: 96543 | C27: SINAPI | D27: ARMAÇÃO DE BLOCO UTILIZANDO AÇO CA-60 DE 5 MM - MONTAGEM. AF_01/2024 | E27: KG | F27: 440.3 | G27: 19.93 | H27: =TRUNC(G27+(G27*$I$4),2) -> 24.81 | I27: =TRUNC(H27*F27,2) -> 10923.84 | J27: =I27/$I$449 -> 0.0052584494 | L27: =TRUNC(G27*$I$4,2) -> 4.88 | M27: =F27*L27 -> 2148.664 | N27: =F27*G27 -> 8775.179 | O27: =TRUNC(N27+M27,2) -> 10923.84 | P27: =I27-O27 -> 0
A28: 2.7 | B28: 96544 | C28: SINAPI | D28: ARMAÇÃO DE BLOCO UTILIZANDO AÇO CA-50 DE 6,3 MM - MONTAGEM. AF_01/2024 | E28: KG | F28: 139.1 | G28: 17.81 | H28: =TRUNC(G28+(G28*$I$4),2) -> 22.17 | I28: =TRUNC(H28*F28,2) -> 3083.84 | J28: =I28/$I$449 -> 0.0014844795 | L28: =TRUNC(G28*$I$4,2) -> 4.36 | M28: =F28*L28 -> 606.476 | N28: =F28*G28 -> 2477.371 | O28: =TRUNC(N28+M28,2) -> 3083.84 | P28: =I28-O28 -> 0
A29: 2.8 | B29: 96545 | C29: SINAPI | D29: ARMAÇÃO DE BLOCO UTILIZANDO AÇO CA-50 DE 8 MM - MONTAGEM. AF_01/2024 | E29: KG | F29: 1010.5 | G29: 15.93 | H29: =TRUNC(G29+(G29*$I$4),2) -> 19.83 | I29: =TRUNC(H29*F29,2) -> 20038.21 | J29: =I29/$I$449 -> 0.0096458674 | L29: =TRUNC(G29*$I$4,2) -> 3.9 | M29: =F29*L29 -> 3940.95 | N29: =F29*G29 -> 16097.265 | O29: =TRUNC(N29+M29,2) -> 20038.21 | P29: =I29-O29 -> 0
A30: 2.9 | B30: 96546 | C30: SINAPI | D30: ARMAÇÃO DE BLOCO UTILIZANDO AÇO CA-50 DE 10 MM - MONTAGEM. AF_01/2024 | E30: KG | F30: 650 | G30: 13.89 | H30: =TRUNC(G30+(G30*$I$4),2) -> 17.29 | I30: =TRUNC(H30*F30,2) -> 11238.5 | J30: =I30/$I$449 -> 0.0054099184 | L30: =TRUNC(G30*$I$4,2) -> 3.4 | M30: =F30*L30 -> 2210 | N30: =F30*G30 -> 9028.5 | O30: =TRUNC(N30+M30,2) -> 11238.5 | P30: =I30-O30 -> 0
A31: 2.10 | B31: 104920 | C31: SINAPI | D31: ARMAÇÃO DE BLOCO, SAPATA ISOLADA, VIGA BALDRAME E SAPATA CORRIDA UTILIZANDO AÇO CA-50 DE 12,5 MM - MONTAGEM. AF_01/2024 | E31: KG | F31: 724.4 | G31: 10.63 | H31: =TRUNC(G31+(G31*$I$4),2) -> 13.23 | I31: =TRUNC(H31*F31,2) -> 9583.81 | J31: =I31/$I$449 -> 0.0046133941 | L31: =TRUNC(G31*$I$4,2) -> 2.6 | M31: =F31*L31 -> 1883.44 | N31: =F31*G31 -> 7700.372 | O31: =TRUNC(N31+M31,2) -> 9583.81 | P31: =I31-O31 -> 0
A32: 2.11 | B32: 104921 | C32: SINAPI | D32: ARMAÇÃO DE BLOCO, SAPATA ISOLADA, VIGA BALDRAME E SAPATA CORRIDA UTILIZANDO AÇO CA-50 DE 16 MM - MONTAGEM. AF_01/2024 | E32: KG | F32: 655.8 | G32: 9.99 | H32: =TRUNC(G32+(G32*$I$4),2) -> 12.43 | I32: =TRUNC(H32*F32,2) -> 8151.59 | J32: =I32/$I$449 -> 0.0039239611 | L32: =TRUNC(G32*$I$4,2) -> 2.44 | M32: =F32*L32 -> 1600.152 | N32: =F32*G32 -> 6551.442 | O32: =TRUNC(N32+M32,2) -> 8151.59 | P32: =I32-O32 -> 0
A33: 2.12 | B33: 96557 | C33: SINAPI | D33: CONCRETAGEM DE BLOCO DE COROAMENTO OU VIGA BALDRAME, FCK 30 MPA, COM USO DE BOMBA - LANÇAMENTO, ADENSAMENTO E ACABAMENTO. AF_01/2024 | E33: M³ | F33: 56.9 | G33: 796.88 | H33: =TRUNC(G33+(G33*$I$4),2) -> 992.26 | I33: =TRUNC(H33*F33,2) -> 56459.59 | J33: =I33/$I$449 -> 0.027178162 | L33: =TRUNC(G33*$I$4,2) -> 195.38 | M33: =F33*L33 -> 11117.122 | N33: =F33*G33 -> 45342.472 | O33: =TRUNC(N33+M33,2) -> 56459.59 | P33: =I33-O33 -> 0
... A37: 2.16 | B37: 000128 | C37: SBC | D37: CONTROLE TECNOLOGICO DE CONCRETOS | E37: M³ | F37: 56.9 | G37: 92.3 | H37: =TRUNC(G37+(G37*$I$4),2) -> 114.93 | I37: =TRUNC(H37*F37,2) -> 6539.51 | J37: =I37/$I$449 -> 0.0031479482 | L37: =TRUNC(G37*$I$4,2) -> 22.63 | M37: =F37*L37 -> 1287.647 | N37: =F37*G37 -> 5251.87 | O37: =TRUNC(N37+M37,2) -> 6539.51 | P37: =I37-O37 -> 0
A38: 3 | D38: ESTRUTURA | I38: =SUM(I40:I67) -> 289726.94 | J38: =I38/$I$449 -> 0.13946693 | L38: =TRUNC(G38*$I$4,2) -> 0 | M38: =F38*L38 -> 0 | N38: =F38*G38 -> 0 | O38: =TRUNC(N38+M38,2) -> 0 | P38: =I38-O38 -> 289726.94
A39: 3.1 | D39: PILARES | L39: =TRUNC(G39*$I$4,2) -> 0 | M39: =F39*L39 -> 0 | N39: =F39*G39 -> 0 | O39: =TRUNC(N39+M39,2) -> 0 | P39: =I39-O39 -> 0
A40: 3.1.1 | B40: 92423 | C40: SINAPI | D40: MONTAGEM E DESMONTAGEM DE FÔRMA DE PILARES RETANGULARES E ESTRUTURAS SIMILARES, PÉ-DIREITO SIMPLES, EM CHAPA DE MADEIRA COMPENSADA RESINADA, 6 UTILIZAÇÕES. AF_09/2020 | E40: M² | F40: 283 | G40: 71.95 | H40: =TRUNC(G40+(G40*$I$4),2) -> 89.59 | I40: =TRUNC(H40*F40,2) -> 25353.97 | J40: =I40/$I$449 -> 0.012204735 | L40: =TRUNC(G40*$I$4,2) -> 17.64 | M40: =F40*L40 -> 4992.12 | N40: =F40*G40 -> 20361.85 | O40: =TRUNC(N40+M40,2) -> 25353.97 | P40: =I40-O40 -> 0
A41: 3.1.2 | B41: 92762 | C41: SINAPI | D41: ARMAÇÃO DE PILAR OU VIGA DE ESTRUTURA CONVENCIONAL DE CONCRETO ARMADO UTILIZANDO AÇO CA-50 DE 10,0 MM - MONTAGEM. AF_06/2022 | E41: KG | F41: 680.7 | G41: 10.85 | H41: =TRUNC(G41+(G41*$I$4),2) -> 13.51 | I41: =TRUNC(H41*F41,2) -> 9196.25 | J41: =I41/$I$449 -> 0.0044268329 | L41: =TRUNC(G41*$I$4,2) -> 2.66 | M41: =F41*L41 -> 1810.662 | N41: =F41*G41 -> 7385.595 | O41: =TRUNC(N41+M41,2) -> 9196.25 | P41: =I41-O41 -> 0
A42: 3.1.3 | B42: 92763 | C42: SINAPI | D42: ARMAÇÃO DE PILAR OU VIGA DE ESTRUTURA CONVENCIONAL DE CONCRETO ARMADO UTILIZANDO AÇO CA-50 DE 12,5 MM - MONTAGEM. AF_06/2022 | E42: KG | F42: 214.4 | G42: 9.08 | H42: =TRUNC(G42+(G42*$I$4),2) -> 11.3 | I42: =TRUNC(H42*F42,2) -> 2422.72 | J42: =I42/$I$449 -> 0.0011662337 | L42: =TRUNC(G42*$I$4,2) -> 2.22 | M42: =F42*L42 -> 475.968 | N42: =F42*G42 -> 1946.752 | O42: =TRUNC(N42+M42,2) -> 2422.72 | P42: =I42-O42 -> 0
A43: 3.1.4 | B43: 92764 | C43: SINAPI | D43: ARMAÇÃO DE PILAR OU VIGA DE ESTRUTURA CONVENCIONAL DE CONCRETO ARMADO UTILIZANDO AÇO CA-50 DE 16,0 MM - MONTAGEM. AF_06/2022 | E43: KG | F43: 145 | G43: 8.78 | H43: =TRUNC(G43+(G43*$I$4),2) -> 10.93 | I43: =TRUNC(H43*F43,2) -> 1584.85 | J43: =I43/$I$449 -> 0.00076290512 | L43: =TRUNC(G43*$I$4,2) -> 2.15 | M43: =F43*L43 -> 311.75 | N43: =F43*G43 -> 1273.1 | O43: =TRUNC(N43+M43,2) -> 1584.85 | P43: =I43-O43 -> 0
A44: 3.1.5 | B44: 92759 | C44: SINAPI | D44: ARMAÇÃO DE PILAR OU VIGA DE ESTRUTURA CONVENCIONAL DE CONCRETO ARMADO UTILIZANDO AÇO CA-60 DE 5,0 MM - MONTAGEM. AF_06/2022 | E44: KG | F44: 403.7 | G44: 13.99 | H44: =TRUNC(G44+(G44*$I$4),2) -> 17.42 | I44: =TRUNC(H44*F44,2) -> 7032.45 | J44: =I44/$I$449 -> 0.0033852365 | L44: =TRUNC(G44*$I$4,2) -> 3.43 | M44: =F44*L44 -> 1384.691 | N44: =F44*G44 -> 5647.763 | O44: =TRUNC(N44+M44,2) -> 7032.45 | P44: =I44-O44 -> 0
A45: 3.1.6 | B45: CPU2284 | C45: Próprio | D45: CONCRETAGEM DE PILARES, FCK = 30 MPA, COM USO DE BOMBA - LANÇAMENTO, ADENSAMENTO E ACABAMENTO. AF_02/2022_PS | E45: M³ | F45: 18.6 | G45: =COMPOSIÇÃO!L17 -> 737.56 | H45: =TRUNC(G45+(G45*$I$4),2) -> 918.4 | I45: =TRUNC(H45*F45,2) -> 17082.24 | J45: =I45/$I$449 -> 0.0082229412 | L45: =TRUNC(G45*$I$4,2) -> 180.84 | M45: =F45*L45 -> 3363.624 | N45: =F45*G45 -> 13718.616 | O45: =TRUNC(N45+M45,2) -> 17082.24 | P45: =I45-O45 -> 0
A46: 3.1.7 | B46: 000128 | C46: SBC | D46: CONTROLE TECNOLOGICO DE CONCRETOS | E46: M³ | F46: 18.6 | G46: 92.3 | H46: =TRUNC(G46+(G46*$I$4),2) -> 114.93 | I46: =TRUNC(H46*F46,2) -> 2137.69 | J46: =I46/$I$449 -> 0.0010290278 | L46: =TRUNC(G46*$I$4,2) -> 22.63 | M46: =F46*L46 -> 420.918 | N46: =F46*G46 -> 1716.78 | O46: =TRUNC(N46+M46,2) -> 2137.69 | P46: =I46-O46 -> 0
A47: 3.2 | D47: VIGAS | L47: =TRUNC(G47*$I$4,2) -> 0 | M47: =F47*L47 -> 0 | N47: =F47*G47 -> 0 | O47: =TRUNC(N47+M47,2) -> 0 | P47: =I47-O47 -> 0
A48: 3.2.1 | B48: 92460 | C48: SINAPI | D48: MONTAGEM E DESMONTAGEM DE FÔRMA DE VIGA, ESCORAMENTO METÁLICO, PÉ-DIREITO SIMPLES, EM CHAPA DE MADEIRA RESINADA, 6 UTILIZAÇÕES. AF_09/2020 | E48: M² | F48: 292 | G48: 124.5 | H48: =TRUNC(G48+(G48*$I$4),2) -> 155.02 | I48: =TRUNC(H48*F48,2) -> 45265.84 | J48: =I48/$I$449 -> 0.021789785 | L48: =TRUNC(G48*$I$4,2) -> 30.52 | M48: =F48*L48 -> 8911.84 | N48: =F48*G48 -> 36354 | O48: =TRUNC(N48+M48,2) -> 45265.84 | P48: =I48-O48 -> 0
A49: 3.2.2 | B49: 92760 | C49: SINAPI | D49: ARMAÇÃO DE PILAR OU VIGA DE ESTRUTURA CONVENCIONAL DE CONCRETO ARMADO UTILIZANDO AÇO CA-50 DE 6,3 MM - MONTAGEM. AF_06/2022 | E49: KG | F49: 403.8 | G49: 13.09 | H49: =TRUNC(G49+(G49*$I$4),2) -> 16.29 | I49: =TRUNC(H49*F49,2) -> 6577.9 | J49: =I49/$I$449 -> 0.0031664281 | L49: =TRUNC(G49*$I$4,2) -> 3.2 | M49: =F49*L49 -> 1292.16 | N49: =F49*G49 -> 5285.742 | O49: =TRUNC(N49+M49,2) -> 6577.9 | P49: =I49-O49 -> 0
A50: 3.2.3 | B50: 92761 | C50: SINAPI | D50: ARMAÇÃO DE PILAR OU VIGA DE ESTRUTURA CONVENCIONAL DE CONCRETO ARMADO UTILIZANDO AÇO CA-50 DE 8,0 MM - MONTAGEM. AF_06/2022 | E50: KG | F50: 143.5 | G50: 12.2 | H50: =TRUNC(G50+(G50*$I$4),2) -> 15.19 | I50: =TRUNC(H50*F50,2) -> 2179.76 | J50: =I50/$I$449 -> 0.0010492792 | L50: =TRUNC(G50*$I$4,2) -> 2.99 | M50: =F50*L50 -> 429.065 | N50: =F50*G50 -> 1750.7 | O50: =TRUNC(N50+M50,2) -> 2179.76 | P50: =I50-O50 -> 0
A51: 3.2.4 | B51: 92762 | C51: SINAPI | D51: ARMAÇÃO DE PILAR OU VIGA DE ESTRUTURA CONVENCIONAL DE CONCRETO ARMADO UTILIZANDO AÇO CA-50 DE 10,0 MM - MONTAGEM. AF_06/2022 | E51: KG | F51: 541.9 | G51: 10.85 | H51: =TRUNC(G51+(G51*$I$4),2) -> 13.51 | I51: =TRUNC(H51*F51,2) -> 7321.06 | J51: =I51/$I$449 -> 0.0035241658 | L51: =TRUNC(G51*$I$4,2) -> 2.66 | M51: =F51*L51 -> 1441.454 | N51: =F51*G51 -> 5879.615 | O51: =TRUNC(N51+M51,2) -> 7321.06 | P51: =I51-O51 -> 0
A52: 3.2.5 | B52: 92763 | C52: SINAPI | D52: ARMAÇÃO DE PILAR OU VIGA DE ESTRUTURA CONVENCIONAL DE CONCRETO ARMADO UTILIZANDO AÇO CA-50 DE 12,5 MM - MONTAGEM. AF_06/2022 | E52: KG | F52: 525.5 | G52: 9.08 | H52: =TRUNC(G52+(G52*$I$4),2) -> 11.3 | I52: =TRUNC(H52*F52,2) -> 5938.15 | J52: =I52/$I$449 -> 0.0028584693 | L52: =TRUNC(G52*$I$4,2) -> 2.22 | M52: =F52*L52 -> 1166.61 | N52: =F52*G52 -> 4771.54 | O52: =TRUNC(N52+M52,2) -> 5938.15 | P52: =I52-O52 -> 0
A53: 3.2.6 | B53: 92764 | C53: SINAPI | D53: ARMAÇÃO DE PILAR OU VIGA DE ESTRUTURA CONVENCIONAL DE CONCRETO ARMADO UTILIZANDO AÇO CA-50 DE 16,0 MM - MONTAGEM. AF_06/2022 | E53: KG | F53: 360.3 | G53: 8.78 | H53: =TRUNC(G53+(G53*$I$4),2) -> 10.93 | I53: =TRUNC(H53*F53,2) -> 3938.07 | J53: =I53/$I$449 -> 0.0018956834 | L53: =TRUNC(G53*$I$4,2) -> 2.15 | M53: =F53*L53 -> 774.645 | N53: =F53*G53 -> 3163.434 | O53: =TRUNC(N53+M53,2) -> 3938.07 | P53: =I53-O53 -> 0
A54: 3.2.7 | B54: 92759 | C54: SINAPI | D54: ARMAÇÃO DE PILAR OU VIGA DE ESTRUTURA CONVENCIONAL DE CONCRETO ARMADO UTILIZANDO AÇO CA-60 DE 5,0 MM - MONTAGEM. AF_06/2022 | E54: KG | F54: 432.2 | G54: 13.99 | H54: =TRUNC(G54+(G54*$I$4),2) -> 17.42 | I54: =TRUNC(H54*F54,2) -> 7528.92 | J54: =I54/$I$449 -> 0.0036242241 | L54: =TRUNC(G54*$I$4,2) -> 3.43 | M54: =F54*L54 -> 1482.446 | N54: =F54*G54 -> 6046.478 | O54: =TRUNC(N54+M54,2) -> 7528.92 | P54: =I54-O54 -> 0
A55: 3.2.8 | B55: CPU2283 | C55: Próprio | D55: CONCRETAGEM DE VIGAS E LAJES, FCK=30 MPA, PARA LAJES MACIÇAS OU NERVURADAS COM USO DE BOMBA - LANÇAMENTO, ADENSAMENTO E ACABAMENTO. | E55: M³ | F55: 30.1 | G55: =COMPOSIÇÃO!L28 -> 738.96 | H55: =TRUNC(G55+(G55*$I$4),2) -> 920.14 | I55: =TRUNC(H55*F55,2) -> 27696.21 | J55: =I55/$I$449 -> 0.013332227 | L55: =TRUNC(G55*$I$4,2) -> 181.18 | M55: =F55*L55 -> 5453.518 | N55: =F55*G55 -> 22242.696 | O55: =TRUNC(N55+M55,2) -> 27696.21 | P55: =I55-O55 -> 0
A56: 3.2.9 | B56: 000128 | C56: SBC | D56: CONTROLE TECNOLOGICO DE CONCRETOS | E56: M³ | F56: 30.1 | G56: 92.3 | H56: =TRUNC(G56+(G56*$I$4),2) -> 114.93 | I56: =TRUNC(H56*F56,2) -> 3459.39 | J56: =I56/$I$449 -> 0.0016652594 | L56: =TRUNC(G56*$I$4,2) -> 22.63 | M56: =F56*L56 -> 681.163 | N56: =F56*G56 -> 2778.23 | O56: =TRUNC(N56+M56,2) -> 3459.39 | P56: =I56-O56 -> 0
A57: 3.3 | D57: LAJES | L57: =TRUNC(G57*$I$4,2) -> 0 | M57: =F57*L57 -> 0 | N57: =F57*G57 -> 0 | O57: =TRUNC(N57+M57,2) -> 0 | P57: =I57-O57 -> 0
A58: 3.3.1 | B58: 92515 | C58: SINAPI | D58: MONTAGEM E DESMONTAGEM DE FÔRMA DE LAJE MACIÇA, PÉ-DIREITO DUPLO, EM CHAPA DE MADEIRA COMPENSADA RESINADA, 6 UTILIZAÇÕES. AF_09/2020 | E58: M² | F58: 56.6 | G58: 78.64 | H58: =TRUNC(G58+(G58*$I$4),2) -> 97.92 | I58: =TRUNC(H58*F58,2) -> 5542.27 | J58: =I58/$I$449 -> 0.0026679031 | L58: =TRUNC(G58*$I$4,2) -> 19.28 | M58: =F58*L58 -> 1091.248 | N58: =F58*G58 -> 4451.024 | O58: =TRUNC(N58+M58,2) -> 5542.27 | P58: =I58-O58 -> 0
A59: 3.3.2 | B59: 92768 | C59: SINAPI | D59: ARMAÇÃO DE LAJE DE ESTRUTURA CONVENCIONAL DE CONCRETO ARMADO UTILIZANDO AÇO CA-60 DE 5,0 MM - MONTAGEM. AF_06/2022 | E59: KG | F59: 395.6 | G59: 13.44 | H59: =TRUNC(G59+(G59*$I$4),2) -> 16.73 | I59: =TRUNC(H59*F59,2) -> 6618.38 | J59: =I59/$I$449 -> 0.0031859141 | L59: =TRUNC(G59*$I$4,2) -> 3.29 | M59: =F59*L59 -> 1301.524 | N59: =F59*G59 -> 5316.864 | O59: =TRUNC(N59+M59,2) -> 6618.38 | P59: =I59-O59 -> 0
A60: 3.3.3 | B60: 92769 | C60: SINAPI | D60: ARMAÇÃO DE LAJE DE ESTRUTURA CONVENCIONAL DE CONCRETO ARMADO UTILIZANDO AÇO CA-50 DE 6,3 MM - MONTAGEM. AF_06/2022 | E60: KG | F60: 213.2 | G60: 12.55 | H60: =TRUNC(G60+(G60*$I$4),2) -> 15.62 | I60: =TRUNC(H60*F60,2) -> 3330.18 | J60: =I60/$I$449 -> 0.0016030611 | L60: =TRUNC(G60*$I$4,2) -> 3.07 | M60: =F60*L60 -> 654.524 | N60: =F60*G60 -> 2675.66 | O60: =TRUNC(N60+M60,2) -> 3330.18 | P60: =I60-O60 -> 0
A61: 3.3.4 | B61: 92770 | C61: SINAPI | D61: ARMAÇÃO DE LAJE DE ESTRUTURA CONVENCIONAL DE CONCRETO ARMADO UTILIZANDO AÇO CA-50 DE 8,0 MM - MONTAGEM. AF_06/2022 | E61: KG | F61: 202.8 | G61: 11.69 | H61: =TRUNC(G61+(G61*$I$4),2) -> 14.55 | I61: =TRUNC(H61*F61,2) -> 2950.74 | J61: =I61/$I$449 -> 0.0014204087 | L61: =TRUNC(G61*$I$4,2) -> 2.86 | M61: =F61*L61 -> 580.008 | N61: =F61*G61 -> 2370.732 | O61: =TRUNC(N61+M61,2) -> 2950.74 | P61: =I61-O61 -> 0
A62: 3.3.5 | B62: 92771 | C62: SINAPI | D62: ARMAÇÃO DE LAJE DE ESTRUTURA CONVENCIONAL DE CONCRETO ARMADO UTILIZANDO AÇO CA-50 DE 10,0 MM - MONTAGEM. AF_06/2022 | E62: KG | F62: 12.3 | G62: 10.38 | H62: =TRUNC(G62+(G62*$I$4),2) -> 12.92 | I62: =TRUNC(H62*F62,2) -> 158.91 | J62: =I62/$I$449 -> 7.6495096e-05 | L62: =TRUNC(G62*$I$4,2) -> 2.54 | M62: =F62*L62 -> 31.242 | N62: =F62*G62 -> 127.674 | O62: =TRUNC(N62+M62,2) -> 158.91 | P62: =I62-O62 -> 0
A63: 3.3.6 | B63: CPU2283 | C63: Próprio | D63: CONCRETAGEM DE VIGAS E LAJES, FCK=30 MPA, PARA LAJES MACIÇAS OU NERVURADAS COM USO DE BOMBA - LANÇAMENTO, ADENSAMENTO E ACABAMENTO. | E63: M³ | F63: 32.8 | G63: =COMPOSIÇÃO!L28 -> 738.96 | H63: =TRUNC(G63+(G63*$I$4),2) -> 920.14 | I63: =TRUNC(H63*F63,2) -> 30180.59 | J63: =I63/$I$449 -> 0.014528142 | L63: =TRUNC(G63*$I$4,2) -> 181.18 | M63: =F63*L63 -> 5942.704 | N63: =F63*G63 -> 24237.888 | O63: =TRUNC(N63+M63,2) -> 30180.59 | P63: =I63-O63 -> 0
A64: 3.3.7 | B64: 000128 | C64: SBC | D64: CONTROLE TECNOLOGICO DE CONCRETOS | E64: M³ | F64: 32.8 | G64: 92.3 | H64: =TRUNC(G64+(G64*$I$4),2) -> 114.93 | I64: =TRUNC(H64*F64,2) -> 3769.7 | J64: =I64/$I$449 -> 0.0018146345 | L64: =TRUNC(G64*$I$4,2) -> 22.63 | M64: =F64*L64 -> 742.264 | N64: =F64*G64 -> 3027.44 | O64: =TRUNC(N64+M64,2) -> 3769.7 | P64: =I64-O64 -> 0
A65: 3.3.8 | B65: CPU2101 | C65: Próprio | D65: LAJE PRÉ-FABRICADA UNIDIRECIONAL EM VIGA TRELIÇADA/LAJOTA EM EPS LT 12 (8 + 4), EXCETO CAPA DE CONCRETO | E65: M² | F65: 93.94 | G65: =COMPOSIÇÃO!L36 -> 94.88 | H65: =TRUNC(G65+(G65*$I$4),2) -> 118.14 | I65: =TRUNC(H65*F65,2) -> 11098.07 | J65: =I65/$I$449 -> 0.0053423191 | L65: =TRUNC(G65*$I$4,2) -> 23.26 | M65: =F65*L65 -> 2185.0444 | N65: =F65*G65 -> 8913.0272 | O65: =TRUNC(N65+M65,2) -> 11098.07 | P65: =I65-O65 -> 0
A66: 3.3.9 | B66: CPU2100 | C66: Próprio | D66: LAJE PRÉ-FABRICADA UNIDIRECIONAL EM VIGA TRELIÇADA/LAJOTA EM EPS LT 16 (12 + 4), EXCETO CAPA DE CONCRETO | E66: M² | F66: 358.88 | G66: =COMPOSIÇÃO!L44 -> 112.45 | H66: =TRUNC(G66+(G66*$I$4),2) -> 140.02 | I66: =TRUNC(H66*F66,2) -> 50250.37 | J66: =I66/$I$449 -> 0.024189207 | L66: =TRUNC(G66*$I$4,2) -> 27.57 | M66: =F66*L66 -> 9894.3216 | N66: =F66*G66 -> 40356.056 | O66: =TRUNC(N66+M66,2) -> 50250.37 | P66: =I66-O66 -> 0
A67: 3.3.10 | B67: CPU2102 | C67: Próprio | D67: LAJE PRÉ-FABRICADA UNIDIRECIONAL EM VIGA TRELIÇADA/LAJOTA EM EPS LT 20 (16 + 4), EXCETO CAPA DE CONCRETO | E67: M² | F67: 28.18 | G67: =COMPOSIÇÃO!L52 -> 31.7 | H67: =TRUNC(G67+(G67*$I$4),2) -> 39.47 | I67: =TRUNC(H67*F67,2) -> 1112.26 | J67: =I67/$I$449 -> 0.00053541272 | L67: =TRUNC(G67*$I$4,2) -> 7.77 | M67: =F67*L67 -> 218.9586 | N67: =F67*G67 -> 893.306 | O67: =TRUNC(N67+M67,2) -> 1112.26 | P67: =I67-O67 -> 0
A68: 4 | D68: ALVENARIA, VEDAÇÕES E DIVISÓRIAS | I68: =SUM(I70:I82) -> 183822.02 | J68: =I68/$I$449 -> 0.088487087 | L68: =TRUNC(G68*$I$4,2) -> 0 | M68: =F68*L68 -> 0 | N68: =F68*G68 -> 0 | O68: =TRUNC(N68+M68,2) -> 0 | P68: =I68-O68 -> 183822.02
A69: 4.1 | D69: ALVENARIA DE VEDAÇÃO | L69: =TRUNC(G69*$I$4,2) -> 0 | M69: =F69*L69 -> 0 | N69: =F69*G69 -> 0 | O69: =TRUNC(N69+M69,2) -> 0 | P69: =I69-O69 -> 0
A70: 4.1.1 | B70: 103322 | C70: SINAPI | D70: ALVENARIA DE VEDAÇÃO DE BLOCOS CERÂMICOS FURADOS NA VERTICAL DE 9X19X39 CM (ESPESSURA 9 CM) E ARGAMASSA DE ASSENTAMENTO COM PREPARO EM BETONEIRA. AF_12/2021 | E70: M² | F70: 12.85 | G70: 57.52 | H70: =TRUNC(G70+(G70*$I$4),2) -> 71.62 | I70: =TRUNC(H70*F70,2) -> 920.31 | J70: =I70/$I$449 -> 0.00044301304 | L70: =TRUNC(G70*$I$4,2) -> 14.1 | M70: =F70*L70 -> 181.185 | N70: =F70*G70 -> 739.132 | O70: =TRUNC(N70+M70,2) -> 920.31 | P70: =I70-O70 -> 0
A71: 4.1.2 | B71: 103324 | C71: SINAPI | D71: ALVENARIA DE VEDAÇÃO DE BLOCOS CERÂMICOS FURADOS NA VERTICAL DE 14X19X39 CM (ESPESSURA 14 CM) E ARGAMASSA DE ASSENTAMENTO COM PREPARO EM BETONEIRA. AF_12/2021 | E71: M² | F71: 713.84 | G71: 76.96 | H71: =TRUNC(G71+(G71*$I$4),2) -> 95.82 | I71: =TRUNC(H71*F71,2) -> 68400.14 | J71: =I71/$I$449 -> 0.032926029 | L71: =TRUNC(G71*$I$4,2) -> 18.86 | M71: =F71*L71 -> 13463.022 | N71: =F71*G71 -> 54937.126 | O71: =TRUNC(N71+M71,2) -> 68400.14 | P71: =I71-O71 -> 0
A72: 4.1.3 | B72: 10783 | C72: ORSE | D72: COBOGO DE CIMENTO (ELEMENTO VAZADO, CIRCULAR), 30 X 30 X 5CM, ASSENTADO COM ARGAMASSA DE CIMENTO E AREIA | E72: M² | F72: 120.962 | G72: 205.4 | H72: =TRUNC(G72+(G72*$I$4),2) -> 255.76 | I72: =TRUNC(H72*F72,2) -> 30937.24 | J72: =I72/$I$449 -> 0.014892374 | L72: =TRUNC(G72*$I$4,2) -> 50.36 | M72: =F72*L72 -> 6091.6463 | N72: =F72*G72 -> 24845.595 | O72: =TRUNC(N72+M72,2) -> 30937.24 | P72: =I72-O72 -> 0
A73: 4.1.4 | B73: 93191 | C73: SINAPI | D73: VERGA MOLDADA IN LOCO COM UTILIZAÇÃO DE BLOCOS CANALETA, ESPESSURA DE *20* CM. AF_03/2024 | E73: M | F73: 103.5 | G73: 72.23 | H73: =TRUNC(G73+(G73*$I$4),2) -> 89.93 | I73: =TRUNC(H73*F73,2) -> 9307.75 | J73: =I73/$I$449 -> 0.0044805061 | L73: =TRUNC(G73*$I$4,2) -> 17.7 | M73: =F73*L73 -> 1831.95 | N73: =F73*G73 -> 7475.805 | O73: =TRUNC(N73+M73,2) -> 9307.75 | P73: =I73-O73 -> 0
A74: 4.1.5 | B74: 93199 | C74: SINAPI | D74: CONTRAVERGA MOLDADA IN LOCO COM UTILIZAÇÃO DE BLOCOS CANALETA, ESPESSURA DE *20* CM. AF_03/2024 | E74: M | F74: 69.2 | G74: 50.69 | H74: =TRUNC(G74+(G74*$I$4),2) -> 63.11 | I74: =TRUNC(H74*F74,2) -> 4367.21 | J74: =I74/$I$449 -> 0.0021022601 | L74: =TRUNC(G74*$I$4,2) -> 12.42 | M74: =F74*L74 -> 859.464 | N74: =F74*G74 -> 3507.748 | O74: =TRUNC(N74+M74,2) -> 4367.21 | P74: =I74-O74 -> 0
A75: 4.1.6 | B75: 93200 | C75: SINAPI | D75: FIXAÇÃO (ENCUNHAMENTO) DE ALVENARIA DE VEDAÇÃO COM ARGAMASSA APLICADA COM BISNAGA. AF_03/2024 | E75: M | F75: 389.71 | G75: 11.82 | H75: =TRUNC(G75+(G75*$I$4),2) -> 14.71 | I75: =TRUNC(H75*F75,2) -> 5732.63 | J75: =I75/$I$449 -> 0.0027595374 | L75: =TRUNC(G75*$I$4,2) -> 2.89 | M75: =F75*L75 -> 1126.2619 | N75: =F75*G75 -> 4606.3722 | O75: =TRUNC(N75+M75,2) -> 5732.63 | P75: =I75-O75 -> 0
A76: 4.2 | D76: DRYWALL | L76: =TRUNC(G76*$I$4,2) -> 0 | M76: =F76*L76 -> 0 | N76: =F76*G76 -> 0 | O76: =TRUNC(N76+M76,2) -> 0 | P76: =I76-O76 -> 0
A77: 4.2.1 | B77: 96359 | C77: SINAPI | D77: PAREDE COM SISTEMA EM CHAPAS DE GESSO PARA DRYWALL, USO INTERNO, COM DUAS FACES SIMPLES E ESTRUTURA METÁLICA COM GUIAS SIMPLES PARA PAREDES COM ÁREA LÍQUIDA MAIOR OU IGUAL A 6 M2, COM VÃOS. AF_07/2023_PS | E77: M² | F77: 36.94 | G77: 103.58 | H77: =TRUNC(G77+(G77*$I$4),2) -> 128.97 | I77: =TRUNC(H77*F77,2) -> 4764.15 | J77: =I77/$I$449 -> 0.0022933365 | L77: =TRUNC(G77*$I$4,2) -> 25.39 | M77: =F77*L77 -> 937.9066 | N77: =F77*G77 -> 3826.2452 | O77: =TRUNC(N77+M77,2) -> 4764.15 | P77: =I77-O77 -> 0
A78: 4.2.2 | B78: CPU1942 | C78: Próprio | D78: PAREDE COM SISTEMA EM CHAPAS DE GESSO RU PARA DRYWALL, USO INTERNO, COM DUAS FACES SIMPLES E ESTRUTURA METÁLICA COM GUIAS SIMPLES PARA PAREDES COM ÁREA LÍQUIDA MAIOR OU IGUAL A 6 M2, COM VÃOS. AF_07/2023_PS | E78: M² | F78: 180.09 | G78: =COMPOSIÇÃO!L68 -> 117.78 | H78: =TRUNC(G78+(G78*$I$4),2) -> 146.65 | I78: =TRUNC(H78*F78,2) -> 26410.19 | J78: =I78/$I$449 -> 0.012713171 | L78: =TRUNC(G78*$I$4,2) -> 28.87 | M78: =F78*L78 -> 5199.1983 | N78: =F78*G78 -> 21211 | O78: =TRUNC(N78+M78,2) -> 26410.19 | P78: =I78-O78 -> 0
A79: 4.2.3 | B79: CPU2285 | C79: Próprio | D79: PAREDE COM SISTEMA EM CHAPAS DE GESSO ST PARA DRYWALL COM ISOLAMENTO ACUSTICO, USO INTERNO, COM DUAS FACES SIMPLES E ESTRUTURA METÁLICA COM GUIAS SIMPLES PARA PAREDES COM ÁREA LÍQUIDA MAIOR OU IGUAL A 6 M2, COM VÃOS. | E79: M² | F79: 84.45 | G79: =COMPOSIÇÃO!L85 -> 169.5 | H79: =TRUNC(G79+(G79*$I$4),2) -> 211.05 | I79: =TRUNC(H79*F79,2) -> 17823.17 | J79: =I79/$I$449 -> 0.0085796054 | L79: =TRUNC(G79*$I$4,2) -> 41.55 | M79: =F79*L79 -> 3508.8975 | N79: =F79*G79 -> 14314.275 | O79: =TRUNC(N79+M79,2) -> 17823.17 | P79: =I79-O79 -> 0
A80: 4.2.4 | B80: CPU2286 | C80: Próprio | D80: PAREDE COM SISTEMA EM CHAPAS DE GESSO RU PARA DRYWALL COM ISOLAMENTO ACUSTICO, USO INTERNO, COM DUAS FACES SIMPLES E ESTRUTURA METÁLICA COM GUIAS SIMPLES PARA PAREDES COM ÁREA LÍQUIDA MAIOR OU IGUAL A 6 M2, COM VÃOS. | E80: M² | F80: 66.04 | G80: =COMPOSIÇÃO!L102 -> 183.63 | H80: =TRUNC(G80+(G80*$I$4),2) -> 228.65 | I80: =TRUNC(H80*F80,2) -> 15100.04 | J80: =I80/$I$449 -> 0.0072687622 | L80: =TRUNC(G80*$I$4,2) -> 45.02 | M80: =F80*L80 -> 2973.1208 | N80: =F80*G80 -> 12126.925 | O80: =TRUNC(N80+M80,2) -> 15100.04 | P80: =I80-O80 -> 0
A81: 4.3 | D81: DIVISÓRIAS | L81: =TRUNC(G81*$I$4,2) -> 0 | M81: =F81*L81 -> 0 | N81: =F81*G81 -> 0 | O81: =TRUNC(N81+M81,2) -> 0 | P81: =I81-O81 -> 0
A82: 4.3.1 | B82: 102257 | C82: SINAPI | D82: DIVISORIA SANITÁRIA, TIPO CABINE, EM PAINEL DE GRANILITE, ESP = 3CM, ASSENTADO COM ARGAMASSA COLANTE AC III-E, EXCLUSIVE FERRAGENS. AF_01/2021 | E82: M² | F82: 0.15 | G82: 316.95 | H82: =TRUNC(G82+(G82*$I$4),2) -> 394.66 | I82: =TRUNC(H82*F82,2) -> 59.19 | J82: =I82/$I$449 -> 2.849251e-05 | L82: =TRUNC(G82*$I$4,2) -> 77.71 | M82: =F82*L82 -> 11.6565 | N82: =F82*G82 -> 47.5425 | O82: =TRUNC(N82+M82,2) -> 59.19 | P82: =I82-O82 -> 0
A83: 5 | D83: COBERTURA | I83: =SUM(I84:I92) -> 109391.12 | J83: =I83/$I$449 -> 0.052658009 | L83: =TRUNC(G83*$I$4,2) -> 0 | M83: =F83*L83 -> 0 | N83: =F83*G83 -> 0 | O83: =TRUNC(N83+M83,2) -> 0 | P83: =I83-O83 -> 109391.12
A84: 5.1 | D84: ESTRUTURA | L84: =TRUNC(G84*$I$4,2) -> 0 | M84: =F84*L84 -> 0 | N84: =F84*G84 -> 0 | O84: =TRUNC(N84+M84,2) -> 0 | P84: =I84-O84 -> 0
A85: 5.1.1 | B85: ED-20603 | C85: SETOP | D85: FORNECIMENTO DE ESTRUTURA METÁLICA E ENGRADAMENTO METÁLICO, EM AÇO, PARA TELHADO, EXCLUSIVE TELHA, INCLUSIVE FABRICAÇÃO, TRANSPORTE, MONTAGEM E APLICAÇÃO DE FUNDO PREPARADOR ANTICORROSIVO EM SUPERFÍCIE METÁLICA, UMA (1) DEMÃO | E85: KG | F85: =F87*4.5 -> 1617.345 | G85: 20.09 | H85: =TRUNC(G85+(G85*$I$4),2) -> 25.01 | I85: =TRUNC(H85*F85,2) -> 40449.79 | J85: =I85/$I$449 -> 0.019471465 | L85: =TRUNC(G85*$I$4,2) -> 4.92 | M85: =F85*L85 -> 7957.3374 | N85: =F85*G85 -> 32492.461 | O85: =TRUNC(N85+M85,2) -> 40449.79 | P85: =I85-O85 -> 0
A86: 5.2 | D86: TELHAMENTO | L86: =TRUNC(G86*$I$4,2) -> 0 | M86: =F86*L86 -> 0 | N86: =F86*G86 -> 0 | O86: =TRUNC(N86+M86,2) -> 0 | P86: =I86-O86 -> 0
A87: 5.2.1 | B87: ED-48428 | C87: SETOP | D87: COBERTURA EM TELHA METÁLICA GALVANIZADA TRAPEZOIDAL, TIPO SIMPLES, ESP. 0,50MM, ACABAMENTO NATURAL, INCLUSIVE ACESSÓRIOS PARA FIXAÇÃO, FORNECIMENTO E INSTALAÇÃO | E87: M² | F87: 359.41 | G87: 92.03 | H87: =TRUNC(G87+(G87*$I$4),2) -> 114.59 | I87: =TRUNC(H87*F87,2) -> 41184.79 | J87: =I87/$I$449 -> 0.019825275 | L87: =TRUNC(G87*$I$4,2) -> 22.56 | M87: =F87*L87 -> 8108.2896 | N87: =F87*G87 -> 33076.502 | O87: =TRUNC(N87+M87,2) -> 41184.79 | P87: =I87-O87 -> 0
A88: 5.2.2 | B88: 100113 | C88: SBC | D88: COBERTURA EM CHAPA POLICARBONATO ALVEOLAR 10MM | E88: M² | F88: 31.6 | G88: 95.82 | H88: =TRUNC(G88+(G88*$I$4),2) -> 119.31 | I88: =TRUNC(H88*F88,2) -> 3770.19 | J88: =I88/$I$449 -> 0.0018148703 | L88: =TRUNC(G88*$I$4,2) -> 23.49 | M88: =F88*L88 -> 742.284 | N88: =F88*G88 -> 3027.912 | O88: =TRUNC(N88+M88,2) -> 3770.19 | P88: =I88-O88 -> 0
A89: 5.3 | D89: COMPLEMENTOS | L89: =TRUNC(G89*$I$4,2) -> 0 | M89: =F89*L89 -> 0 | N89: =F89*G89 -> 0 | O89: =TRUNC(N89+M89,2) -> 0 | P89: =I89-O89 -> 0
A90: 5.3.1 | B90: 94229 | C90: SINAPI | D90: CALHA EM CHAPA DE AÇO GALVANIZADO NÚMERO 24, DESENVOLVIMENTO DE 100 CM, INCLUSO TRANSPORTE VERTICAL. AF_07/2019 | E90: M | F90: 76 | G90: 192.54 | H90: =TRUNC(G90+(G90*$I$4),2) -> 239.74 | I90: =TRUNC(H90*F90,2) -> 18220.24 | J90: =I90/$I$449 -> 0.0087707445 | L90: =TRUNC(G90*$I$4,2) -> 47.2 | M90: =F90*L90 -> 3587.2 | N90: =F90*G90 -> 14633.04 | O90: =TRUNC(N90+M90,2) -> 18220.24 | P90: =I90-O90 -> 0
A91: 5.3.2 | B91: 94231 | C91: SINAPI | D91: RUFO EM CHAPA DE AÇO GALVANIZADO NÚMERO 24, CORTE DE 25 CM, INCLUSO TRANSPORTE VERTICAL. AF_07/2019 | E91: M | F91: 49.85 | G91: 57.38 | H91: =TRUNC(G91+(G91*$I$4),2) -> 71.44 | I91: =TRUNC(H91*F91,2) -> 3561.28 | J91: =I91/$I$449 -> 0.0017143066 | L91: =TRUNC(G91*$I$4,2) -> 14.06 | M91: =F91*L91 -> 700.891 | N91: =F91*G91 -> 2860.393 | O91: =TRUNC(N91+M91,2) -> 3561.28 | P91: =I91-O91 -> 0
A92: 5.3.3 | B92: ED-48402 | C92: SETOP | D92: CUMEEIRA GALVANIZADA TRAPEZOIDAL, TIPO SIMPLES, ESP. 0, 50MM, ACABAMENTO NATURAL, INCLUSIVE ACESSÓRIOS PARA FIXAÇÃO, FORNECIMENTO E INSTALAÇÃO | E92: M | F92: 24.55 | G92: 72.13 | H92: =TRUNC(G92+(G92*$I$4),2) -> 89.81 | I92: =TRUNC(H92*F92,2) -> 2204.83 | J92: =I92/$I$449 -> 0.0010613472 | L92: =TRUNC(G92*$I$4,2) -> 17.68 | M92: =F92*L92 -> 434.044 | N92: =F92*G92 -> 1770.7915 | O92: =TRUNC(N92+M92,2) -> 2204.83 | P92: =I92-O92 -> 0
A93: 6 | D93: IMPERMEABILIZAÇÃO | I93: =SUM(I94:I95) -> 13686.68 | J93: =I93/$I$449 -> 0.0065884079 | L93: =TRUNC(G93*$I$4,2) -> 0 | M93: =F93*L93 -> 0 | N93: =F93*G93 -> 0 | O93: =TRUNC(N93+M93,2) -> 0 | P93: =I93-O93 -> 13686.68
A94: 6.1 | B94: 98556 | C94: SINAPI | D94: IMPERMEABILIZAÇÃO DE SUPERFÍCIE COM ARGAMASSA POLIMÉRICA / MEMBRANA ACRÍLICA, 4 DEMÃOS, REFORÇADA COM VÉU DE POLIÉSTER (MAV). AF_09/2023 | E94: M² | F94: 155.67 | G94: 56.17 | H94: =TRUNC(G94+(G94*$I$4),2) -> 69.94 | I94: =TRUNC(H94*F94,2) -> 10887.55 | J94: =I94/$I$449 -> 0.0052409803 | L94: =TRUNC(G94*$I$4,2) -> 13.77 | M94: =F94*L94 -> 2143.5759 | N94: =F94*G94 -> 8743.9839 | O94: =TRUNC(N94+M94,2) -> 10887.55 | P94: =I94-O94 -> 0
A95: 6.2 | B95: 98555 | C95: SINAPI | D95: IMPERMEABILIZAÇÃO DE SUPERFÍCIE COM ARGAMASSA POLIMÉRICA / MEMBRANA ACRÍLICA, 3 DEMÃOS. AF_09/2023 | E95: M² | F95: 73.18 | G95: 30.72 | H95: =TRUNC(G95+(G95*$I$4),2) -> 38.25 | I95: =TRUNC(H95*F95,2) -> 2799.13 | J95: =I95/$I$449 -> 0.0013474276 | L95: =TRUNC(G95*$I$4,2) -> 7.53 | M95: =F95*L95 -> 551.0454 | N95: =F95*G95 -> 2248.0896 | O95: =TRUNC(N95+M95,2) -> 2799.13 | P95: =I95-O95 -> 0
A96: 7 | D96: ESQUADRIAS | I96: =SUM(I97:I126) -> 217240.59 | J96: =I96/$I$449 -> 0.10457391 | L96: =TRUNC(G96*$I$4,2) -> 0 | M96: =F96*L96 -> 0 | N96: =F96*G96 -> 0 | O96: =TRUNC(N96+M96,2) -> 0 | P96: =I96-O96 -> 217240.59
A97: 7.1 | D97: ESQUADRIAS DE MADEIRA | L97: =TRUNC(G97*$I$4,2) -> 0 | M97: =F97*L97 -> 0 | N97: =F97*G97 -> 0 | O97: =TRUNC(N97+M97,2) -> 0 | P97: =I97-O97 -> 0
A98: 7.1.1 | D98: PORTAS DE MADEIRA | L98: =TRUNC(G98*$I$4,2) -> 0 | M98: =F98*L98 -> 0 | N98: =F98*G98 -> 0 | O98: =TRUNC(N98+M98,2) -> 0 | P98: =I98-O98 -> 0
A99: 7.1.1.1 | B99: 90844 | C99: SINAPI | D99: KIT DE PORTA DE MADEIRA PARA PINTURA, SEMI-OCA (LEVE OU MÉDIA), PADRÃO MÉDIO, 90X210CM, ESPESSURA DE 3,5CM, ITENS INCLUSOS: DOBRADIÇAS, MONTAGEM E INSTALAÇÃO DO BATENTE, FECHADURA COM EXECUÇÃO DO FURO - FORNECIMENTO E INSTALAÇÃO. AF_12/2019 | E99: UN | F99: 12 | G99: 1133.29 | H99: =TRUNC(G99+(G99*$I$4),2) -> 1411.15 | I99: =TRUNC(H99*F99,2) -> 16933.8 | J99: =I99/$I$449 -> 0.0081514861 | L99: =TRUNC(G99*$I$4,2) -> 277.86 | M99: =F99*L99 -> 3334.32 | N99: =F99*G99 -> 13599.48 | O99: =TRUNC(N99+M99,2) -> 16933.8 | P99: =I99-O99 -> 0
A100: 7.1.1.2 | B100: 90843 | C100: SINAPI | D100: KIT DE PORTA DE MADEIRA PARA PINTURA, SEMI-OCA (LEVE OU MÉDIA), PADRÃO MÉDIO, 80X210CM, ESPESSURA DE 3,5CM, ITENS INCLUSOS: DOBRADIÇAS, MONTAGEM E INSTALAÇÃO DO BATENTE, FECHADURA COM EXECUÇÃO DO FURO - FORNECIMENTO E INSTALAÇÃO. AF_12/2019 | E100: UN | F100: 10 | G100: 1057.32 | H100: =TRUNC(G100+(G100*$I$4),2) -> 1316.56 | I100: =TRUNC(H100*F100,2) -> 13165.6 | J100: =I100/$I$449 -> 0.0063375737 | L100: =TRUNC(G100*$I$4,2) -> 259.24 | M100: =F100*L100 -> 2592.4 | N100: =F100*G100 -> 10573.2 | O100: =TRUNC(N100+M100,2) -> 13165.6 | P100: =I100-O100 -> 0
A101: 7.1.1.3 | B101: 110015 | C101: SBC | D101: PORTA COMPLETA MADEIRA 1 FL.1,20X2,10M-INTERNA | E101: UN | F101: 1 | G101: 1231.51 | H101: =TRUNC(G101+(G101*$I$4),2) -> 1533.46 | I101: =TRUNC(H101*F101,2) -> 1533.46 | J101: =I101/$I$449 -> 0.00073816732 | L101: =TRUNC(G101*$I$4,2) -> 301.95 | M101: =F101*L101 -> 301.95 | N101: =F101*G101 -> 1231.51 | O101: =TRUNC(N101+M101,2) -> 1533.46 | P101: =I101-O101 -> 0
A102: 7.1.1.4 | B102: 23.08.242 | C102: CPOS/CDHU | D102: PORTA LISA DE CORRER SUSPENSA EM MADEIRA COM BATENTE | E102: M² | F102: 14.39 | G102: 544.69 | H102: =TRUNC(G102+(G102*$I$4),2) -> 678.24 | I102: =TRUNC(H102*F102,2) -> 9759.87 | J102: =I102/$I$449 -> 0.0046981448 | L102: =TRUNC(G102*$I$4,2) -> 133.55 | M102: =F102*L102 -> 1921.7845 | N102: =F102*G102 -> 7838.0891 | O102: =TRUNC(N102+M102,2) -> 9759.87 | P102: =I102-O102 -> 0
A103: 7.1.1.5 | B103: CPU2425 | C103: Próprio | D103: PORTA DE MADEIRA COM VIDRO, 2 FOLHAS, ABERTURA DE GIRO COM ACABAMENTO EM PINTURA BRANCA | E103: UN | F103: 1 | G103: =COMPOSIÇÃO!L108 -> 2564.58 | H103: =TRUNC(G103+(G103*$I$4),2) -> 3193.38 | I103: =TRUNC(H103*F103,2) -> 3193.38 | J103: =I103/$I$449 -> 0.0015372092 | L103: =TRUNC(G103*$I$4,2) -> 628.8 | M103: =F103*L103 -> 628.8 | N103: =F103*G103 -> 2564.58 | O103: =TRUNC(N103+M103,2) -> 3193.38 | P103: =I103-O103 -> 0
A104: 7.1.1.6 | B104: 110016 | C104: SBC | D104: PORTA COMPLETA MADEIRA 2 FL.1,60X2,10M LISA FER.VAI-E-VEM | E104: UN | F104: 2 | G104: 1616.74 | H104: =TRUNC(G104+(G104*$I$4),2) -> 2013.14 | I104: =TRUNC(H104*F104,2) -> 4026.28 | J104: =I104/$I$449 -> 0.0019381453 | L104: =TRUNC(G104*$I$4,2) -> 396.4 | M104: =F104*L104 -> 792.8 | N104: =F104*G104 -> 3233.48 | O104: =TRUNC(N104+M104,2) -> 4026.28 | P104: =I104-O104 -> 0
A105: 7.2 | D105: ESQUADRIAS DE ALUMÍNIO | L105: =TRUNC(G105*$I$4,2) -> 0 | M105: =F105*L105 -> 0 | N105: =F105*G105 -> 0 | O105: =TRUNC(N105+M105,2) -> 0 | P105: =I105-O105 -> 0
A106: 7.2.1 | D106: PORTAS DE ALUMÍNIO | L106: =TRUNC(G106*$I$4,2) -> 0 | M106: =F106*L106 -> 0 | N106: =F106*G106 -> 0 | O106: =TRUNC(N106+M106,2) -> 0 | P106: =I106-O106 -> 0
...
